Workbook
Name Auxiliar: #REF!
Name Auxiliar: #REF!
Name Auxiliar: #REF!
Name Auxiliar: #REF!
Name Auxiliar: #REF!
Name Auxiliar: #REF!
Name Auxiliar: #REF!
Name Auxiliar: #REF!
Name Auxiliar: #REF!
Name Auxiliar: #REF!
Name Auxiliar: #REF!
Name Auxiliar: #REF!
Name Auxiliar: #REF!
Name Auxiliar: #REF!
Name Auxiliar: #REF!
Name Auxiliar: #REF!
Name Auxiliar: #REF!
Name Auxiliar: #REF!
Name CUSTO_VALE_TRANSPORTE: #REF!
Name CUSTO_VALE_TRANSPORTE: #REF!
Name CUSTO_VALE_TRANSPORTE: #REF!
Name CUSTO_VALE_TRANSPORTE: #REF!
Name CUSTO_VALE_TRANSPORTE: #REF!
Name CUSTO_VALE_TRANSPORTE: #REF!
Name CUSTO_VALE_TRANSPORTE: #REF!
Name CUSTO_VALE_TRANSPORTE: #REF!
Name CUSTO_VALE_TRANSPORTE: #REF!
Name CUSTO_VALE_TRANSPORTE: #REF!
Name CUSTO_VALE_TRANSPORTE: #REF!
Name CUSTO_VALE_TRANSPORTE: #REF!
Name CUSTO_VALE_TRANSPORTE: #REF!
Name CUSTO_VALE_TRANSPORTE: #REF!
Name CUSTO_VALE_TRANSPORTE: #REF!
Name CUSTO_VALE_TRANSPORTE: #REF!
Name CUSTO_VALE_TRANSPORTE: #REF!
Name CUSTO_VALE_TRANSPORTE: #REF!
Name ecwece4c: #REF!
Name ecwece4c: #REF!
Name ecwece4c: #REF!
Name ecwece4c: #REF!
Name ecwece4c: #REF!
Name ecwece4c: #REF!
Name ecwece4c: #REF!
Name ecwece4c: #REF!
Name ecwece4c: #REF!
Name ecwece4c: #REF!
Name ecwece4c: #REF!
Name ecwece4c: #REF!
Name ecwece4c: #REF!
Name ecwece4c: #REF!
Name ecwece4c: #REF!
Name ecwece4c: #REF!
Name ecwece4c: #REF!
Name ecwece4c: #REF!
Name MOMB4: '[1]SERVENTE MANUTENCAO'!$I$144
Name MONA1: #REF!
Name MONA1: #REF!
Name MONA1: #REF!
Name MONA1: #REF!
Name MONA1: #REF!

Sheet Aux. Adm. Seg-Sex GRAVATAÍ
A1: PLANILHA DE CUSTOS E FORMAÇÃO DE PREÇOS DE SERVIÇOS CONTINUADOS COM DEDICAÇÃO EXCLUSIVA DE MÃO DE OBRA (ANEXO III - DECRETOS 52.768 de 15.12.2015 e 54.273 de 10.10.2018)
A2: PROCESSO: | C2: 24/1300-0006476-8 | E2: REGIME DE TRIBUTAÇÃO: LUCRO REAL
A3: LICITAÇÃO/EDITAL | E3: ABERTURA:
A5: Cargo/Função: | D5: Auxiliar Administrativo - seg-sex | G5: =IF(D6="12x36","Regime de trabalho:","Quantidade de HORAS/MÊS") -> Quantidade de HORAS/MÊS | I5: =IF(D6="12x36",D6,5*D6) -> 150
A6: =IF(D6="12x36","Regime de trabalho:","Regime de trabalho (horas semanais):") -> Regime de trabalho (horas semanais): | D6: 30
A7: Convenção Coletiva de Trabalho: | D7: RS004917/2023 | G7: INSALUBRIDADE (10%, 20%, 40%) | I7: Não aplicável
A8: Origem do salário: | D8: CCT
A9: Cidade: | D9: GRAVATAÍ | G9: PERICULOSIDADE (30%) | I9: Não aplicável
A10: Salário Normativo | G10: Vlr. do salário e nº de horas correspondentes | H10: 220 | I10: 2013.31
A11: ISS | G11: =D9 -> GRAVATAÍ | H11: Alíquota | I11: 0.025
A12: Tarifa Transporte | G12: CCT | H12: Vr. Unitário | I12: 4.5
H13: Dias | I13: 22
H14: Desconto | I14: 0.06
A15: Auxílio Alimentação | G15: CCT | H15: Vr. Unitário | I15: 0
H16: Dias | I16: 0
H17: Desconto | I17: 0
A18: Auxílio Lanche | G18: CCT | H18: Vr. Unitário | I18: 11.84
H19: Dias | I19: 22
H20: Desconto | I20: 0.19
A21: Outros: PLANO DE BENEFÍCIO SOCIAL FAMILIAR | G21: CCT | H21: Valor mensal | I21: 19.42
A22: Adicional de Supervisor (37%) | H22: Porcentagem | I22: Não aplicável
A23: Base de cálculo da insalubridade | H23: Valor | I23: Não aplicável
A24: Hora Intervalar | H24: Horas por mês | I24: Não aplicável
A25: Sem fornecimento de materiais ou apenas fornecimento de EPIs ou uniformes, utilizar 10%. Com fornecimento de materiais ou equipamentos, utilizar 20%. (Decreto 52.768/2015, alterado pelo Decreto 53.424/2017) | H25: Porcentagem | I25: 0.2
A27: MONTANTE A
A28: I | B28: Remuneração - Grupo I | H28: % | I28: Valor Mensal/unidade de serviço (R$)
A29: 1 | B29: Salário | H29: =I29/$I$37 -> 1 | I29: =IF(D6="12x36",I10,I10/H10*I5) -> 1372.7114
A30: =A29+1 -> 2 | B30: Adicional Periculosidade 30% (Ver súmulas 364, 132 e 191 do TST) | H30: =I30/$I$37 -> 0 | I30: =IF(I9=30%,I29*I9,0) -> 0
A31: =A30+1 -> 3 | B31: Adicional Insalubridade 10% (Ver súmula 228 e 139 TST) | H31: =I31/$I$37 -> 0 | I31: =IF(I7=10%,I23*I7,0) -> 0
A32: =A31+1 -> 4 | B32: Adicional Insalubridade 20% (Ver súmula 228 e 139 TST) | H32: =I32/$I$37 -> 0 | I32: =IF(I7=20%,I23*I7,0) -> 0
A33: =A32+1 -> 5 | B33: Adicional Insalubridade 40% (Ver súmula 228 e 139 TST) | H33: =I33/$I$37 -> 0 | I33: =IF(I7=40%,I23*I7,0) -> 0
A34: =A33+1 -> 6 | B34: Adicional de Supervisor (IN 02/2008 MPOG SLTI) | H34: =I34/$I$37 -> 0 | I34: =IF(I22="Não aplicável",0,I29*I22) -> 0
A35: =A34+1 -> 7 | B35: DSR - Descanso Semanal Remunerado | H35: =I35/$I$37 -> 0 | I35: 0
A36: =A35+1 -> 8 | B36: =IF(D6="12x36","Para postos 12x36 os feriados são considerados compensados, conforme parágrafo único, Art. 59-A da CLT","Outros") -> Outros | H36: =I36/$I$37 -> 0 | I36: 0
A37: Total de Remuneração | H37: =SUM(H29:H36) -> 1 | I37: =SUM(I29:I36) -> 1372.7114
A39: II | B39: Encargos Sociais - Grupo II: Obrigações Sociais | H39: % | I39: Valor Mensal/unidade de serviço (R$)
A40: 1 | B40: INSS (art. 22, inc. I, Lei nº 8.212/91) | H40: 0.2 | I40: =$I$37*H40 -> 274.54227
A41: 2 | B41: SESI ou SESC (art. 30, Lei nº 8.036/90) | H41: 0.015 | I41: =$I$37*H41 -> 20.59067
A42: 3 | B42: SENAI ou SENAC (Decreto-Lei nº 2.318/86) | H42: 0.01 | I42: =$I$37*H42 -> 13.727114
A43: 4 | B43: INCRA (art. 15I, Lei Complementar nº 011/71) | H43: 0.002 | I43: =$I$37*H43 -> 2.7454227
A44: 5 | B44: SALÁRIO EDUCAÇÃO (art. , inc. I, Decreto nº 87.043/82) | H44: 0.025 | I44: =$I$37*H44 -> 34.317784
A45: 6 | B45: FGTS (art. 15, Lei nº 8.036/90) | H45: 0.08 | I45: =$I$37*H45 -> 109.81691
A46: 7 | B46: SEG. ACIDENTE DO TRABALHO 1%, 2% e 3% (art. 22, inc. II, alíneas "b" e "c", da Lei nº 8.212/91) | H46: 0.03 | I46: =$I$37*H46 -> 41.181341
A47: 8 | B47: SEBRAE (§ 3º, art. 8º, Lei nº 8.029/90) | H47: 0.006 | I47: =$I$37*H47 -> 8.2362682
A48: Total do Grupo II | H48: =SUM(H40:H47) -> 0.368 | I48: =SUM(I40:I47) -> 505.15778
A49: Os percentuais para o SAT podem variar de 0,50% a 6,00% em função do Fator de Acidente Previdenciário (FAP), Decreto nº 6.957/2009
A50: Deverá obrigatoriamente acompanhar a proposta de preços e a planilha de custos e formação de preços a prova do Fator Acidentário de Prevenção – FAP por meio de impressão de consulta ao site do Ministério da Previdência Social (que pode ser obtido no endereço eletrônico http://www2.dataprev.gov.br/fap/fap.htm), independentemente de alteração da alíquota da parcela do Seguro Acidente de Trabalho disposta no Quadro II da referida planilha.
A51: III | B51: Encargos Sociais - Grupo III: Tempo Não Trabalhado | H51: % | I51: Valor Mensal/unidade de serviço (R$)
A52: 1 | B52: FÉRIAS GOZADAS + ADICIONAL DE FÉRIAS | H52: 0.119314 | I52: =$I$37*H52 -> 163.78368
A53: 2 | B53: FALTAS ABONADAS (3) | H53: 0.020479 | I53: =$I$37*H53 -> 28.111756
A54: 3 | B54: FALTAS LEGAIS (4) | H54: 0.012123 | I54: =$I$37*H54 -> 16.64138
A55: 4 | B55: LICENÇA MATERNIDADE | H55: 0.011436 | I55: =$I$37*H55 -> 15.698327
A56: 5 | B56: LICENÇA PATERNIDADE | H56: 0.000174 | I56: =$I$37*H56 -> 0.23885178
A57: 6 | B57: ACIDENTE DE TRABALHO | H57: 0.000442 | I57: =$I$37*H57 -> 0.60673842
A58: 7 | B58: AVISO PRÉVIO TRABALHADO | H58: 0.000185 | I58: =$I$37*H58 -> 0.2539516
A59: 8 | B59: 13º SALÁRIO | H59: 0.09079 | I59: =$I$37*H59 -> 124.62846
A60: Total do Grupo III | H60: =SUM(H52:H59) -> 0.254943 | I60: =SUM(I52:I59) -> 349.96315
A61: (3) | B61: Faltas Justificadas por Auxílio Doença
A62: (4) | B62: Faltas Legais - Art. 473 CLT
A63: IV | B63: Encargos Sociais - Grupo IV: Indenizações | H63: % | I63: Valor Mensal/unidade de serviço (R$)
A64: 1 | B64: INDENIZAÇÕES | H64: 0.023627 | I64: =$I$37*H64 -> 32.433051
A65: 2 | B65: FGTS SOBRE INDENIZAÇÕES | H65: 0.001717 | I65: =$I$37*H65 -> 2.3569454
A66: 3 | B66: INDENIZAÇÃO COMPENSATÓRIA POR DEMISSÃO SEM JUSTA CAUSA | H66: 0.009451 | I66: =$I$37*H66 -> 12.973495
A67: Total do Grupo IV | H67: =SUM(H64:H66) -> 0.034795 | I67: =SUM(I64:I66) -> 47.763492
A69: V | B69: Encargos Sociais - Grupo V: Incidências | H69: % | I69: Valor Mensal/unidade de serviço (R$)
A70: 1 | B70: INCIDÊNCIA GRUPO II (Obrigações Sociais) X GRUPO III (Tempo Não Trabalhado) | H70: =(H48*H60) -> 0.093819024 | I70: =$I$37*H70 -> 128.78644
A71: Total do Grupo V | H71: =SUM(H70:H70) -> 0.093819024 | I71: =I70 -> 128.78644
A73: TOTAL DOS ENCAGOS SOCIAIS (II + III + IV + V) | H73: =H48+H60+H67+H71 -> 0.75155702 | I73: =I48+I60+I67+I71 -> 1031.6709
A75: VI | B75: Demais custos relativos à Norma Coletiva ou Disposições Legais - Grupo VI | H75: % | I75: Valor Mensal/unidade de serviço (R$)
A76: 1 | B76: Auxílio Alimentação | H76: =I76/$I$37 -> 0 | I76: =I93 -> 0
A77: 2 | B77: Auxílio Lanche | H77: =I77/$I$37 -> 0.15370223 | I77: =I89 -> 210.9888
A78: 3 | B78: Vale-Transporte⁽⁵⁾ | H78: =I78/$I$37 -> 0.084240082 | I78: =I85 -> 115.63732
A79: 4 | B79: Adicional Intervalar | H79: =I79/$I$37 -> 0 | I79: =IF(I24="Não aplicável",0,((I10/H10)*1.5*I24)) -> 0
A80: 5 | B80: Outros | H80: =I80/$I$37 -> 0.014147184 | I80: =IF(I21="Não aplicável",0,I21) -> 19.42
A81: Total do Grupo VI | H81: =SUM(H76:H80) -> 0.2520895 | I81: =SUM(I76:I80) -> 346.04612
A82: (5) | B82: O valor do vale-transporte pode variar de acordo com o modal fornecido pelo empregador.
A83: MEMÓRIA DE CÁLCULO DO VALE TRANSPORTE
A84: Valor Unitário | C84: Dias de Trabalho | D84: Vale p/dia | E84: Custo total | F84: Base de cálculo | G84: Percentual de desconto | H84: Valor desconto | I84: Custo efetivo
A85: =I12 -> 4.5 | C85: =I13 -> 22 | D85: 2 | E85: =A85*C85*D85 -> 198 | F85: =I29 -> 1372.7114 | G85: =I14 -> 0.06 | H85: =F85*G85 -> 82.362682 | I85: =IF((E85-H85)>0,E85-H85,0) -> 115.63732
A87: MEMÓRIA DE CÁLCULO DO VALE LANCHE
A88: Valor Unitário | C88: Dias por mês | D88: Vale p/dia | E88: Custo total | F88: Base de cálculo | G88: Percentual de desconto | H88: Valor desconto | I88: Custo efetivo
A89: =I18 -> 11.84 | C89: =I19 -> 22 | D89: 1 | E89: =A89*C89*D89 -> 260.48 | F89: =E89 -> 260.48 | G89: =I20 -> 0.19 | H89: =F89*G89 -> 49.4912 | I89: =E89-H89 -> 210.9888
A91: MEMÓRIA DE CÁLCULO DO VALE ALIMENTAÇÃO
A92: Valor Unitário | C92: Dias por mês | D92: Vale p/dia | E92: Custo total | F92: Base de cálculo | G92: Percentual de desconto | H92: =H84 -> Valor desconto | I92: Custo efetivo
A93: =I15 -> 0 | C93: =I16 -> 0 | D93: 1 | E93: =A93*C93*D93 -> 0 | F93: =E93 -> 0 | G93: =I17 -> 0 | H93: =F93*G93 -> 0 | I93: =E93-H93 -> 0
A95: TOTAL DO MONTANTE A (I + II + III+ IV + V +VI) | H95: =H37+H73+H81 -> 2.0036465 | I95: =I37+I73+I81 -> 2750.4283
A97: MONTANTE B
A98: I | B98: Despesas Diretas | H98: % | I98: Valor Mensal/unidade de serviço (R$)
A99: 1 | B99: Transporte (6) | H99: =I99/$I$110 -> 0 | I99: 0
A100: 2 | B100: Uniformes/EPI (6a) | H100: =I100/$I$110 -> 0 | I100: 0
A101: 3 | B101: Seguro de vida | H101: =I101/$I$110 -> 0 | I101: 0
A102: 4 | B102: Materiais/Equipamentos | H102: =I102/$I$110 -> 0 | I102: 0
A103: 5 | B103: Mobilização (7) | H103: =I103/$I$110 -> 0 | I103: 0
A104: 6 | B104: Outros (especificar) | H104: =I104/$I$110 -> 0 | I104: 0
A105: Total de Despesas Diretas | H105: =H99+H100+H101+H102+H103+H104 -> 0 | I105: =SUM(I99:I104) -> 0
B106: (6) Somente será preenchido quando o licitante fornecer transporte próprio (6a) EPI - Equipamento de Proteção Individual (7) Tais custos de mobilização não são renováveis, devendo ser eliminados após o primeiro ano de contrato caso haja prorrogação
A108: LIMITE QUADRO I (Despesas Diretas) sobre Montante A (exceto Vale-transporte), conforme alíneas "b.2" e "b.3", Inc. II, art. 7º, do Decreto 52.768/2015, alterado pelo Decreto 53.424/2017: 10% SEM MATERIAIS/EQUIPAMENTOS; 20% COM MATERIAIS/EQUIPAMENTOS | F108: =I25 -> 0.2 | G108: =I110*F108 -> 526.95821 | H108: Dedução Vale Transporte | I108: =I78 -> 115.63732
A109: Remuneração (Grupo I) | C109: Obrigações Sociais (Grupo II) | D109: Tempo Não Trabalhado (Grupo III) | E109: Indenizações (Grupo IV) | F109: Incidências (Grupo V) | G109: Demais Custos CCT | H109: Total Montante A | I109: Base de Cálculo
A110: =I37 -> 1372.7114 | C110: =I48 -> 505.15778 | D110: =I60 -> 349.96315 | E110: =I67 -> 47.763492 | F110: =I71 -> 128.78644 | G110: =I81 -> 346.04612 | H110: =A110+C110+D110+E110+F110+G110 -> 2750.4283 | I110: =H110-I108 -> 2634.791
A112: II | B112: Despesas Indiretas | H112: % | I112: Valor Mensal/unidade de serviço (R$)
...

Sheet Aux. Adm. Seg-Sáb GRAVATAÍ
A1: PLANILHA DE CUSTOS E FORMAÇÃO DE PREÇOS DE SERVIÇOS CONTINUADOS COM DEDICAÇÃO EXCLUSIVA DE MÃO DE OBRA (ANEXO III - DECRETOS 52.768 de 15.12.2015 e 54.273 de 10.10.2018)
A2: PROCESSO: | C2: 24/1300-0006476-8 | E2: REGIME DE TRIBUTAÇÃO: LUCRO REAL
A3: LICITAÇÃO/EDITAL | E3: ABERTURA:
A5: Cargo/Função: | D5: Auxiliar Administrativo - seg-sáb | G5: =IF(D6="12x36","Regime de trabalho:","Quantidade de HORAS/MÊS") -> Quantidade de HORAS/MÊS | I5: =IF(D6="12x36",D6,5*D6) -> 220
A6: =IF(D6="12x36","Regime de trabalho:","Regime de trabalho (horas semanais):") -> Regime de trabalho (horas semanais): | D6: 44
A7: Convenção Coletiva de Trabalho: | D7: RS004917/2023 | G7: INSALUBRIDADE (10%, 20%, 40%) | I7: Não aplicável
A8: Origem do salário: | D8: CCT
A9: Cidade: | D9: GRAVATAÍ | G9: PERICULOSIDADE (30%) | I9: Não aplicável
A10: Salário Normativo | G10: Vlr. do salário e nº de horas correspondentes | H10: 220 | I10: 2013.31
A11: ISS | G11: =D9 -> GRAVATAÍ | H11: Alíquota | I11: 0.025
A12: Tarifa Transporte | G12: CCT | H12: Vr. Unitário | I12: 4.5
H13: Dias | I13: 26
H14: Desconto | I14: 0.06
A15: Auxílio Alimentação | G15: CCT | H15: Vr. Unitário | I15: 23.68
H16: Dias | I16: 26
H17: Desconto | I17: 0.19
A18: Auxílio Lanche | G18: CCT | H18: Vr. Unitário | I18: 0
H19: Dias | I19: 0
H20: Desconto | I20: 0
A21: Outros: PLANO DE BENEFÍCIO SOCIAL FAMILIAR | G21: CCT | H21: Valor mensal | I21: 19.42
A22: Adicional de Supervisor (37%) | H22: Porcentagem | I22: Não aplicável
A23: Base de cálculo da insalubridade | H23: Valor | I23: Não aplicável
A24: Hora Intervalar | H24: Horas por mês | I24: Não aplicável
A25: Sem fornecimento de materiais ou apenas fornecimento de EPIs ou uniformes, utilizar 10%. Com fornecimento de materiais ou equipamentos, utilizar 20%. (Decreto 52.768/2015, alterado pelo Decreto 53.424/2017) | H25: Porcentagem | I25: 0.2
A27: MONTANTE A
A28: I | B28: Remuneração - Grupo I | H28: % | I28: Valor Mensal/unidade de serviço (R$)
A29: 1 | B29: Salário | H29: =I29/$I$37 -> 1 | I29: =IF(D6="12x36",I10,I10/H10*I5) -> 2013.31
A30: =A29+1 -> 2 | B30: Adicional Periculosidade 30% (Ver súmulas 364, 132 e 191 do TST) | H30: =I30/$I$37 -> 0 | I30: =IF(I9=30%,I29*I9,0) -> 0
A31: =A30+1 -> 3 | B31: Adicional Insalubridade 10% (Ver súmula 228 e 139 TST) | H31: =I31/$I$37 -> 0 | I31: =IF(I7=10%,I23*I7,0) -> 0
A32: =A31+1 -> 4 | B32: Adicional Insalubridade 20% (Ver súmula 228 e 139 TST) | H32: =I32/$I$37 -> 0 | I32: =IF(I7=20%,I23*I7,0) -> 0
A33: =A32+1 -> 5 | B33: Adicional Insalubridade 40% (Ver súmula 228 e 139 TST) | H33: =I33/$I$37 -> 0 | I33: =IF(I7=40%,I23*I7,0) -> 0
A34: =A33+1 -> 6 | B34: Adicional de Supervisor (IN 02/2008 MPOG SLTI) | H34: =I34/$I$37 -> 0 | I34: =IF(I22="Não aplicável",0,I29*I22) -> 0
A35: =A34+1 -> 7 | B35: DSR - Descanso Semanal Remunerado | H35: =I35/$I$37 -> 0 | I35: 0
A36: =A35+1 -> 8 | B36: =IF(D6="12x36","Para postos 12x36 os feriados são considerados compensados, conforme parágrafo único, Art. 59-A da CLT","Outros") -> Outros | H36: =I36/$I$37 -> 0 | I36: 0
A37: Total de Remuneração | H37: =SUM(H29:H36) -> 1 | I37: =SUM(I29:I36) -> 2013.31
A39: II | B39: Encargos Sociais - Grupo II: Obrigações Sociais | H39: % | I39: Valor Mensal/unidade de serviço (R$)
A40: 1 | B40: INSS (art. 22, inc. I, Lei nº 8.212/91) | H40: 0.2 | I40: =$I$37*H40 -> 402.662
A41: 2 | B41: SESI ou SESC (art. 30, Lei nº 8.036/90) | H41: 0.015 | I41: =$I$37*H41 -> 30.19965
A42: 3 | B42: SENAI ou SENAC (Decreto-Lei nº 2.318/86) | H42: 0.01 | I42: =$I$37*H42 -> 20.1331
A43: 4 | B43: INCRA (art. 15I, Lei Complementar nº 011/71) | H43: 0.002 | I43: =$I$37*H43 -> 4.02662
A44: 5 | B44: SALÁRIO EDUCAÇÃO (art. , inc. I, Decreto nº 87.043/82) | H44: 0.025 | I44: =$I$37*H44 -> 50.33275
A45: 6 | B45: FGTS (art. 15, Lei nº 8.036/90) | H45: 0.08 | I45: =$I$37*H45 -> 161.0648
A46: 7 | B46: SEG. ACIDENTE DO TRABALHO 1%, 2% e 3% (art. 22, inc. II, alíneas "b" e "c", da Lei nº 8.212/91) | H46: 0.03 | I46: =$I$37*H46 -> 60.3993
A47: 8 | B47: SEBRAE (§ 3º, art. 8º, Lei nº 8.029/90) | H47: 0.006 | I47: =$I$37*H47 -> 12.07986
A48: Total do Grupo II | H48: =SUM(H40:H47) -> 0.368 | I48: =SUM(I40:I47) -> 740.89808
A49: Os percentuais para o SAT podem variar de 0,50% a 6,00% em função do Fator de Acidente Previdenciário (FAP), Decreto nº 6.957/2009
A50: Deverá obrigatoriamente acompanhar a proposta de preços e a planilha de custos e formação de preços a prova do Fator Acidentário de Prevenção – FAP por meio de impressão de consulta ao site do Ministério da Previdência Social (que pode ser obtido no endereço eletrônico http://www2.dataprev.gov.br/fap/fap.htm), independentemente de alteração da alíquota da parcela do Seguro Acidente de Trabalho disposta no Quadro II da referida planilha.
A51: III | B51: Encargos Sociais - Grupo III: Tempo Não Trabalhado | H51: % | I51: Valor Mensal/unidade de serviço (R$)
A52: 1 | B52: FÉRIAS GOZADAS + ADICIONAL DE FÉRIAS | H52: 0.119314 | I52: =$I$37*H52 -> 240.21607
A53: 2 | B53: FALTAS ABONADAS (3) | H53: 0.020479 | I53: =$I$37*H53 -> 41.230575
A54: 3 | B54: FALTAS LEGAIS (4) | H54: 0.012123 | I54: =$I$37*H54 -> 24.407357
A55: 4 | B55: LICENÇA MATERNIDADE | H55: 0.011436 | I55: =$I$37*H55 -> 23.024213
A56: 5 | B56: LICENÇA PATERNIDADE | H56: 0.000174 | I56: =$I$37*H56 -> 0.35031594
A57: 6 | B57: ACIDENTE DE TRABALHO | H57: 0.000442 | I57: =$I$37*H57 -> 0.88988302
A58: 7 | B58: AVISO PRÉVIO TRABALHADO | H58: 0.000185 | I58: =$I$37*H58 -> 0.37246235
A59: 8 | B59: 13º SALÁRIO | H59: 0.09079 | I59: =$I$37*H59 -> 182.78841
A60: Total do Grupo III | H60: =SUM(H52:H59) -> 0.254943 | I60: =SUM(I52:I59) -> 513.27929
A61: (3) | B61: Faltas Justificadas por Auxílio Doença
A62: (4) | B62: Faltas Legais - Art. 473 CLT
A63: IV | B63: Encargos Sociais - Grupo IV: Indenizações | H63: % | I63: Valor Mensal/unidade de serviço (R$)
A64: 1 | B64: INDENIZAÇÕES | H64: 0.023627 | I64: =$I$37*H64 -> 47.568475
A65: 2 | B65: FGTS SOBRE INDENIZAÇÕES | H65: 0.001717 | I65: =$I$37*H65 -> 3.4568533
A66: 3 | B66: INDENIZAÇÃO COMPENSATÓRIA POR DEMISSÃO SEM JUSTA CAUSA | H66: 0.009451 | I66: =$I$37*H66 -> 19.027793
A67: Total do Grupo IV | H67: =SUM(H64:H66) -> 0.034795 | I67: =SUM(I64:I66) -> 70.053121
A69: V | B69: Encargos Sociais - Grupo V: Incidências | H69: % | I69: Valor Mensal/unidade de serviço (R$)
A70: 1 | B70: INCIDÊNCIA GRUPO II (Obrigações Sociais) X GRUPO III (Tempo Não Trabalhado) | H70: =(H48*H60) -> 0.093819024 | I70: =$I$37*H70 -> 188.88678
A71: Total do Grupo V | H71: =SUM(H70:H70) -> 0.093819024 | I71: =I70 -> 188.88678
A73: TOTAL DOS ENCAGOS SOCIAIS (II + III + IV + V) | H73: =H48+H60+H67+H71 -> 0.75155702 | I73: =I48+I60+I67+I71 -> 1513.1173
A75: VI | B75: Demais custos relativos à Norma Coletiva ou Disposições Legais - Grupo VI | H75: % | I75: Valor Mensal/unidade de serviço (R$)
A76: 1 | B76: Auxílio Alimentação | H76: =I76/$I$37 -> 0.24770194 | I76: =I93 -> 498.7008
A77: 2 | B77: Auxílio Lanche | H77: =I77/$I$37 -> 0 | I77: =I89 -> 0
A78: 3 | B78: Vale-Transporte⁽⁵⁾ | H78: =I78/$I$37 -> 0.056226513 | I78: =I85 -> 113.2014
A79: 4 | B79: Adicional Intervalar | H79: =I79/$I$37 -> 0 | I79: =IF(I24="Não aplicável",0,((I10/H10)*1.5*I24)) -> 0
A80: 5 | B80: Outros | H80: =I80/$I$37 -> 0.0096458072 | I80: =IF(I21="Não aplicável",0,I21) -> 19.42
A81: Total do Grupo VI | H81: =SUM(H76:H80) -> 0.31357426 | I81: =SUM(I76:I80) -> 631.3222
A82: (5) | B82: O valor do vale-transporte pode variar de acordo com o modal fornecido pelo empregador.
A83: MEMÓRIA DE CÁLCULO DO VALE TRANSPORTE
A84: Valor Unitário | C84: Dias de Trabalho | D84: Vale p/dia | E84: Custo total | F84: Base de cálculo | G84: Percentual de desconto | H84: Valor desconto | I84: Custo efetivo
A85: =I12 -> 4.5 | C85: =I13 -> 26 | D85: 2 | E85: =A85*C85*D85 -> 234 | F85: =I29 -> 2013.31 | G85: =I14 -> 0.06 | H85: =F85*G85 -> 120.7986 | I85: =IF((E85-H85)>0,E85-H85,0) -> 113.2014
A87: MEMÓRIA DE CÁLCULO DO VALE LANCHE
A88: Valor Unitário | C88: Dias por mês | D88: Vale p/dia | E88: Custo total | F88: Base de cálculo | G88: Percentual de desconto | H88: Valor desconto | I88: Custo efetivo
A89: =I18 -> 0 | C89: =I19 -> 0 | D89: 1 | E89: =A89*C89*D89 -> 0 | F89: =E89 -> 0 | G89: =I20 -> 0 | H89: =F89*G89 -> 0 | I89: =E89-H89 -> 0
A91: MEMÓRIA DE CÁLCULO DO VALE ALIMENTAÇÃO
A92: Valor Unitário | C92: Dias por mês | D92: Vale p/dia | E92: Custo total | F92: Base de cálculo | G92: Percentual de desconto | H92: =H84 -> Valor desconto | I92: Custo efetivo
A93: =I15 -> 23.68 | C93: =I16 -> 26 | D93: 1 | E93: =A93*C93*D93 -> 615.68 | F93: =E93 -> 615.68 | G93: =I17 -> 0.19 | H93: =F93*G93 -> 116.9792 | I93: =E93-H93 -> 498.7008
A95: TOTAL DO MONTANTE A (I + II + III+ IV + V +VI) | H95: =H37+H73+H81 -> 2.0651313 | I95: =I37+I73+I81 -> 4157.7495
A97: MONTANTE B
A98: I | B98: Despesas Diretas | H98: % | I98: Valor Mensal/unidade de serviço (R$)
A99: 1 | B99: Transporte (6) | H99: =I99/$I$110 -> 0 | I99: 0
A100: 2 | B100: Uniformes/EPI (6a) | H100: =I100/$I$110 -> 0 | I100: 0
A101: 3 | B101: Seguro de vida | H101: =I101/$I$110 -> 0 | I101: 0
A102: 4 | B102: Materiais/Equipamentos | H102: =I102/$I$110 -> 0 | I102: 0
A103: 5 | B103: Mobilização (7) | H103: =I103/$I$110 -> 0 | I103: 0
A104: 6 | B104: Outros (especificar) | H104: =I104/$I$110 -> 0 | I104: 0
A105: Total de Despesas Diretas | H105: =H99+H100+H101+H102+H103+H104 -> 0 | I105: =SUM(I99:I104) -> 0
B106: (6) Somente será preenchido quando o licitante fornecer transporte próprio (6a) EPI - Equipamento de Proteção Individual (7) Tais custos de mobilização não são renováveis, devendo ser eliminados após o primeiro ano de contrato caso haja prorrogação
A108: LIMITE QUADRO I (Despesas Diretas) sobre Montante A (exceto Vale-transporte), conforme alíneas "b.2" e "b.3", Inc. II, art. 7º, do Decreto 52.768/2015, alterado pelo Decreto 53.424/2017: 10% SEM MATERIAIS/EQUIPAMENTOS; 20% COM MATERIAIS/EQUIPAMENTOS | F108: =I25 -> 0.2 | G108: =I110*F108 -> 808.90961 | H108: Dedução Vale Transporte | I108: =I78 -> 113.2014
A109: Remuneração (Grupo I) | C109: Obrigações Sociais (Grupo II) | D109: Tempo Não Trabalhado (Grupo III) | E109: Indenizações (Grupo IV) | F109: Incidências (Grupo V) | G109: Demais Custos CCT | H109: Total Montante A | I109: Base de Cálculo
A110: =I37 -> 2013.31 | C110: =I48 -> 740.89808 | D110: =I60 -> 513.27929 | E110: =I67 -> 70.053121 | F110: =I71 -> 188.88678 | G110: =I81 -> 631.3222 | H110: =A110+C110+D110+E110+F110+G110 -> 4157.7495 | I110: =H110-I108 -> 4044.5481
A112: II | B112: Despesas Indiretas | H112: % | I112: Valor Mensal/unidade de serviço (R$)
...

Sheet Aux Adm. SUP Seg-Sáb -Gravataí
A1: PLANILHA DE CUSTOS E FORMAÇÃO DE PREÇOS DE SERVIÇOS CONTINUADOS COM DEDICAÇÃO EXCLUSIVA DE MÃO DE OBRA (ANEXO III - DECRETOS 52.768 de 15.12.2015 e 54.273 de 10.10.2018)
A2: PROCESSO: | C2: 24/1300-0006476-8 | E2: REGIME DE TRIBUTAÇÃO: LUCRO REAL
A3: LICITAÇÃO/EDITAL | E3: ABERTURA:
A5: Cargo/Função: | D5: Auxiliar Administrativo Supervisor - seg-sáb | G5: =IF(D6="12x36","Regime de trabalho:","Quantidade de HORAS/MÊS") -> Quantidade de HORAS/MÊS | I5: =IF(D6="12x36",D6,5*D6) -> 220
A6: =IF(D6="12x36","Regime de trabalho:","Regime de trabalho (horas semanais):") -> Regime de trabalho (horas semanais): | D6: 44
A7: Convenção Coletiva de Trabalho: | D7: RS004917/2023 | G7: INSALUBRIDADE (10%, 20%, 40%) | I7: Não aplicável
A8: Origem do salário: | D8: CCT
A9: Cidade: | D9: GRAVATAÍ | G9: PERICULOSIDADE (30%) | I9: Não aplicável
A10: Salário Normativo | G10: Vlr. do salário e nº de horas correspondentes | H10: 220 | I10: 2013.31
A11: ISS | G11: =D9 -> GRAVATAÍ | H11: Alíquota | I11: 0.025
A12: Tarifa Transporte | G12: CCT | H12: Vr. Unitário | I12: 4.5
H13: Dias | I13: 26
H14: Desconto | I14: 0.06
A15: Auxílio Alimentação | G15: CCT | H15: Vr. Unitário | I15: 23.68
H16: Dias | I16: 26
H17: Desconto | I17: 0.19
A18: Auxílio Lanche | G18: CCT | H18: Vr. Unitário | I18: 0
H19: Dias | I19: 0
H20: Desconto | I20: 0
A21: Outros: PLANO DE BENEFÍCIO SOCIAL FAMILIAR | G21: CCT | H21: Valor mensal | I21: 19.42
A22: Adicional de Supervisor (37%) | H22: Porcentagem | I22: 0.37
A23: Base de cálculo da insalubridade | H23: Valor | I23: Não aplicável
A24: Hora Intervalar | H24: Horas por mês | I24: Não aplicável
A25: Sem fornecimento de materiais ou apenas fornecimento de EPIs ou uniformes, utilizar 10%. Com fornecimento de materiais ou equipamentos, utilizar 20%. (Decreto 52.768/2015, alterado pelo Decreto 53.424/2017) | H25: Porcentagem | I25: 0.2
A27: MONTANTE A
A28: I | B28: Remuneração - Grupo I | H28: % | I28: Valor Mensal/unidade de serviço (R$)
A29: 1 | B29: Salário | H29: =I29/$I$37 -> 0.72992701 | I29: =IF(D6="12x36",I10,I10/H10*I5) -> 2013.31
A30: =A29+1 -> 2 | B30: Adicional Periculosidade 30% (Ver súmulas 364, 132 e 191 do TST) | H30: =I30/$I$37 -> 0 | I30: =IF(I9=30%,I29*I9,0) -> 0
A31: =A30+1 -> 3 | B31: Adicional Insalubridade 10% (Ver súmula 228 e 139 TST) | H31: =I31/$I$37 -> 0 | I31: =IF(I7=10%,I23*I7,0) -> 0
A32: =A31+1 -> 4 | B32: Adicional Insalubridade 20% (Ver súmula 228 e 139 TST) | H32: =I32/$I$37 -> 0 | I32: =IF(I7=20%,I23*I7,0) -> 0
A33: =A32+1 -> 5 | B33: Adicional Insalubridade 40% (Ver súmula 228 e 139 TST) | H33: =I33/$I$37 -> 0 | I33: =IF(I7=40%,I23*I7,0) -> 0
A34: =A33+1 -> 6 | B34: Adicional de Supervisor (IN 02/2008 MPOG SLTI) | H34: =I34/$I$37 -> 0.27007299 | I34: =IF(I22="Não aplicável",0,I29*I22) -> 744.9247
A35: =A34+1 -> 7 | B35: DSR - Descanso Semanal Remunerado | H35: =I35/$I$37 -> 0 | I35: 0
A36: =A35+1 -> 8 | B36: =IF(D6="12x36","Para postos 12x36 os feriados são considerados compensados, conforme parágrafo único, Art. 59-A da CLT","Outros") -> Outros | H36: =I36/$I$37 -> 0 | I36: 0
A37: Total de Remuneração | H37: =SUM(H29:H36) -> 1 | I37: =SUM(I29:I36) -> 2758.2347
A39: II | B39: Encargos Sociais - Grupo II: Obrigações Sociais | H39: % | I39: Valor Mensal/unidade de serviço (R$)
A40: 1 | B40: INSS (art. 22, inc. I, Lei nº 8.212/91) | H40: 0.2 | I40: =$I$37*H40 -> 551.64694
A41: 2 | B41: SESI ou SESC (art. 30, Lei nº 8.036/90) | H41: 0.015 | I41: =$I$37*H41 -> 41.37352
A42: 3 | B42: SENAI ou SENAC (Decreto-Lei nº 2.318/86) | H42: 0.01 | I42: =$I$37*H42 -> 27.582347
A43: 4 | B43: INCRA (art. 15I, Lei Complementar nº 011/71) | H43: 0.002 | I43: =$I$37*H43 -> 5.5164694
A44: 5 | B44: SALÁRIO EDUCAÇÃO (art. , inc. I, Decreto nº 87.043/82) | H44: 0.025 | I44: =$I$37*H44 -> 68.955867
A45: 6 | B45: FGTS (art. 15, Lei nº 8.036/90) | H45: 0.08 | I45: =$I$37*H45 -> 220.65878
A46: 7 | B46: SEG. ACIDENTE DO TRABALHO 1%, 2% e 3% (art. 22, inc. II, alíneas "b" e "c", da Lei nº 8.212/91) | H46: 0.03 | I46: =$I$37*H46 -> 82.747041
A47: 8 | B47: SEBRAE (§ 3º, art. 8º, Lei nº 8.029/90) | H47: 0.006 | I47: =$I$37*H47 -> 16.549408
A48: Total do Grupo II | H48: =SUM(H40:H47) -> 0.368 | I48: =SUM(I40:I47) -> 1015.0304
A49: Os percentuais para o SAT podem variar de 0,50% a 6,00% em função do Fator de Acidente Previdenciário (FAP), Decreto nº 6.957/2009
A50: Deverá obrigatoriamente acompanhar a proposta de preços e a planilha de custos e formação de preços a prova do Fator Acidentário de Prevenção – FAP por meio de impressão de consulta ao site do Ministério da Previdência Social (que pode ser obtido no endereço eletrônico http://www2.dataprev.gov.br/fap/fap.htm), independentemente de alteração da alíquota da parcela do Seguro Acidente de Trabalho disposta no Quadro II da referida planilha.
A51: III | B51: Encargos Sociais - Grupo III: Tempo Não Trabalhado | H51: % | I51: Valor Mensal/unidade de serviço (R$)
A52: 1 | B52: FÉRIAS GOZADAS + ADICIONAL DE FÉRIAS | H52: 0.119314 | I52: =$I$37*H52 -> 329.09601
A53: 2 | B53: FALTAS ABONADAS (3) | H53: 0.020479 | I53: =$I$37*H53 -> 56.485888
A54: 3 | B54: FALTAS LEGAIS (4) | H54: 0.012123 | I54: =$I$37*H54 -> 33.438079
A55: 4 | B55: LICENÇA MATERNIDADE | H55: 0.011436 | I55: =$I$37*H55 -> 31.543172
A56: 5 | B56: LICENÇA PATERNIDADE | H56: 0.000174 | I56: =$I$37*H56 -> 0.47993284
A57: 6 | B57: ACIDENTE DE TRABALHO | H57: 0.000442 | I57: =$I$37*H57 -> 1.2191397
A58: 7 | B58: AVISO PRÉVIO TRABALHADO | H58: 0.000185 | I58: =$I$37*H58 -> 0.51027342
A59: 8 | B59: 13º SALÁRIO | H59: 0.09079 | I59: =$I$37*H59 -> 250.42013
A60: Total do Grupo III | H60: =SUM(H52:H59) -> 0.254943 | I60: =SUM(I52:I59) -> 703.19263
A61: (3) | B61: Faltas Justificadas por Auxílio Doença
A62: (4) | B62: Faltas Legais - Art. 473 CLT
A63: IV | B63: Encargos Sociais - Grupo IV: Indenizações | H63: % | I63: Valor Mensal/unidade de serviço (R$)
A64: 1 | B64: INDENIZAÇÕES | H64: 0.023627 | I64: =$I$37*H64 -> 65.168811
A65: 2 | B65: FGTS SOBRE INDENIZAÇÕES | H65: 0.001717 | I65: =$I$37*H65 -> 4.735889
A66: 3 | B66: INDENIZAÇÃO COMPENSATÓRIA POR DEMISSÃO SEM JUSTA CAUSA | H66: 0.009451 | I66: =$I$37*H66 -> 26.068076
A67: Total do Grupo IV | H67: =SUM(H64:H66) -> 0.034795 | I67: =SUM(I64:I66) -> 95.972776
A69: V | B69: Encargos Sociais - Grupo V: Incidências | H69: % | I69: Valor Mensal/unidade de serviço (R$)
A70: 1 | B70: INCIDÊNCIA GRUPO II (Obrigações Sociais) X GRUPO III (Tempo Não Trabalhado) | H70: =(H48*H60) -> 0.093819024 | I70: =$I$37*H70 -> 258.77489
A71: Total do Grupo V | H71: =SUM(H70:H70) -> 0.093819024 | I71: =I70 -> 258.77489
A73: TOTAL DOS ENCAGOS SOCIAIS (II + III + IV + V) | H73: =H48+H60+H67+H71 -> 0.75155702 | I73: =I48+I60+I67+I71 -> 2072.9707
A75: VI | B75: Demais custos relativos à Norma Coletiva ou Disposições Legais - Grupo VI | H75: % | I75: Valor Mensal/unidade de serviço (R$)
A76: 1 | B76: Auxílio Alimentação | H76: =I76/$I$37 -> 0.18080434 | I76: =I93 -> 498.7008
A77: 2 | B77: Auxílio Lanche | H77: =I77/$I$37 -> 0 | I77: =I89 -> 0
A78: 3 | B78: Vale-Transporte⁽⁵⁾ | H78: =I78/$I$37 -> 0.04104125 | I78: =I85 -> 113.2014
A79: 4 | B79: Adicional Intervalar | H79: =I79/$I$37 -> 0 | I79: =IF(I24="Não aplicável",0,((I10/H10)*1.5*I24)) -> 0
A80: 5 | B80: Outros | H80: =I80/$I$37 -> 0.0070407351 | I80: =IF(I21="Não aplicável",0,I21) -> 19.42
A81: Total do Grupo VI | H81: =SUM(H76:H80) -> 0.22888632 | I81: =SUM(I76:I80) -> 631.3222
A82: (5) | B82: O valor do vale-transporte pode variar de acordo com o modal fornecido pelo empregador.
A83: MEMÓRIA DE CÁLCULO DO VALE TRANSPORTE
A84: Valor Unitário | C84: Dias de Trabalho | D84: Vale p/dia | E84: Custo total | F84: Base de cálculo | G84: Percentual de desconto | H84: Valor desconto | I84: Custo efetivo
A85: =I12 -> 4.5 | C85: =I13 -> 26 | D85: 2 | E85: =A85*C85*D85 -> 234 | F85: =I29 -> 2013.31 | G85: =I14 -> 0.06 | H85: =F85*G85 -> 120.7986 | I85: =IF((E85-H85)>0,E85-H85,0) -> 113.2014
A87: MEMÓRIA DE CÁLCULO DO VALE LANCHE
A88: Valor Unitário | C88: Dias por mês | D88: Vale p/dia | E88: Custo total | F88: Base de cálculo | G88: Percentual de desconto | H88: Valor desconto | I88: Custo efetivo
A89: =I18 -> 0 | C89: =I19 -> 0 | D89: 1 | E89: =A89*C89*D89 -> 0 | F89: =E89 -> 0 | G89: =I20 -> 0 | H89: =F89*G89 -> 0 | I89: =E89-H89 -> 0
A91: MEMÓRIA DE CÁLCULO DO VALE ALIMENTAÇÃO
A92: Valor Unitário | C92: Dias por mês | D92: Vale p/dia | E92: Custo total | F92: Base de cálculo | G92: Percentual de desconto | H92: =H84 -> Valor desconto | I92: Custo efetivo
A93: =I15 -> 23.68 | C93: =I16 -> 26 | D93: 1 | E93: =A93*C93*D93 -> 615.68 | F93: =E93 -> 615.68 | G93: =I17 -> 0.19 | H93: =F93*G93 -> 116.9792 | I93: =E93-H93 -> 498.7008
A95: TOTAL DO MONTANTE A (I + II + III+ IV + V +VI) | H95: =H37+H73+H81 -> 1.9804433 | I95: =I37+I73+I81 -> 5462.5276
A97: MONTANTE B
A98: I | B98: Despesas Diretas | H98: % | I98: Valor Mensal/unidade de serviço (R$)
A99: 1 | B99: Transporte (6) | H99: =I99/$I$110 -> 0 | I99: 0
A100: 2 | B100: Uniformes/EPI (6a) | H100: =I100/$I$110 -> 0 | I100: 0
A101: 3 | B101: Seguro de vida | H101: =I101/$I$110 -> 0 | I101: 0
A102: 4 | B102: Materiais/Equipamentos | H102: =I102/$I$110 -> 0 | I102: 0
A103: 5 | B103: Mobilização (7) | H103: =I103/$I$110 -> 0 | I103: 0
A104: 6 | B104: Outros (especificar) | H104: =I104/$I$110 -> 0 | I104: 0
A105: Total de Despesas Diretas | H105: =H99+H100+H101+H102+H103+H104 -> 0 | I105: =SUM(I99:I104) -> 0
B106: (6) Somente será preenchido quando o licitante fornecer transporte próprio (6a) EPI - Equipamento de Proteção Individual (7) Tais custos de mobilização não são renováveis, devendo ser eliminados após o primeiro ano de contrato caso haja prorrogação
A108: LIMITE QUADRO I (Despesas Diretas) sobre Montante A (exceto Vale-transporte), conforme alíneas "b.2" e "b.3", Inc. II, art. 7º, do Decreto 52.768/2015, alterado pelo Decreto 53.424/2017: 10% SEM MATERIAIS/EQUIPAMENTOS; 20% COM MATERIAIS/EQUIPAMENTOS | F108: =I25 -> 0.2 | G108: =I110*F108 -> 1069.8652 | H108: Dedução Vale Transporte | I108: =I78 -> 113.2014
A109: Remuneração (Grupo I) | C109: Obrigações Sociais (Grupo II) | D109: Tempo Não Trabalhado (Grupo III) | E109: Indenizações (Grupo IV) | F109: Incidências (Grupo V) | G109: Demais Custos CCT | H109: Total Montante A | I109: Base de Cálculo
A110: =I37 -> 2758.2347 | C110: =I48 -> 1015.0304 | D110: =I60 -> 703.19263 | E110: =I67 -> 95.972776 | F110: =I71 -> 258.77489 | G110: =I81 -> 631.3222 | H110: =A110+C110+D110+E110+F110+G110 -> 5462.5276 | I110: =H110-I108 -> 5349.3262
A112: II | B112: Despesas Indiretas | H112: % | I112: Valor Mensal/unidade de serviço (R$)
...

Sheet Limpeza Seg-Sáb
A1: PLANILHA DE CUSTOS E FORMAÇÃO DE PREÇOS DE SERVIÇOS CONTINUADOS COM DEDICAÇÃO EXCLUSIVA DE MÃO DE OBRA (ANEXO III - DECRETOS 52.768 de 15.12.2015 e 54.273 de 10.10.2018)
A2: PROCESSO: | C2: 24/1300-0006476-8 | E2: REGIME DE TRIBUTAÇÃO: LUCRO REAL
A3: LICITAÇÃO/EDITAL | E3: ABERTURA:
A5: Cargo/Função: | D5: Servente de Limpeza - seg-sáb | G5: =IF(D6="12x36","Regime de trabalho:","Quantidade de HORAS/MÊS") -> Quantidade de HORAS/MÊS | I5: =IF(D6="12x36",D6,5*D6) -> 220
A6: =IF(D6="12x36","Regime de trabalho:","Regime de trabalho (horas semanais):") -> Regime de trabalho (horas semanais): | D6: 44
A7: Convenção Coletiva de Trabalho: | D7: RS004917/2023 | G7: INSALUBRIDADE (10%, 20%, 40%) | I7: 0.4
A8: Origem do salário: | D8: CCT
A9: Cidade: | D9: GRAVATAÍ | G9: PERICULOSIDADE (30%) | I9: Não aplicável
A10: Salário Normativo | G10: Vlr. do salário e nº de horas correspondentes | H10: 220 | I10: 1540.51
A11: ISS | G11: =D9 -> GRAVATAÍ | H11: Alíquota | I11: 0.025
A12: Tarifa Transporte | G12: CCT | H12: Vr. Unitário | I12: 4.5
H13: Dias | I13: 26
H14: Desconto | I14: 0.06
A15: Auxílio Alimentação | G15: CCT | H15: Vr. Unitário | I15: 23.68
H16: Dias | I16: 26
H17: Desconto | I17: 0.19
A18: Auxílio Lanche | G18: CCT | H18: Vr. Unitário | I18: 0
H19: Dias | I19: 0
H20: Desconto | I20: 0
A21: Outros: PLANO DE BENEFÍCIO SOCIAL FAMILIAR | G21: CCT | H21: Valor mensal | I21: 19.42
A22: Adicional de Supervisor (37%) | H22: Porcentagem | I22: Não aplicável
A23: Base de cálculo da insalubridade (ver observação 2 do Anexo I - Folha de Dados - CGL 12.1.2) | H23: Valor | I23: =I29 -> 1540.51
A24: Hora Intervalar | H24: Horas por mês | I24: Não aplicável
A25: Sem fornecimento de materiais ou apenas fornecimento de EPIs ou uniformes, utilizar 10%. Com fornecimento de materiais ou equipamentos, utilizar 20%. (Decreto 52.768/2015, alterado pelo Decreto 53.424/2017) | H25: Porcentagem | I25: 0.2
A27: MONTANTE A
A28: I | B28: Remuneração - Grupo I | H28: % | I28: Valor Mensal/unidade de serviço (R$)
A29: 1 | B29: Salário | H29: =I29/$I$37 -> 0.71428571 | I29: =IF(D6="12x36",I10,I10/H10*I5) -> 1540.51
A30: =A29+1 -> 2 | B30: Adicional Periculosidade 30% (Ver súmulas 364, 132 e 191 do TST) | H30: =I30/$I$37 -> 0 | I30: =IF(I9=30%,I29*I9,0) -> 0
A31: =A30+1 -> 3 | B31: Adicional Insalubridade 10% (Ver súmula 228 e 139 TST) | H31: =I31/$I$37 -> 0 | I31: =IF(I7=10%,I23*I7,0) -> 0
A32: =A31+1 -> 4 | B32: Adicional Insalubridade 20% (Ver súmula 228 e 139 TST) | H32: =I32/$I$37 -> 0 | I32: =IF(I7=20%,I23*I7,0) -> 0
A33: =A32+1 -> 5 | B33: Adicional Insalubridade 40% (Ver súmula 228 e 139 TST) | H33: =I33/$I$37 -> 0.28571429 | I33: =IF(I7=40%,I23*I7,0) -> 616.204
A34: =A33+1 -> 6 | B34: Adicional de Supervisor (IN 02/2008 MPOG SLTI) | H34: =I34/$I$37 -> 0 | I34: =IF(I22="Não aplicável",0,I29*I22) -> 0
A35: =A34+1 -> 7 | B35: DSR - Descanso Semanal Remunerado | H35: =I35/$I$37 -> 0 | I35: 0
A36: =A35+1 -> 8 | B36: =IF(D6="12x36","Para postos 12x36 os feriados são considerados compensados, conforme parágrafo único, Art. 59-A da CLT","Outros") -> Outros | H36: =I36/$I$37 -> 0 | I36: 0
A37: Total de Remuneração | H37: =SUM(H29:H36) -> 1 | I37: =SUM(I29:I36) -> 2156.714
A39: II | B39: Encargos Sociais - Grupo II: Obrigações Sociais | H39: % | I39: Valor Mensal/unidade de serviço (R$)
A40: 1 | B40: INSS (art. 22, inc. I, Lei nº 8.212/91) | H40: 0.2 | I40: =$I$37*H40 -> 431.3428
A41: 2 | B41: SESI ou SESC (art. 30, Lei nº 8.036/90) | H41: 0.015 | I41: =$I$37*H41 -> 32.35071
A42: 3 | B42: SENAI ou SENAC (Decreto-Lei nº 2.318/86) | H42: 0.01 | I42: =$I$37*H42 -> 21.56714
A43: 4 | B43: INCRA (art. 15I, Lei Complementar nº 011/71) | H43: 0.002 | I43: =$I$37*H43 -> 4.313428
A44: 5 | B44: SALÁRIO EDUCAÇÃO (art. , inc. I, Decreto nº 87.043/82) | H44: 0.025 | I44: =$I$37*H44 -> 53.91785
A45: 6 | B45: FGTS (art. 15, Lei nº 8.036/90) | H45: 0.08 | I45: =$I$37*H45 -> 172.53712
A46: 7 | B46: SEG. ACIDENTE DO TRABALHO 1%, 2% e 3% (art. 22, inc. II, alíneas "b" e "c", da Lei nº 8.212/91) | H46: 0.03 | I46: =$I$37*H46 -> 64.70142
A47: 8 | B47: SEBRAE (§ 3º, art. 8º, Lei nº 8.029/90) | H47: 0.006 | I47: =$I$37*H47 -> 12.940284
A48: Total do Grupo II | H48: =SUM(H40:H47) -> 0.368 | I48: =SUM(I40:I47) -> 793.67075
A49: Os percentuais para o SAT podem variar de 0,50% a 6,00% em função do Fator de Acidente Previdenciário (FAP), Decreto nº 6.957/2009
A50: Deverá obrigatoriamente acompanhar a proposta de preços e a planilha de custos e formação de preços a prova do Fator Acidentário de Prevenção – FAP por meio de impressão de consulta ao site do Ministério da Previdência Social (que pode ser obtido no endereço eletrônico http://www2.dataprev.gov.br/fap/fap.htm), independentemente de alteração da alíquota da parcela do Seguro Acidente de Trabalho disposta no Quadro II da referida planilha.
A51: III | B51: Encargos Sociais - Grupo III: Tempo Não Trabalhado | H51: % | I51: Valor Mensal/unidade de serviço (R$)
A52: 1 | B52: FÉRIAS GOZADAS + ADICIONAL DE FÉRIAS | H52: 0.119314 | I52: =$I$37*H52 -> 257.32617
A53: 2 | B53: FALTAS ABONADAS (3) | H53: 0.020479 | I53: =$I$37*H53 -> 44.167346
A54: 3 | B54: FALTAS LEGAIS (4) | H54: 0.012123 | I54: =$I$37*H54 -> 26.145844
A55: 4 | B55: LICENÇA MATERNIDADE | H55: 0.011436 | I55: =$I$37*H55 -> 24.664181
A56: 5 | B56: LICENÇA PATERNIDADE | H56: 0.000174 | I56: =$I$37*H56 -> 0.37526824
A57: 6 | B57: ACIDENTE DE TRABALHO | H57: 0.000442 | I57: =$I$37*H57 -> 0.95326759
A58: 7 | B58: AVISO PRÉVIO TRABALHADO | H58: 0.000185 | I58: =$I$37*H58 -> 0.39899209
A59: 8 | B59: 13º SALÁRIO | H59: 0.09079 | I59: =$I$37*H59 -> 195.80806
A60: Total do Grupo III | H60: =SUM(H52:H59) -> 0.254943 | I60: =SUM(I52:I59) -> 549.83914
A61: (3) | B61: Faltas Justificadas por Auxílio Doença
A62: (4) | B62: Faltas Legais - Art. 473 CLT
A63: IV | B63: Encargos Sociais - Grupo IV: Indenizações | H63: % | I63: Valor Mensal/unidade de serviço (R$)
A64: 1 | B64: INDENIZAÇÕES | H64: 0.023627 | I64: =$I$37*H64 -> 50.956682
A65: 2 | B65: FGTS SOBRE INDENIZAÇÕES | H65: 0.001717 | I65: =$I$37*H65 -> 3.7030779
A66: 3 | B66: INDENIZAÇÃO COMPENSATÓRIA POR DEMISSÃO SEM JUSTA CAUSA | H66: 0.009451 | I66: =$I$37*H66 -> 20.383104
A67: Total do Grupo IV | H67: =SUM(H64:H66) -> 0.034795 | I67: =SUM(I64:I66) -> 75.042864
A69: V | B69: Encargos Sociais - Grupo V: Incidências | H69: % | I69: Valor Mensal/unidade de serviço (R$)
A70: 1 | B70: INCIDÊNCIA GRUPO II (Obrigações Sociais) X GRUPO III (Tempo Não Trabalhado) | H70: =(H48*H60) -> 0.093819024 | I70: =$I$37*H70 -> 202.3408
A71: Total do Grupo V | H71: =SUM(H70:H70) -> 0.093819024 | I71: =I70 -> 202.3408
A73: TOTAL DOS ENCAGOS SOCIAIS (II + III + IV + V) | H73: =H48+H60+H67+H71 -> 0.75155702 | I73: =I48+I60+I67+I71 -> 1620.8936
A75: VI | B75: Demais custos relativos à Norma Coletiva ou Disposições Legais - Grupo VI | H75: % | I75: Valor Mensal/unidade de serviço (R$)
A76: 1 | B76: Auxílio Alimentação | H76: =I76/$I$37 -> 0.23123177 | I76: =I93 -> 498.7008
A77: 2 | B77: Auxílio Lanche | H77: =I77/$I$37 -> 0 | I77: =I89 -> 0
A78: 3 | B78: Vale-Transporte⁽⁵⁾ | H78: =I78/$I$37 -> 0.065641249 | I78: =I85 -> 141.5694
A79: 4 | B79: Adicional Intervalar | H79: =I79/$I$37 -> 0 | I79: =IF(I24="Não aplicável",0,((I10/H10)*1.5*I24)) -> 0
A80: 5 | B80: Outros | H80: =I80/$I$37 -> 0.0090044392 | I80: =IF(I21="Não aplicável",0,I21) -> 19.42
A81: Total do Grupo VI | H81: =SUM(H76:H80) -> 0.30587746 | I81: =SUM(I76:I80) -> 659.6902
A82: (5) | B82: O valor do vale-transporte pode variar de acordo com o modal fornecido pelo empregador.
A83: MEMÓRIA DE CÁLCULO DO VALE TRANSPORTE
A84: Valor Unitário | C84: Dias de Trabalho | D84: Vale p/dia | E84: Custo total | F84: Base de cálculo | G84: Percentual de desconto | H84: Valor desconto | I84: Custo efetivo
A85: =I12 -> 4.5 | C85: =I13 -> 26 | D85: 2 | E85: =A85*C85*D85 -> 234 | F85: =I29 -> 1540.51 | G85: =I14 -> 0.06 | H85: =F85*G85 -> 92.4306 | I85: =IF((E85-H85)>0,E85-H85,0) -> 141.5694
A87: MEMÓRIA DE CÁLCULO DO VALE LANCHE
A88: Valor Unitário | C88: Dias por mês | D88: Vale p/dia | E88: Custo total | F88: Base de cálculo | G88: Percentual de desconto | H88: Valor desconto | I88: Custo efetivo
A89: =I18 -> 0 | C89: =I19 -> 0 | D89: 1 | E89: =A89*C89*D89 -> 0 | F89: =E89 -> 0 | G89: =I20 -> 0 | H89: =F89*G89 -> 0 | I89: =E89-H89 -> 0
A91: MEMÓRIA DE CÁLCULO DO VALE ALIMENTAÇÃO
A92: Valor Unitário | C92: Dias por mês | D92: Vale p/dia | E92: Custo total | F92: Base de cálculo | G92: Percentual de desconto | H92: =H84 -> Valor desconto | I92: Custo efetivo
A93: =I15 -> 23.68 | C93: =I16 -> 26 | D93: 1 | E93: =A93*C93*D93 -> 615.68 | F93: =E93 -> 615.68 | G93: =I17 -> 0.19 | H93: =F93*G93 -> 116.9792 | I93: =E93-H93 -> 498.7008
A95: TOTAL DO MONTANTE A (I + II + III+ IV + V +VI) | H95: =H37+H73+H81 -> 2.0574345 | I95: =I37+I73+I81 -> 4437.2978
A97: MONTANTE B
A98: I | B98: Despesas Diretas | H98: % | I98: Valor Mensal/unidade de serviço (R$)
A99: 1 | B99: Transporte (6) | H99: =I99/$I$110 -> 0 | I99: 0
A100: 2 | B100: Uniformes/EPI (6a) | H100: =I100/$I$110 -> 0 | I100: 0
A101: 3 | B101: Seguro de vida | H101: =I101/$I$110 -> 0 | I101: 0
A102: 4 | B102: Materiais/Equipamentos | H102: =I102/$I$110 -> 0 | I102: 0
A103: 5 | B103: Mobilização (7) | H103: =I103/$I$110 -> 0 | I103: 0
A104: 6 | B104: Outros (especificar) | H104: =I104/$I$110 -> 0 | I104: 0
A105: Total de Despesas Diretas | H105: =H99+H100+H101+H102+H103+H104 -> 0 | I105: =SUM(I99:I104) -> 0
B106: (6) Somente será preenchido quando o licitante fornecer transporte próprio (6a) EPI - Equipamento de Proteção Individual (7) Tais custos de mobilização não são renováveis, devendo ser eliminados após o primeiro ano de contrato caso haja prorrogação
A108: LIMITE QUADRO I (Despesas Diretas) sobre Montante A (exceto Vale-transporte), conforme alíneas "b.2" e "b.3", Inc. II, art. 7º, do Decreto 52.768/2015, alterado pelo Decreto 53.424/2017: 10% SEM MATERIAIS/EQUIPAMENTOS; 20% COM MATERIAIS/EQUIPAMENTOS | F108: =I25 -> 0.2 | G108: =I110*F108 -> 859.14567 | H108: Dedução Vale Transporte | I108: =I78 -> 141.5694
A109: Remuneração (Grupo I) | C109: Obrigações Sociais (Grupo II) | D109: Tempo Não Trabalhado (Grupo III) | E109: Indenizações (Grupo IV) | F109: Incidências (Grupo V) | G109: Demais Custos CCT | H109: Total Montante A | I109: Base de Cálculo
A110: =I37 -> 2156.714 | C110: =I48 -> 793.67075 | D110: =I60 -> 549.83914 | E110: =I67 -> 75.042864 | F110: =I71 -> 202.3408 | G110: =I81 -> 659.6902 | H110: =A110+C110+D110+E110+F110+G110 -> 4437.2978 | I110: =H110-I108 -> 4295.7284
A112: II | B112: Despesas Indiretas | H112: % | I112: Valor Mensal/unidade de serviço (R$)
...

Sheet Aux. Adm. Seg-Sex Poa Centro
A1: PLANILHA DE CUSTOS E FORMAÇÃO DE PREÇOS DE SERVIÇOS CONTINUADOS COM DEDICAÇÃO EXCLUSIVA DE MÃO DE OBRA (ANEXO III - DECRETOS 52.768 de 15.12.2015 e 54.273 de 10.10.2018)
A2: PROCESSO: | C2: 24/1300-0006476-8 | E2: REGIME DE TRIBUTAÇÃO: LUCRO REAL
A3: LICITAÇÃO/EDITAL | E3: ABERTURA:
A5: Cargo/Função: | D5: Auxiliar Administrativo - seg-sex | G5: =IF(D6="12x36","Regime de trabalho:","Quantidade de HORAS/MÊS") -> Quantidade de HORAS/MÊS | I5: =IF(D6="12x36",D6,5*D6) -> 150
A6: =IF(D6="12x36","Regime de trabalho:","Regime de trabalho (horas semanais):") -> Regime de trabalho (horas semanais): | D6: 30
A7: Convenção Coletiva de Trabalho: | D7: RS004917/2023 | G7: INSALUBRIDADE (10%, 20%, 40%) | I7: Não aplicável
A8: Origem do salário: | D8: CCT
A9: Cidade: | D9: Porto Alegre Centro | G9: PERICULOSIDADE (30%) | I9: Não aplicável
A10: Salário Normativo | G10: Vlr. do salário e nº de horas correspondentes | H10: 220 | I10: 2013.31
A11: ISS | G11: =D9 -> Porto Alegre Centro | H11: Alíquota | I11: 0.05
A12: Tarifa Transporte | G12: CCT | H12: Vr. Unitário | I12: 4.8
H13: Dias | I13: 22
H14: Desconto | I14: 0.06
A15: Auxílio Alimentação | G15: CCT | H15: Vr. Unitário | I15: 0
H16: Dias | I16: 0
H17: Desconto | I17: 0
A18: Auxílio Lanche | G18: CCT | H18: Vr. Unitário | I18: 11.84
H19: Dias | I19: 22
H20: Desconto | I20: 0.19
A21: Outros: PLANO DE BENEFÍCIO SOCIAL FAMILIAR | G21: CCT | H21: Valor mensal | I21: 19.42
A22: Adicional de Supervisor (37%) | H22: Porcentagem | I22: Não aplicável
A23: Base de cálculo da insalubridade | H23: Valor | I23: Não aplicável
A24: Hora Intervalar | H24: Horas por mês | I24: Não aplicável
A25: Sem fornecimento de materiais ou apenas fornecimento de EPIs ou uniformes, utilizar 10%. Com fornecimento de materiais ou equipamentos, utilizar 20%. (Decreto 52.768/2015, alterado pelo Decreto 53.424/2017) | H25: Porcentagem | I25: 0.2
A27: MONTANTE A
A28: I | B28: Remuneração - Grupo I | H28: % | I28: Valor Mensal/unidade de serviço (R$)
A29: 1 | B29: Salário | H29: =I29/$I$37 -> 1 | I29: =IF(D6="12x36",I10,I10/H10*I5) -> 1372.7114
A30: =A29+1 -> 2 | B30: Adicional Periculosidade 30% (Ver súmulas 364, 132 e 191 do TST) | H30: =I30/$I$37 -> 0 | I30: =IF(I9=30%,I29*I9,0) -> 0
A31: =A30+1 -> 3 | B31: Adicional Insalubridade 10% (Ver súmula 228 e 139 TST) | H31: =I31/$I$37 -> 0 | I31: =IF(I7=10%,I23*I7,0) -> 0
A32: =A31+1 -> 4 | B32: Adicional Insalubridade 20% (Ver súmula 228 e 139 TST) | H32: =I32/$I$37 -> 0 | I32: =IF(I7=20%,I23*I7,0) -> 0
A33: =A32+1 -> 5 | B33: Adicional Insalubridade 40% (Ver súmula 228 e 139 TST) | H33: =I33/$I$37 -> 0 | I33: =IF(I7=40%,I23*I7,0) -> 0
A34: =A33+1 -> 6 | B34: Adicional de Supervisor (IN 02/2008 MPOG SLTI) | H34: =I34/$I$37 -> 0 | I34: =IF(I22="Não aplicável",0,I29*I22) -> 0
A35: =A34+1 -> 7 | B35: DSR - Descanso Semanal Remunerado | H35: =I35/$I$37 -> 0 | I35: 0
A36: =A35+1 -> 8 | B36: =IF(D6="12x36","Para postos 12x36 os feriados são considerados compensados, conforme parágrafo único, Art. 59-A da CLT","Outros") -> Outros | H36: =I36/$I$37 -> 0 | I36: 0
A37: Total de Remuneração | H37: =SUM(H29:H36) -> 1 | I37: =SUM(I29:I36) -> 1372.7114
A39: II | B39: Encargos Sociais - Grupo II: Obrigações Sociais | H39: % | I39: Valor Mensal/unidade de serviço (R$)
A40: 1 | B40: INSS (art. 22, inc. I, Lei nº 8.212/91) | H40: 0.2 | I40: =$I$37*H40 -> 274.54227
A41: 2 | B41: SESI ou SESC (art. 30, Lei nº 8.036/90) | H41: 0.015 | I41: =$I$37*H41 -> 20.59067
A42: 3 | B42: SENAI ou SENAC (Decreto-Lei nº 2.318/86) | H42: 0.01 | I42: =$I$37*H42 -> 13.727114
A43: 4 | B43: INCRA (art. 15I, Lei Complementar nº 011/71) | H43: 0.002 | I43: =$I$37*H43 -> 2.7454227
A44: 5 | B44: SALÁRIO EDUCAÇÃO (art. , inc. I, Decreto nº 87.043/82) | H44: 0.025 | I44: =$I$37*H44 -> 34.317784
A45: 6 | B45: FGTS (art. 15, Lei nº 8.036/90) | H45: 0.08 | I45: =$I$37*H45 -> 109.81691
A46: 7 | B46: SEG. ACIDENTE DO TRABALHO 1%, 2% e 3% (art. 22, inc. II, alíneas "b" e "c", da Lei nº 8.212/91) | H46: 0.03 | I46: =$I$37*H46 -> 41.181341
A47: 8 | B47: SEBRAE (§ 3º, art. 8º, Lei nº 8.029/90) | H47: 0.006 | I47: =$I$37*H47 -> 8.2362682
A48: Total do Grupo II | H48: =SUM(H40:H47) -> 0.368 | I48: =SUM(I40:I47) -> 505.15778
A49: Os percentuais para o SAT podem variar de 0,50% a 6,00% em função do Fator de Acidente Previdenciário (FAP), Decreto nº 6.957/2009
A50: Deverá obrigatoriamente acompanhar a proposta de preços e a planilha de custos e formação de preços a prova do Fator Acidentário de Prevenção – FAP por meio de impressão de consulta ao site do Ministério da Previdência Social (que pode ser obtido no endereço eletrônico http://www2.dataprev.gov.br/fap/fap.htm), independentemente de alteração da alíquota da parcela do Seguro Acidente de Trabalho disposta no Quadro II da referida planilha.
A51: III | B51: Encargos Sociais - Grupo III: Tempo Não Trabalhado | H51: % | I51: Valor Mensal/unidade de serviço (R$)
A52: 1 | B52: FÉRIAS GOZADAS + ADICIONAL DE FÉRIAS | H52: 0.119314 | I52: =$I$37*H52 -> 163.78368
A53: 2 | B53: FALTAS ABONADAS (3) | H53: 0.020479 | I53: =$I$37*H53 -> 28.111756
A54: 3 | B54: FALTAS LEGAIS (4) | H54: 0.012123 | I54: =$I$37*H54 -> 16.64138
A55: 4 | B55: LICENÇA MATERNIDADE | H55: 0.011436 | I55: =$I$37*H55 -> 15.698327
A56: 5 | B56: LICENÇA PATERNIDADE | H56: 0.000174 | I56: =$I$37*H56 -> 0.23885178
A57: 6 | B57: ACIDENTE DE TRABALHO | H57: 0.000442 | I57: =$I$37*H57 -> 0.60673842
A58: 7 | B58: AVISO PRÉVIO TRABALHADO | H58: 0.000185 | I58: =$I$37*H58 -> 0.2539516
A59: 8 | B59: 13º SALÁRIO | H59: 0.09079 | I59: =$I$37*H59 -> 124.62846
A60: Total do Grupo III | H60: =SUM(H52:H59) -> 0.254943 | I60: =SUM(I52:I59) -> 349.96315
A61: (3) | B61: Faltas Justificadas por Auxílio Doença
A62: (4) | B62: Faltas Legais - Art. 473 CLT
A63: IV | B63: Encargos Sociais - Grupo IV: Indenizações | H63: % | I63: Valor Mensal/unidade de serviço (R$)
A64: 1 | B64: INDENIZAÇÕES | H64: 0.023627 | I64: =$I$37*H64 -> 32.433051
A65: 2 | B65: FGTS SOBRE INDENIZAÇÕES | H65: 0.001717 | I65: =$I$37*H65 -> 2.3569454
A66: 3 | B66: INDENIZAÇÃO COMPENSATÓRIA POR DEMISSÃO SEM JUSTA CAUSA | H66: 0.009451 | I66: =$I$37*H66 -> 12.973495
A67: Total do Grupo IV | H67: =SUM(H64:H66) -> 0.034795 | I67: =SUM(I64:I66) -> 47.763492
A69: V | B69: Encargos Sociais - Grupo V: Incidências | H69: % | I69: Valor Mensal/unidade de serviço (R$)
A70: 1 | B70: INCIDÊNCIA GRUPO II (Obrigações Sociais) X GRUPO III (Tempo Não Trabalhado) | H70: =(H48*H60) -> 0.093819024 | I70: =$I$37*H70 -> 128.78644
A71: Total do Grupo V | H71: =SUM(H70:H70) -> 0.093819024 | I71: =I70 -> 128.78644
A73: TOTAL DOS ENCAGOS SOCIAIS (II + III + IV + V) | H73: =H48+H60+H67+H71 -> 0.75155702 | I73: =I48+I60+I67+I71 -> 1031.6709
A75: VI | B75: Demais custos relativos à Norma Coletiva ou Disposições Legais - Grupo VI | H75: % | I75: Valor Mensal/unidade de serviço (R$)
A76: 1 | B76: Auxílio Alimentação | H76: =I76/$I$37 -> 0 | I76: =I93 -> 0
A77: 2 | B77: Auxílio Lanche | H77: =I77/$I$37 -> 0.15370223 | I77: =I89 -> 210.9888
A78: 3 | B78: Vale-Transporte⁽⁵⁾ | H78: =I78/$I$37 -> 0.093856088 | I78: =I85 -> 128.83732
A79: 4 | B79: Adicional Intervalar | H79: =I79/$I$37 -> 0 | I79: =IF(I24="Não aplicável",0,((I10/H10)*1.5*I24)) -> 0
A80: 5 | B80: Outros | H80: =I80/$I$37 -> 0.014147184 | I80: =IF(I21="Não aplicável",0,I21) -> 19.42
A81: Total do Grupo VI | H81: =SUM(H76:H80) -> 0.2617055 | I81: =SUM(I76:I80) -> 359.24612
A82: (5) | B82: O valor do vale-transporte pode variar de acordo com o modal fornecido pelo empregador.
A83: MEMÓRIA DE CÁLCULO DO VALE TRANSPORTE
A84: Valor Unitário | C84: Dias de Trabalho | D84: Vale p/dia | E84: Custo total | F84: Base de cálculo | G84: Percentual de desconto | H84: Valor desconto | I84: Custo efetivo
A85: =I12 -> 4.8 | C85: =I13 -> 22 | D85: 2 | E85: =A85*C85*D85 -> 211.2 | F85: =I29 -> 1372.7114 | G85: =I14 -> 0.06 | H85: =F85*G85 -> 82.362682 | I85: =IF((E85-H85)>0,E85-H85,0) -> 128.83732
A87: MEMÓRIA DE CÁLCULO DO VALE LANCHE
A88: Valor Unitário | C88: Dias por mês | D88: Vale p/dia | E88: Custo total | F88: Base de cálculo | G88: Percentual de desconto | H88: Valor desconto | I88: Custo efetivo
A89: =I18 -> 11.84 | C89: =I19 -> 22 | D89: 1 | E89: =A89*C89*D89 -> 260.48 | F89: =E89 -> 260.48 | G89: =I20 -> 0.19 | H89: =F89*G89 -> 49.4912 | I89: =E89-H89 -> 210.9888
A91: MEMÓRIA DE CÁLCULO DO VALE ALIMENTAÇÃO
A92: Valor Unitário | C92: Dias por mês | D92: Vale p/dia | E92: Custo total | F92: Base de cálculo | G92: Percentual de desconto | H92: =H84 -> Valor desconto | I92: Custo efetivo
A93: =I15 -> 0 | C93: =I16 -> 0 | D93: 1 | E93: =A93*C93*D93 -> 0 | F93: =E93 -> 0 | G93: =I17 -> 0 | H93: =F93*G93 -> 0 | I93: =E93-H93 -> 0
A95: TOTAL DO MONTANTE A (I + II + III+ IV + V +VI) | H95: =H37+H73+H81 -> 2.0132625 | I95: =I37+I73+I81 -> 2763.6283
A97: MONTANTE B
A98: I | B98: Despesas Diretas | H98: % | I98: Valor Mensal/unidade de serviço (R$)
A99: 1 | B99: Transporte (6) | H99: =I99/$I$110 -> 0 | I99: 0
A100: 2 | B100: Uniformes/EPI (6a) | H100: =I100/$I$110 -> 0 | I100: 0
A101: 3 | B101: Seguro de vida | H101: =I101/$I$110 -> 0 | I101: 0
A102: 4 | B102: Materiais/Equipamentos | H102: =I102/$I$110 -> 0 | I102: 0
A103: 5 | B103: Mobilização (7) | H103: =I103/$I$110 -> 0 | I103: 0
A104: 6 | B104: Outros (especificar) | H104: =I104/$I$110 -> 0 | I104: 0
A105: Total de Despesas Diretas | H105: =H99+H100+H101+H102+H103+H104 -> 0 | I105: =SUM(I99:I104) -> 0
B106: (6) Somente será preenchido quando o licitante fornecer transporte próprio (6a) EPI - Equipamento de Proteção Individual (7) Tais custos de mobilização não são renováveis, devendo ser eliminados após o primeiro ano de contrato caso haja prorrogação
A108: LIMITE QUADRO I (Despesas Diretas) sobre Montante A (exceto Vale-transporte), conforme alíneas "b.2" e "b.3", Inc. II, art. 7º, do Decreto 52.768/2015, alterado pelo Decreto 53.424/2017: 10% SEM MATERIAIS/EQUIPAMENTOS; 20% COM MATERIAIS/EQUIPAMENTOS | F108: =I25 -> 0.2 | G108: =I110*F108 -> 526.95821 | H108: Dedução Vale Transporte | I108: =I78 -> 128.83732
A109: Remuneração (Grupo I) | C109: Obrigações Sociais (Grupo II) | D109: Tempo Não Trabalhado (Grupo III) | E109: Indenizações (Grupo IV) | F109: Incidências (Grupo V) | G109: Demais Custos CCT | H109: Total Montante A | I109: Base de Cálculo
A110: =I37 -> 1372.7114 | C110: =I48 -> 505.15778 | D110: =I60 -> 349.96315 | E110: =I67 -> 47.763492 | F110: =I71 -> 128.78644 | G110: =I81 -> 359.24612 | H110: =A110+C110+D110+E110+F110+G110 -> 2763.6283 | I110: =H110-I108 -> 2634.791
A112: II | B112: Despesas Indiretas | H112: % | I112: Valor Mensal/unidade de serviço (R$)
...

Sheet Aux. Adm. Seg-Sáb Poa Centro
A1: PLANILHA DE CUSTOS E FORMAÇÃO DE PREÇOS DE SERVIÇOS CONTINUADOS COM DEDICAÇÃO EXCLUSIVA DE MÃO DE OBRA (ANEXO III - DECRETOS 52.768 de 15.12.2015 e 54.273 de 10.10.2018)
A2: PROCESSO: | C2: 24/1300-0006476-8 | E2: REGIME DE TRIBUTAÇÃO: LUCRO REAL
A3: LICITAÇÃO/EDITAL | E3: ABERTURA:
A5: Cargo/Função: | D5: Auxiliar Administrativo - seg-sáb | G5: =IF(D6="12x36","Regime de trabalho:","Quantidade de HORAS/MÊS") -> Quantidade de HORAS/MÊS | I5: =IF(D6="12x36",D6,5*D6) -> 220
A6: =IF(D6="12x36","Regime de trabalho:","Regime de trabalho (horas semanais):") -> Regime de trabalho (horas semanais): | D6: 44
A7: Convenção Coletiva de Trabalho: | D7: RS004917/2023 | G7: INSALUBRIDADE (10%, 20%, 40%) | I7: Não aplicável
A8: Origem do salário: | D8: CCT
A9: Cidade: | D9: Porto Alegre Centro | G9: PERICULOSIDADE (30%) | I9: Não aplicável
A10: Salário Normativo | G10: Vlr. do salário e nº de horas correspondentes | H10: 220 | I10: 2013.31
A11: ISS | G11: =D9 -> Porto Alegre Centro | H11: Alíquota | I11: 0.05
A12: Tarifa Transporte | G12: CCT | H12: Vr. Unitário | I12: 4.8
H13: Dias | I13: 26
H14: Desconto | I14: 0.06
A15: Auxílio Alimentação | G15: CCT | H15: Vr. Unitário | I15: 23.68
H16: Dias | I16: 26
H17: Desconto | I17: 0.19
A18: Auxílio Lanche | G18: CCT | H18: Vr. Unitário | I18: 0
H19: Dias | I19: 0
H20: Desconto | I20: 0
A21: Outros: PLANO DE BENEFÍCIO SOCIAL FAMILIAR | G21: CCT | H21: Valor mensal | I21: 19.42
A22: Adicional de Supervisor (37%) | H22: Porcentagem | I22: Não aplicável
A23: Base de cálculo da insalubridade | H23: Valor | I23: Não aplicável
A24: Hora Intervalar | H24: Horas por mês | I24: Não aplicável
A25: Sem fornecimento de materiais ou apenas fornecimento de EPIs ou uniformes, utilizar 10%. Com fornecimento de materiais ou equipamentos, utilizar 20%. (Decreto 52.768/2015, alterado pelo Decreto 53.424/2017) | H25: Porcentagem | I25: 0.2
A27: MONTANTE A
A28: I | B28: Remuneração - Grupo I | H28: % | I28: Valor Mensal/unidade de serviço (R$)
A29: 1 | B29: Salário | H29: =I29/$I$37 -> 1 | I29: =IF(D6="12x36",I10,I10/H10*I5) -> 2013.31
A30: =A29+1 -> 2 | B30: Adicional Periculosidade 30% (Ver súmulas 364, 132 e 191 do TST) | H30: =I30/$I$37 -> 0 | I30: =IF(I9=30%,I29*I9,0) -> 0
A31: =A30+1 -> 3 | B31: Adicional Insalubridade 10% (Ver súmula 228 e 139 TST) | H31: =I31/$I$37 -> 0 | I31: =IF(I7=10%,I23*I7,0) -> 0
A32: =A31+1 -> 4 | B32: Adicional Insalubridade 20% (Ver súmula 228 e 139 TST) | H32: =I32/$I$37 -> 0 | I32: =IF(I7=20%,I23*I7,0) -> 0
A33: =A32+1 -> 5 | B33: Adicional Insalubridade 40% (Ver súmula 228 e 139 TST) | H33: =I33/$I$37 -> 0 | I33: =IF(I7=40%,I23*I7,0) -> 0
A34: =A33+1 -> 6 | B34: Adicional de Supervisor (IN 02/2008 MPOG SLTI) | H34: =I34/$I$37 -> 0 | I34: =IF(I22="Não aplicável",0,I29*I22) -> 0
A35: =A34+1 -> 7 | B35: DSR - Descanso Semanal Remunerado | H35: =I35/$I$37 -> 0 | I35: 0
A36: =A35+1 -> 8 | B36: =IF(D6="12x36","Para postos 12x36 os feriados são considerados compensados, conforme parágrafo único, Art. 59-A da CLT","Outros") -> Outros | H36: =I36/$I$37 -> 0 | I36: 0
A37: Total de Remuneração | H37: =SUM(H29:H36) -> 1 | I37: =SUM(I29:I36) -> 2013.31
A39: II | B39: Encargos Sociais - Grupo II: Obrigações Sociais | H39: % | I39: Valor Mensal/unidade de serviço (R$)
A40: 1 | B40: INSS (art. 22, inc. I, Lei nº 8.212/91) | H40: 0.2 | I40: =$I$37*H40 -> 402.662
A41: 2 | B41: SESI ou SESC (art. 30, Lei nº 8.036/90) | H41: 0.015 | I41: =$I$37*H41 -> 30.19965
A42: 3 | B42: SENAI ou SENAC (Decreto-Lei nº 2.318/86) | H42: 0.01 | I42: =$I$37*H42 -> 20.1331
A43: 4 | B43: INCRA (art. 15I, Lei Complementar nº 011/71) | H43: 0.002 | I43: =$I$37*H43 -> 4.02662
A44: 5 | B44: SALÁRIO EDUCAÇÃO (art. , inc. I, Decreto nº 87.043/82) | H44: 0.025 | I44: =$I$37*H44 -> 50.33275
A45: 6 | B45: FGTS (art. 15, Lei nº 8.036/90) | H45: 0.08 | I45: =$I$37*H45 -> 161.0648
A46: 7 | B46: SEG. ACIDENTE DO TRABALHO 1%, 2% e 3% (art. 22, inc. II, alíneas "b" e "c", da Lei nº 8.212/91) | H46: 0.03 | I46: =$I$37*H46 -> 60.3993
A47: 8 | B47: SEBRAE (§ 3º, art. 8º, Lei nº 8.029/90) | H47: 0.006 | I47: =$I$37*H47 -> 12.07986
A48: Total do Grupo II | H48: =SUM(H40:H47) -> 0.368 | I48: =SUM(I40:I47) -> 740.89808
A49: Os percentuais para o SAT podem variar de 0,50% a 6,00% em função do Fator de Acidente Previdenciário (FAP), Decreto nº 6.957/2009
A50: Deverá obrigatoriamente acompanhar a proposta de preços e a planilha de custos e formação de preços a prova do Fator Acidentário de Prevenção – FAP por meio de impressão de consulta ao site do Ministério da Previdência Social (que pode ser obtido no endereço eletrônico http://www2.dataprev.gov.br/fap/fap.htm), independentemente de alteração da alíquota da parcela do Seguro Acidente de Trabalho disposta no Quadro II da referida planilha.
A51: III | B51: Encargos Sociais - Grupo III: Tempo Não Trabalhado | H51: % | I51: Valor Mensal/unidade de serviço (R$)
A52: 1 | B52: FÉRIAS GOZADAS + ADICIONAL DE FÉRIAS | H52: 0.119314 | I52: =$I$37*H52 -> 240.21607
A53: 2 | B53: FALTAS ABONADAS (3) | H53: 0.020479 | I53: =$I$37*H53 -> 41.230575
A54: 3 | B54: FALTAS LEGAIS (4) | H54: 0.012123 | I54: =$I$37*H54 -> 24.407357
A55: 4 | B55: LICENÇA MATERNIDADE | H55: 0.011436 | I55: =$I$37*H55 -> 23.024213
A56: 5 | B56: LICENÇA PATERNIDADE | H56: 0.000174 | I56: =$I$37*H56 -> 0.35031594
A57: 6 | B57: ACIDENTE DE TRABALHO | H57: 0.000442 | I57: =$I$37*H57 -> 0.88988302
A58: 7 | B58: AVISO PRÉVIO TRABALHADO | H58: 0.000185 | I58: =$I$37*H58 -> 0.37246235
A59: 8 | B59: 13º SALÁRIO | H59: 0.09079 | I59: =$I$37*H59 -> 182.78841
A60: Total do Grupo III | H60: =SUM(H52:H59) -> 0.254943 | I60: =SUM(I52:I59) -> 513.27929
A61: (3) | B61: Faltas Justificadas por Auxílio Doença
A62: (4) | B62: Faltas Legais - Art. 473 CLT
A63: IV | B63: Encargos Sociais - Grupo IV: Indenizações | H63: % | I63: Valor Mensal/unidade de serviço (R$)
A64: 1 | B64: INDENIZAÇÕES | H64: 0.023627 | I64: =$I$37*H64 -> 47.568475
A65: 2 | B65: FGTS SOBRE INDENIZAÇÕES | H65: 0.001717 | I65: =$I$37*H65 -> 3.4568533
A66: 3 | B66: INDENIZAÇÃO COMPENSATÓRIA POR DEMISSÃO SEM JUSTA CAUSA | H66: 0.009451 | I66: =$I$37*H66 -> 19.027793
A67: Total do Grupo IV | H67: =SUM(H64:H66) -> 0.034795 | I67: =SUM(I64:I66) -> 70.053121
A69: V | B69: Encargos Sociais - Grupo V: Incidências | H69: % | I69: Valor Mensal/unidade de serviço (R$)
A70: 1 | B70: INCIDÊNCIA GRUPO II (Obrigações Sociais) X GRUPO III (Tempo Não Trabalhado) | H70: =(H48*H60) -> 0.093819024 | I70: =$I$37*H70 -> 188.88678
A71: Total do Grupo V | H71: =SUM(H70:H70) -> 0.093819024 | I71: =I70 -> 188.88678
A73: TOTAL DOS ENCAGOS SOCIAIS (II + III + IV + V) | H73: =H48+H60+H67+H71 -> 0.75155702 | I73: =I48+I60+I67+I71 -> 1513.1173
A75: VI | B75: Demais custos relativos à Norma Coletiva ou Disposições Legais - Grupo VI | H75: % | I75: Valor Mensal/unidade de serviço (R$)
A76: 1 | B76: Auxílio Alimentação | H76: =I76/$I$37 -> 0.24770194 | I76: =I93 -> 498.7008
A77: 2 | B77: Auxílio Lanche | H77: =I77/$I$37 -> 0 | I77: =I89 -> 0
A78: 3 | B78: Vale-Transporte⁽⁵⁾ | H78: =I78/$I$37 -> 0.063974947 | I78: =I85 -> 128.8014
A79: 4 | B79: Adicional Intervalar | H79: =I79/$I$37 -> 0 | I79: =IF(I24="Não aplicável",0,((I10/H10)*1.5*I24)) -> 0
A80: 5 | B80: Outros | H80: =I80/$I$37 -> 0.0096458072 | I80: =IF(I21="Não aplicável",0,I21) -> 19.42
A81: Total do Grupo VI | H81: =SUM(H76:H80) -> 0.3213227 | I81: =SUM(I76:I80) -> 646.9222
A82: (5) | B82: O valor do vale-transporte pode variar de acordo com o modal fornecido pelo empregador.
A83: MEMÓRIA DE CÁLCULO DO VALE TRANSPORTE
A84: Valor Unitário | C84: Dias de Trabalho | D84: Vale p/dia | E84: Custo total | F84: Base de cálculo | G84: Percentual de desconto | H84: Valor desconto | I84: Custo efetivo
A85: =I12 -> 4.8 | C85: =I13 -> 26 | D85: 2 | E85: =A85*C85*D85 -> 249.6 | F85: =I29 -> 2013.31 | G85: =I14 -> 0.06 | H85: =F85*G85 -> 120.7986 | I85: =IF((E85-H85)>0,E85-H85,0) -> 128.8014
A87: MEMÓRIA DE CÁLCULO DO VALE LANCHE
A88: Valor Unitário | C88: Dias por mês | D88: Vale p/dia | E88: Custo total | F88: Base de cálculo | G88: Percentual de desconto | H88: Valor desconto | I88: Custo efetivo
A89: =I18 -> 0 | C89: =I19 -> 0 | D89: 1 | E89: =A89*C89*D89 -> 0 | F89: =E89 -> 0 | G89: =I20 -> 0 | H89: =F89*G89 -> 0 | I89: =E89-H89 -> 0
A91: MEMÓRIA DE CÁLCULO DO VALE ALIMENTAÇÃO
A92: Valor Unitário | C92: Dias por mês | D92: Vale p/dia | E92: Custo total | F92: Base de cálculo | G92: Percentual de desconto | H92: =H84 -> Valor desconto | I92: Custo efetivo
A93: =I15 -> 23.68 | C93: =I16 -> 26 | D93: 1 | E93: =A93*C93*D93 -> 615.68 | F93: =E93 -> 615.68 | G93: =I17 -> 0.19 | H93: =F93*G93 -> 116.9792 | I93: =E93-H93 -> 498.7008
A95: TOTAL DO MONTANTE A (I + II + III+ IV + V +VI) | H95: =H37+H73+H81 -> 2.0728797 | I95: =I37+I73+I81 -> 4173.3495
A97: MONTANTE B
A98: I | B98: Despesas Diretas | H98: % | I98: Valor Mensal/unidade de serviço (R$)
A99: 1 | B99: Transporte (6) | H99: =I99/$I$110 -> 0 | I99: 0
A100: 2 | B100: Uniformes/EPI (6a) | H100: =I100/$I$110 -> 0 | I100: 0
A101: 3 | B101: Seguro de vida | H101: =I101/$I$110 -> 0 | I101: 0
A102: 4 | B102: Materiais/Equipamentos | H102: =I102/$I$110 -> 0 | I102: 0
A103: 5 | B103: Mobilização (7) | H103: =I103/$I$110 -> 0 | I103: 0
A104: 6 | B104: Outros (especificar) | H104: =I104/$I$110 -> 0 | I104: 0
A105: Total de Despesas Diretas | H105: =H99+H100+H101+H102+H103+H104 -> 0 | I105: =SUM(I99:I104) -> 0
B106: (6) Somente será preenchido quando o licitante fornecer transporte próprio (6a) EPI - Equipamento de Proteção Individual (7) Tais custos de mobilização não são renováveis, devendo ser eliminados após o primeiro ano de contrato caso haja prorrogação
A108: LIMITE QUADRO I (Despesas Diretas) sobre Montante A (exceto Vale-transporte), conforme alíneas "b.2" e "b.3", Inc. II, art. 7º, do Decreto 52.768/2015, alterado pelo Decreto 53.424/2017: 10% SEM MATERIAIS/EQUIPAMENTOS; 20% COM MATERIAIS/EQUIPAMENTOS | F108: =I25 -> 0.2 | G108: =I110*F108 -> 808.90961 | H108: Dedução Vale Transporte | I108: =I78 -> 128.8014
A109: Remuneração (Grupo I) | C109: Obrigações Sociais (Grupo II) | D109: Tempo Não Trabalhado (Grupo III) | E109: Indenizações (Grupo IV) | F109: Incidências (Grupo V) | G109: Demais Custos CCT | H109: Total Montante A | I109: Base de Cálculo
A110: =I37 -> 2013.31 | C110: =I48 -> 740.89808 | D110: =I60 -> 513.27929 | E110: =I67 -> 70.053121 | F110: =I71 -> 188.88678 | G110: =I81 -> 646.9222 | H110: =A110+C110+D110+E110+F110+G110 -> 4173.3495 | I110: =H110-I108 -> 4044.5481
A112: II | B112: Despesas Indiretas | H112: % | I112: Valor Mensal/unidade de serviço (R$)
...

Sheet Aux. Superv. Seg-Sex Poa Centro
A1: PLANILHA DE CUSTOS E FORMAÇÃO DE PREÇOS DE SERVIÇOS CONTINUADOS COM DEDICAÇÃO EXCLUSIVA DE MÃO DE OBRA (ANEXO III - DECRETOS 52.768 de 15.12.2015 e 54.273 de 10.10.2018)
A2: PROCESSO: | C2: 24/1300-0006476-8 | E2: REGIME DE TRIBUTAÇÃO: LUCRO REAL
A3: LICITAÇÃO/EDITAL | E3: ABERTURA:
A5: Cargo/Função: | D5: Auxiliar Administrativo Supervisor - seg-sex | G5: =IF(D6="12x36","Regime de trabalho:","Quantidade de HORAS/MÊS") -> Quantidade de HORAS/MÊS | I5: =IF(D6="12x36",D6,5*D6) -> 150
A6: =IF(D6="12x36","Regime de trabalho:","Regime de trabalho (horas semanais):") -> Regime de trabalho (horas semanais): | D6: 30
A7: Convenção Coletiva de Trabalho: | D7: RS004917/2023 | G7: INSALUBRIDADE (10%, 20%, 40%) | I7: Não aplicável
A8: Origem do salário: | D8: CCT
A9: Cidade: | D9: Porto Alegre Centro | G9: PERICULOSIDADE (30%) | I9: Não aplicável
A10: Salário Normativo | G10: Vlr. do salário e nº de horas correspondentes | H10: 220 | I10: 2013.31
A11: ISS | G11: =D9 -> Porto Alegre Centro | H11: Alíquota | I11: 0.05
A12: Tarifa Transporte | G12: CCT | H12: Vr. Unitário | I12: 4.8
H13: Dias | I13: 22
H14: Desconto | I14: 0.06
A15: Auxílio Alimentação | G15: CCT | H15: Vr. Unitário | I15: 0
H16: Dias | I16: 0
H17: Desconto | I17: 0
A18: Auxílio Lanche | G18: CCT | H18: Vr. Unitário | I18: 11.84
H19: Dias | I19: 22
H20: Desconto | I20: 0.19
A21: Outros: PLANO DE BENEFÍCIO SOCIAL FAMILIAR | G21: CCT | H21: Valor mensal | I21: 19.42
A22: Adicional de Supervisor (37%) | H22: Porcentagem | I22: 0.37
A23: Base de cálculo da insalubridade | H23: Valor | I23: Não aplicável
A24: Hora Intervalar | H24: Horas por mês | I24: Não aplicável
A25: Sem fornecimento de materiais ou apenas fornecimento de EPIs ou uniformes, utilizar 10%. Com fornecimento de materiais ou equipamentos, utilizar 20%. (Decreto 52.768/2015, alterado pelo Decreto 53.424/2017) | H25: Porcentagem | I25: 0.1
A27: MONTANTE A
A28: I | B28: Remuneração - Grupo I | H28: % | I28: Valor Mensal/unidade de serviço (R$)
A29: 1 | B29: Salário | H29: =I29/$I$37 -> 0.72992701 | I29: =IF(D6="12x36",I10,I10/H10*I5) -> 1372.7114
A30: =A29+1 -> 2 | B30: Adicional Periculosidade 30% (Ver súmulas 364, 132 e 191 do TST) | H30: =I30/$I$37 -> 0 | I30: =IF(I9=30%,I29*I9,0) -> 0
A31: =A30+1 -> 3 | B31: Adicional Insalubridade 10% (Ver súmula 228 e 139 TST) | H31: =I31/$I$37 -> 0 | I31: =IF(I7=10%,I23*I7,0) -> 0
A32: =A31+1 -> 4 | B32: Adicional Insalubridade 20% (Ver súmula 228 e 139 TST) | H32: =I32/$I$37 -> 0 | I32: =IF(I7=20%,I23*I7,0) -> 0
A33: =A32+1 -> 5 | B33: Adicional Insalubridade 40% (Ver súmula 228 e 139 TST) | H33: =I33/$I$37 -> 0 | I33: =IF(I7=40%,I23*I7,0) -> 0
A34: =A33+1 -> 6 | B34: Adicional de Supervisor (IN 02/2008 MPOG SLTI) | H34: =I34/$I$37 -> 0.27007299 | I34: =IF(I22="Não aplicável",0,I29*I22) -> 507.9032
A35: =A34+1 -> 7 | B35: DSR - Descanso Semanal Remunerado | H35: =I35/$I$37 -> 0 | I35: 0
A36: =A35+1 -> 8 | B36: =IF(D6="12x36","Para postos 12x36 os feriados são considerados compensados, conforme parágrafo único, Art. 59-A da CLT","Outros") -> Outros | H36: =I36/$I$37 -> 0 | I36: 0
A37: Total de Remuneração | H37: =SUM(H29:H36) -> 1 | I37: =SUM(I29:I36) -> 1880.6146
A39: II | B39: Encargos Sociais - Grupo II: Obrigações Sociais | H39: % | I39: Valor Mensal/unidade de serviço (R$)
A40: 1 | B40: INSS (art. 22, inc. I, Lei nº 8.212/91) | H40: 0.2 | I40: =$I$37*H40 -> 376.12291
A41: 2 | B41: SESI ou SESC (art. 30, Lei nº 8.036/90) | H41: 0.015 | I41: =$I$37*H41 -> 28.209219
A42: 3 | B42: SENAI ou SENAC (Decreto-Lei nº 2.318/86) | H42: 0.01 | I42: =$I$37*H42 -> 18.806146
A43: 4 | B43: INCRA (art. 15I, Lei Complementar nº 011/71) | H43: 0.002 | I43: =$I$37*H43 -> 3.7612291
A44: 5 | B44: SALÁRIO EDUCAÇÃO (art. , inc. I, Decreto nº 87.043/82) | H44: 0.025 | I44: =$I$37*H44 -> 47.015364
A45: 6 | B45: FGTS (art. 15, Lei nº 8.036/90) | H45: 0.08 | I45: =$I$37*H45 -> 150.44917
A46: 7 | B46: SEG. ACIDENTE DO TRABALHO 1%, 2% e 3% (art. 22, inc. II, alíneas "b" e "c", da Lei nº 8.212/91) | H46: 0.03 | I46: =$I$37*H46 -> 56.418437
A47: 8 | B47: SEBRAE (§ 3º, art. 8º, Lei nº 8.029/90) | H47: 0.006 | I47: =$I$37*H47 -> 11.283687
A48: Total do Grupo II | H48: =SUM(H40:H47) -> 0.368 | I48: =SUM(I40:I47) -> 692.06616
A49: Os percentuais para o SAT podem variar de 0,50% a 6,00% em função do Fator de Acidente Previdenciário (FAP), Decreto nº 6.957/2009
A50: Deverá obrigatoriamente acompanhar a proposta de preços e a planilha de custos e formação de preços a prova do Fator Acidentário de Prevenção – FAP por meio de impressão de consulta ao site do Ministério da Previdência Social (que pode ser obtido no endereço eletrônico http://www2.dataprev.gov.br/fap/fap.htm), independentemente de alteração da alíquota da parcela do Seguro Acidente de Trabalho disposta no Quadro II da referida planilha.
A51: III | B51: Encargos Sociais - Grupo III: Tempo Não Trabalhado | H51: % | I51: Valor Mensal/unidade de serviço (R$)
A52: 1 | B52: FÉRIAS GOZADAS + ADICIONAL DE FÉRIAS | H52: 0.119314 | I52: =$I$37*H52 -> 224.38365
A53: 2 | B53: FALTAS ABONADAS (3) | H53: 0.020479 | I53: =$I$37*H53 -> 38.513106
A54: 3 | B54: FALTAS LEGAIS (4) | H54: 0.012123 | I54: =$I$37*H54 -> 22.79869
A55: 4 | B55: LICENÇA MATERNIDADE | H55: 0.011436 | I55: =$I$37*H55 -> 21.506708
A56: 5 | B56: LICENÇA PATERNIDADE | H56: 0.000174 | I56: =$I$37*H56 -> 0.32722693
A57: 6 | B57: ACIDENTE DE TRABALHO | H57: 0.000442 | I57: =$I$37*H57 -> 0.83123164
A58: 7 | B58: AVISO PRÉVIO TRABALHADO | H58: 0.000185 | I58: =$I$37*H58 -> 0.3479137
A59: 8 | B59: 13º SALÁRIO | H59: 0.09079 | I59: =$I$37*H59 -> 170.741
A60: Total do Grupo III | H60: =SUM(H52:H59) -> 0.254943 | I60: =SUM(I52:I59) -> 479.44952
A61: (3) | B61: Faltas Justificadas por Auxílio Doença
A62: (4) | B62: Faltas Legais - Art. 473 CLT
A63: IV | B63: Encargos Sociais - Grupo IV: Indenizações | H63: % | I63: Valor Mensal/unidade de serviço (R$)
A64: 1 | B64: INDENIZAÇÕES | H64: 0.023627 | I64: =$I$37*H64 -> 44.43328
A65: 2 | B65: FGTS SOBRE INDENIZAÇÕES | H65: 0.001717 | I65: =$I$37*H65 -> 3.2290152
A66: 3 | B66: INDENIZAÇÃO COMPENSATÓRIA POR DEMISSÃO SEM JUSTA CAUSA | H66: 0.009451 | I66: =$I$37*H66 -> 17.773688
A67: Total do Grupo IV | H67: =SUM(H64:H66) -> 0.034795 | I67: =SUM(I64:I66) -> 65.435984
A69: V | B69: Encargos Sociais - Grupo V: Incidências | H69: % | I69: Valor Mensal/unidade de serviço (R$)
A70: 1 | B70: INCIDÊNCIA GRUPO II (Obrigações Sociais) X GRUPO III (Tempo Não Trabalhado) | H70: =(H48*H60) -> 0.093819024 | I70: =$I$37*H70 -> 176.43742
A71: Total do Grupo V | H71: =SUM(H70:H70) -> 0.093819024 | I71: =I70 -> 176.43742
A73: TOTAL DOS ENCAGOS SOCIAIS (II + III + IV + V) | H73: =H48+H60+H67+H71 -> 0.75155702 | I73: =I48+I60+I67+I71 -> 1413.3891
A75: VI | B75: Demais custos relativos à Norma Coletiva ou Disposições Legais - Grupo VI | H75: % | I75: Valor Mensal/unidade de serviço (R$)
A76: 1 | B76: Auxílio Alimentação | H76: =I76/$I$37 -> 0 | I76: =I93 -> 0
A77: 2 | B77: Auxílio Lanche | H77: =I77/$I$37 -> 0.11219141 | I77: =I89 -> 210.9888
A78: 3 | B78: Vale-Transporte⁽⁵⁾ | H78: =I78/$I$37 -> 0.068508093 | I78: =I85 -> 128.83732
A79: 4 | B79: Adicional Intervalar | H79: =I79/$I$37 -> 0 | I79: =IF(I24="Não aplicável",0,((I10/H10)*1.5*I24)) -> 0
A80: 5 | B80: Outros | H80: =I80/$I$37 -> 0.010326412 | I80: =IF(I21="Não aplicável",0,I21) -> 19.42
A81: Total do Grupo VI | H81: =SUM(H76:H80) -> 0.19102591 | I81: =SUM(I76:I80) -> 359.24612
A82: (5) | B82: O valor do vale-transporte pode variar de acordo com o modal fornecido pelo empregador.
A83: MEMÓRIA DE CÁLCULO DO VALE TRANSPORTE
A84: Valor Unitário | C84: Dias de Trabalho | D84: Vale p/dia | E84: Custo total | F84: Base de cálculo | G84: Percentual de desconto | H84: Valor desconto | I84: Custo efetivo
A85: =I12 -> 4.8 | C85: =I13 -> 22 | D85: 2 | E85: =A85*C85*D85 -> 211.2 | F85: =I29 -> 1372.7114 | G85: =I14 -> 0.06 | H85: =F85*G85 -> 82.362682 | I85: =IF((E85-H85)>0,E85-H85,0) -> 128.83732
A87: MEMÓRIA DE CÁLCULO DO VALE LANCHE
A88: Valor Unitário | C88: Dias por mês | D88: Vale p/dia | E88: Custo total | F88: Base de cálculo | G88: Percentual de desconto | H88: Valor desconto | I88: Custo efetivo
A89: =I18 -> 11.84 | C89: =I19 -> 22 | D89: 1 | E89: =A89*C89*D89 -> 260.48 | F89: =E89 -> 260.48 | G89: =I20 -> 0.19 | H89: =F89*G89 -> 49.4912 | I89: =E89-H89 -> 210.9888
A91: MEMÓRIA DE CÁLCULO DO VALE ALIMENTAÇÃO
A92: Valor Unitário | C92: Dias por mês | D92: Vale p/dia | E92: Custo total | F92: Base de cálculo | G92: Percentual de desconto | H92: =H84 -> Valor desconto | I92: Custo efetivo
A93: =I15 -> 0 | C93: =I16 -> 0 | D93: 1 | E93: =A93*C93*D93 -> 0 | F93: =E93 -> 0 | G93: =I17 -> 0 | H93: =F93*G93 -> 0 | I93: =E93-H93 -> 0
A95: TOTAL DO MONTANTE A (I + II + III+ IV + V +VI) | H95: =H37+H73+H81 -> 1.9425829 | I95: =I37+I73+I81 -> 3653.2498
A97: MONTANTE B
A98: I | B98: Despesas Diretas | H98: % | I98: Valor Mensal/unidade de serviço (R$)
A99: 1 | B99: Transporte (6) | H99: =I99/$I$110 -> 0 | I99: 0
A100: 2 | B100: Uniformes/EPI (6a) | H100: =I100/$I$110 -> 0 | I100: 0
A101: 3 | B101: Seguro de vida | H101: =I101/$I$110 -> 0 | I101: 0
A102: 4 | B102: Materiais/Equipamentos | H102: =I102/$I$110 -> 0 | I102: 0
A103: 5 | B103: Mobilização (7) | H103: =I103/$I$110 -> 0 | I103: 0
A104: 6 | B104: Outros (especificar) | H104: =I104/$I$110 -> 0 | I104: 0
A105: Total de Despesas Diretas | H105: =H99+H100+H101+H102+H103+H104 -> 0 | I105: =SUM(I99:I104) -> 0
B106: (6) Somente será preenchido quando o licitante fornecer transporte próprio (6a) EPI - Equipamento de Proteção Individual (7) Tais custos de mobilização não são renováveis, devendo ser eliminados após o primeiro ano de contrato caso haja prorrogação
A108: LIMITE QUADRO I (Despesas Diretas) sobre Montante A (exceto Vale-transporte), conforme alíneas "b.2" e "b.3", Inc. II, art. 7º, do Decreto 52.768/2015, alterado pelo Decreto 53.424/2017: 10% SEM MATERIAIS/EQUIPAMENTOS; 20% COM MATERIAIS/EQUIPAMENTOS | F108: =I25 -> 0.1 | G108: =I110*F108 -> 352.44125 | H108: Dedução Vale Transporte | I108: =I78 -> 128.83732
A109: Remuneração (Grupo I) | C109: Obrigações Sociais (Grupo II) | D109: Tempo Não Trabalhado (Grupo III) | E109: Indenizações (Grupo IV) | F109: Incidências (Grupo V) | G109: Demais Custos CCT | H109: Total Montante A | I109: Base de Cálculo
A110: =I37 -> 1880.6146 | C110: =I48 -> 692.06616 | D110: =I60 -> 479.44952 | E110: =I67 -> 65.435984 | F110: =I71 -> 176.43742 | G110: =I81 -> 359.24612 | H110: =A110+C110+D110+E110+F110+G110 -> 3653.2498 | I110: =H110-I108 -> 3524.4125
A112: II | B112: Despesas Indiretas | H112: % | I112: Valor Mensal/unidade de serviço (R$)
...

Sheet Aux. Superv Seg-Sáb Poa Centro 
A1: PLANILHA DE CUSTOS E FORMAÇÃO DE PREÇOS DE SERVIÇOS CONTINUADOS COM DEDICAÇÃO EXCLUSIVA DE MÃO DE OBRA (ANEXO III - DECRETOS 52.768 de 15.12.2015 e 54.273 de 10.10.2018)
A2: PROCESSO: | C2: 24/1300-0006476-8 | E2: REGIME DE TRIBUTAÇÃO: LUCRO REAL
A3: LICITAÇÃO/EDITAL | E3: ABERTURA:
A5: Cargo/Função: | D5: Auxiliar Administrativo Supervisor - seg-sáb | G5: =IF(D6="12x36","Regime de trabalho:","Quantidade de HORAS/MÊS") -> Quantidade de HORAS/MÊS | I5: =IF(D6="12x36",D6,5*D6) -> 220
A6: =IF(D6="12x36","Regime de trabalho:","Regime de trabalho (horas semanais):") -> Regime de trabalho (horas semanais): | D6: 44
A7: Convenção Coletiva de Trabalho: | D7: RS004917/2023 | G7: INSALUBRIDADE (10%, 20%, 40%) | I7: Não aplicável
A8: Origem do salário: | D8: CCT
A9: Cidade: | D9: Porto Alegre Centro | G9: PERICULOSIDADE (30%) | I9: Não aplicável
A10: Salário Normativo | G10: Vlr. do salário e nº de horas correspondentes | H10: 220 | I10: 2013.31
A11: ISS | G11: =D9 -> Porto Alegre Centro | H11: Alíquota | I11: 0.05
A12: Tarifa Transporte | G12: CCT | H12: Vr. Unitário | I12: 4.8
H13: Dias | I13: 26
H14: Desconto | I14: 0.06
A15: Auxílio Alimentação | G15: CCT | H15: Vr. Unitário | I15: 23.68
H16: Dias | I16: 26
H17: Desconto | I17: 0.19
A18: Auxílio Lanche | G18: CCT | H18: Vr. Unitário | I18: 0
H19: Dias | I19: 0
H20: Desconto | I20: 0
A21: Outros: PLANO DE BENEFÍCIO SOCIAL FAMILIAR | G21: CCT | H21: Valor mensal | I21: 19.42
A22: Adicional de Supervisor (37%) | H22: Porcentagem | I22: 0.37
A23: Base de cálculo da insalubridade | H23: Valor | I23: Não aplicável
A24: Hora Intervalar | H24: Horas por mês | I24: Não aplicável
A25: Sem fornecimento de materiais ou apenas fornecimento de EPIs ou uniformes, utilizar 10%. Com fornecimento de materiais ou equipamentos, utilizar 20%. (Decreto 52.768/2015, alterado pelo Decreto 53.424/2017) | H25: Porcentagem | I25: 0.2
A27: MONTANTE A
A28: I | B28: Remuneração - Grupo I | H28: % | I28: Valor Mensal/unidade de serviço (R$)
A29: 1 | B29: Salário | H29: =I29/$I$37 -> 0.72992701 | I29: =IF(D6="12x36",I10,I10/H10*I5) -> 2013.31
A30: =A29+1 -> 2 | B30: Adicional Periculosidade 30% (Ver súmulas 364, 132 e 191 do TST) | H30: =I30/$I$37 -> 0 | I30: =IF(I9=30%,I29*I9,0) -> 0
A31: =A30+1 -> 3 | B31: Adicional Insalubridade 10% (Ver súmula 228 e 139 TST) | H31: =I31/$I$37 -> 0 | I31: =IF(I7=10%,I23*I7,0) -> 0
A32: =A31+1 -> 4 | B32: Adicional Insalubridade 20% (Ver súmula 228 e 139 TST) | H32: =I32/$I$37 -> 0 | I32: =IF(I7=20%,I23*I7,0) -> 0
A33: =A32+1 -> 5 | B33: Adicional Insalubridade 40% (Ver súmula 228 e 139 TST) | H33: =I33/$I$37 -> 0 | I33: =IF(I7=40%,I23*I7,0) -> 0
A34: =A33+1 -> 6 | B34: Adicional de Supervisor (IN 02/2008 MPOG SLTI) | H34: =I34/$I$37 -> 0.27007299 | I34: =IF(I22="Não aplicável",0,I29*I22) -> 744.9247
A35: =A34+1 -> 7 | B35: DSR - Descanso Semanal Remunerado | H35: =I35/$I$37 -> 0 | I35: 0
A36: =A35+1 -> 8 | B36: =IF(D6="12x36","Para postos 12x36 os feriados são considerados compensados, conforme parágrafo único, Art. 59-A da CLT","Outros") -> Outros | H36: =I36/$I$37 -> 0 | I36: 0
A37: Total de Remuneração | H37: =SUM(H29:H36) -> 1 | I37: =SUM(I29:I36) -> 2758.2347
A39: II | B39: Encargos Sociais - Grupo II: Obrigações Sociais | H39: % | I39: Valor Mensal/unidade de serviço (R$)
A40: 1 | B40: INSS (art. 22, inc. I, Lei nº 8.212/91) | H40: 0.2 | I40: =$I$37*H40 -> 551.64694
A41: 2 | B41: SESI ou SESC (art. 30, Lei nº 8.036/90) | H41: 0.015 | I41: =$I$37*H41 -> 41.37352
A42: 3 | B42: SENAI ou SENAC (Decreto-Lei nº 2.318/86) | H42: 0.01 | I42: =$I$37*H42 -> 27.582347
A43: 4 | B43: INCRA (art. 15I, Lei Complementar nº 011/71) | H43: 0.002 | I43: =$I$37*H43 -> 5.5164694
A44: 5 | B44: SALÁRIO EDUCAÇÃO (art. , inc. I, Decreto nº 87.043/82) | H44: 0.025 | I44: =$I$37*H44 -> 68.955867
A45: 6 | B45: FGTS (art. 15, Lei nº 8.036/90) | H45: 0.08 | I45: =$I$37*H45 -> 220.65878
A46: 7 | B46: SEG. ACIDENTE DO TRABALHO 1%, 2% e 3% (art. 22, inc. II, alíneas "b" e "c", da Lei nº 8.212/91) | H46: 0.03 | I46: =$I$37*H46 -> 82.747041
A47: 8 | B47: SEBRAE (§ 3º, art. 8º, Lei nº 8.029/90) | H47: 0.006 | I47: =$I$37*H47 -> 16.549408
A48: Total do Grupo II | H48: =SUM(H40:H47) -> 0.368 | I48: =SUM(I40:I47) -> 1015.0304
A49: Os percentuais para o SAT podem variar de 0,50% a 6,00% em função do Fator de Acidente Previdenciário (FAP), Decreto nº 6.957/2009
A50: Deverá obrigatoriamente acompanhar a proposta de preços e a planilha de custos e formação de preços a prova do Fator Acidentário de Prevenção – FAP por meio de impressão de consulta ao site do Ministério da Previdência Social (que pode ser obtido no endereço eletrônico http://www2.dataprev.gov.br/fap/fap.htm), independentemente de alteração da alíquota da parcela do Seguro Acidente de Trabalho disposta no Quadro II da referida planilha.
A51: III | B51: Encargos Sociais - Grupo III: Tempo Não Trabalhado | H51: % | I51: Valor Mensal/unidade de serviço (R$)
A52: 1 | B52: FÉRIAS GOZADAS + ADICIONAL DE FÉRIAS | H52: 0.119314 | I52: =$I$37*H52 -> 329.09601
A53: 2 | B53: FALTAS ABONADAS (3) | H53: 0.020479 | I53: =$I$37*H53 -> 56.485888
A54: 3 | B54: FALTAS LEGAIS (4) | H54: 0.012123 | I54: =$I$37*H54 -> 33.438079
A55: 4 | B55: LICENÇA MATERNIDADE | H55: 0.011436 | I55: =$I$37*H55 -> 31.543172
A56: 5 | B56: LICENÇA PATERNIDADE | H56: 0.000174 | I56: =$I$37*H56 -> 0.47993284
A57: 6 | B57: ACIDENTE DE TRABALHO | H57: 0.000442 | I57: =$I$37*H57 -> 1.2191397
A58: 7 | B58: AVISO PRÉVIO TRABALHADO | H58: 0.000185 | I58: =$I$37*H58 -> 0.51027342
A59: 8 | B59: 13º SALÁRIO | H59: 0.09079 | I59: =$I$37*H59 -> 250.42013
A60: Total do Grupo III | H60: =SUM(H52:H59) -> 0.254943 | I60: =SUM(I52:I59) -> 703.19263
A61: (3) | B61: Faltas Justificadas por Auxílio Doença
A62: (4) | B62: Faltas Legais - Art. 473 CLT
A63: IV | B63: Encargos Sociais - Grupo IV: Indenizações | H63: % | I63: Valor Mensal/unidade de serviço (R$)
A64: 1 | B64: INDENIZAÇÕES | H64: 0.023627 | I64: =$I$37*H64 -> 65.168811
A65: 2 | B65: FGTS SOBRE INDENIZAÇÕES | H65: 0.001717 | I65: =$I$37*H65 -> 4.735889
A66: 3 | B66: INDENIZAÇÃO COMPENSATÓRIA POR DEMISSÃO SEM JUSTA CAUSA | H66: 0.009451 | I66: =$I$37*H66 -> 26.068076
A67: Total do Grupo IV | H67: =SUM(H64:H66) -> 0.034795 | I67: =SUM(I64:I66) -> 95.972776
A69: V | B69: Encargos Sociais - Grupo V: Incidências | H69: % | I69: Valor Mensal/unidade de serviço (R$)
A70: 1 | B70: INCIDÊNCIA GRUPO II (Obrigações Sociais) X GRUPO III (Tempo Não Trabalhado) | H70: =(H48*H60) -> 0.093819024 | I70: =$I$37*H70 -> 258.77489
A71: Total do Grupo V | H71: =SUM(H70:H70) -> 0.093819024 | I71: =I70 -> 258.77489
A73: TOTAL DOS ENCAGOS SOCIAIS (II + III + IV + V) | H73: =H48+H60+H67+H71 -> 0.75155702 | I73: =I48+I60+I67+I71 -> 2072.9707
A75: VI | B75: Demais custos relativos à Norma Coletiva ou Disposições Legais - Grupo VI | H75: % | I75: Valor Mensal/unidade de serviço (R$)
A76: 1 | B76: Auxílio Alimentação | H76: =I76/$I$37 -> 0.18080434 | I76: =I93 -> 498.7008
A77: 2 | B77: Auxílio Lanche | H77: =I77/$I$37 -> 0 | I77: =I89 -> 0
A78: 3 | B78: Vale-Transporte⁽⁵⁾ | H78: =I78/$I$37 -> 0.046697041 | I78: =I85 -> 128.8014
A79: 4 | B79: Adicional Intervalar | H79: =I79/$I$37 -> 0 | I79: =IF(I24="Não aplicável",0,((I10/H10)*1.5*I24)) -> 0
A80: 5 | B80: Outros | H80: =I80/$I$37 -> 0.0070407351 | I80: =IF(I21="Não aplicável",0,I21) -> 19.42
A81: Total do Grupo VI | H81: =SUM(H76:H80) -> 0.23454211 | I81: =SUM(I76:I80) -> 646.9222
A82: (5) | B82: O valor do vale-transporte pode variar de acordo com o modal fornecido pelo empregador.
A83: MEMÓRIA DE CÁLCULO DO VALE TRANSPORTE
A84: Valor Unitário | C84: Dias de Trabalho | D84: Vale p/dia | E84: Custo total | F84: Base de cálculo | G84: Percentual de desconto | H84: Valor desconto | I84: Custo efetivo
A85: =I12 -> 4.8 | C85: =I13 -> 26 | D85: 2 | E85: =A85*C85*D85 -> 249.6 | F85: =I29 -> 2013.31 | G85: =I14 -> 0.06 | H85: =F85*G85 -> 120.7986 | I85: =IF((E85-H85)>0,E85-H85,0) -> 128.8014
A87: MEMÓRIA DE CÁLCULO DO VALE LANCHE
A88: Valor Unitário | C88: Dias por mês | D88: Vale p/dia | E88: Custo total | F88: Base de cálculo | G88: Percentual de desconto | H88: Valor desconto | I88: Custo efetivo
A89: =I18 -> 0 | C89: =I19 -> 0 | D89: 1 | E89: =A89*C89*D89 -> 0 | F89: =E89 -> 0 | G89: =I20 -> 0 | H89: =F89*G89 -> 0 | I89: =E89-H89 -> 0
A91: MEMÓRIA DE CÁLCULO DO VALE ALIMENTAÇÃO
A92: Valor Unitário | C92: Dias por mês | D92: Vale p/dia | E92: Custo total | F92: Base de cálculo | G92: Percentual de desconto | H92: =H84 -> Valor desconto | I92: Custo efetivo
A93: =I15 -> 23.68 | C93: =I16 -> 26 | D93: 1 | E93: =A93*C93*D93 -> 615.68 | F93: =E93 -> 615.68 | G93: =I17 -> 0.19 | H93: =F93*G93 -> 116.9792 | I93: =E93-H93 -> 498.7008
A95: TOTAL DO MONTANTE A (I + II + III+ IV + V +VI) | H95: =H37+H73+H81 -> 1.9860991 | I95: =I37+I73+I81 -> 5478.1276
A97: MONTANTE B
A98: I | B98: Despesas Diretas | H98: % | I98: Valor Mensal/unidade de serviço (R$)
A99: 1 | B99: Transporte (6) | H99: =I99/$I$110 -> 0 | I99: 0
A100: 2 | B100: Uniformes/EPI (6a) | H100: =I100/$I$110 -> 0 | I100: 0
A101: 3 | B101: Seguro de vida | H101: =I101/$I$110 -> 0 | I101: 0
A102: 4 | B102: Materiais/Equipamentos | H102: =I102/$I$110 -> 0 | I102: 0
A103: 5 | B103: Mobilização (7) | H103: =I103/$I$110 -> 0 | I103: 0
A104: 6 | B104: Outros (especificar) | H104: =I104/$I$110 -> 0 | I104: 0
A105: Total de Despesas Diretas | H105: =H99+H100+H101+H102+H103+H104 -> 0 | I105: =SUM(I99:I104) -> 0
B106: (6) Somente será preenchido quando o licitante fornecer transporte próprio (6a) EPI - Equipamento de Proteção Individual (7) Tais custos de mobilização não são renováveis, devendo ser eliminados após o primeiro ano de contrato caso haja prorrogação
A108: LIMITE QUADRO I (Despesas Diretas) sobre Montante A (exceto Vale-transporte), conforme alíneas "b.2" e "b.3", Inc. II, art. 7º, do Decreto 52.768/2015, alterado pelo Decreto 53.424/2017: 10% SEM MATERIAIS/EQUIPAMENTOS; 20% COM MATERIAIS/EQUIPAMENTOS | F108: =I25 -> 0.2 | G108: =I110*F108 -> 1069.8652 | H108: Dedução Vale Transporte | I108: =I78 -> 128.8014
A109: Remuneração (Grupo I) | C109: Obrigações Sociais (Grupo II) | D109: Tempo Não Trabalhado (Grupo III) | E109: Indenizações (Grupo IV) | F109: Incidências (Grupo V) | G109: Demais Custos CCT | H109: Total Montante A | I109: Base de Cálculo
A110: =I37 -> 2758.2347 | C110: =I48 -> 1015.0304 | D110: =I60 -> 703.19263 | E110: =I67 -> 95.972776 | F110: =I71 -> 258.77489 | G110: =I81 -> 646.9222 | H110: =A110+C110+D110+E110+F110+G110 -> 5478.1276 | I110: =H110-I108 -> 5349.3262
A112: II | B112: Despesas Indiretas | H112: % | I112: Valor Mensal/unidade de serviço (R$)
...

Sheet Limpeza Seg-Sáb Poa - Centro
A1: PLANILHA DE CUSTOS E FORMAÇÃO DE PREÇOS DE SERVIÇOS CONTINUADOS COM DEDICAÇÃO EXCLUSIVA DE MÃO DE OBRA (ANEXO III - DECRETOS 52.768 de 15.12.2015 e 54.273 de 10.10.2018)
A2: PROCESSO: | C2: 24/1300-0006476-8 | E2: REGIME DE TRIBUTAÇÃO: LUCRO REAL
A3: LICITAÇÃO/EDITAL | E3: ABERTURA:
A5: Cargo/Função: | D5: Servente de Limpeza - seg-sáb | G5: =IF(D6="12x36","Regime de trabalho:","Quantidade de HORAS/MÊS") -> Quantidade de HORAS/MÊS | I5: =IF(D6="12x36",D6,5*D6) -> 220
A6: =IF(D6="12x36","Regime de trabalho:","Regime de trabalho (horas semanais):") -> Regime de trabalho (horas semanais): | D6: 44
A7: Convenção Coletiva de Trabalho: | D7: RS004917/2023 | G7: INSALUBRIDADE (10%, 20%, 40%) | I7: 0.4
A8: Origem do salário: | D8: CCT
A9: Cidade: | D9: Porto Alegre Centro | G9: PERICULOSIDADE (30%) | I9: Não aplicável
A10: Salário Normativo | G10: Vlr. do salário e nº de horas correspondentes | H10: 220 | I10: 1540.51
A11: ISS | G11: =D9 -> Porto Alegre Centro | H11: Alíquota | I11: 0.05
A12: Tarifa Transporte | G12: CCT | H12: Vr. Unitário | I12: 4.8
H13: Dias | I13: 26
H14: Desconto | I14: 0.06
A15: Auxílio Alimentação | G15: CCT | H15: Vr. Unitário | I15: 23.68
H16: Dias | I16: 26
H17: Desconto | I17: 0.19
A18: Auxílio Lanche | G18: CCT | H18: Vr. Unitário | I18: 0
H19: Dias | I19: 0
H20: Desconto | I20: 0
A21: Outros: PLANO DE BENEFÍCIO SOCIAL FAMILIAR | G21: CCT | H21: Valor mensal | I21: 19.42
A22: Adicional de Supervisor (37%) | H22: Porcentagem | I22: Não aplicável
A23: Base de cálculo da insalubridade (ver observação 2 do Anexo I - Folha de Dados - CGL 12.1.2) | H23: Valor | I23: =I29 -> 1540.51
A24: Hora Intervalar | H24: Horas por mês | I24: Não aplicável
A25: Sem fornecimento de materiais ou apenas fornecimento de EPIs ou uniformes, utilizar 10%. Com fornecimento de materiais ou equipamentos, utilizar 20%. (Decreto 52.768/2015, alterado pelo Decreto 53.424/2017) | H25: Porcentagem | I25: 0.2
A27: MONTANTE A
A28: I | B28: Remuneração - Grupo I | H28: % | I28: Valor Mensal/unidade de serviço (R$)
A29: 1 | B29: Salário | H29: =I29/$I$37 -> 0.71428571 | I29: =IF(D6="12x36",I10,I10/H10*I5) -> 1540.51
A30: =A29+1 -> 2 | B30: Adicional Periculosidade 30% (Ver súmulas 364, 132 e 191 do TST) | H30: =I30/$I$37 -> 0 | I30: =IF(I9=30%,I29*I9,0) -> 0
A31: =A30+1 -> 3 | B31: Adicional Insalubridade 10% (Ver súmula 228 e 139 TST) | H31: =I31/$I$37 -> 0 | I31: =IF(I7=10%,I23*I7,0) -> 0
A32: =A31+1 -> 4 | B32: Adicional Insalubridade 20% (Ver súmula 228 e 139 TST) | H32: =I32/$I$37 -> 0 | I32: =IF(I7=20%,I23*I7,0) -> 0
A33: =A32+1 -> 5 | B33: Adicional Insalubridade 40% (Ver súmula 228 e 139 TST) | H33: =I33/$I$37 -> 0.28571429 | I33: =IF(I7=40%,I23*I7,0) -> 616.204
A34: =A33+1 -> 6 | B34: Adicional de Supervisor (IN 02/2008 MPOG SLTI) | H34: =I34/$I$37 -> 0 | I34: =IF(I22="Não aplicável",0,I29*I22) -> 0
A35: =A34+1 -> 7 | B35: DSR - Descanso Semanal Remunerado | H35: =I35/$I$37 -> 0 | I35: 0
A36: =A35+1 -> 8 | B36: =IF(D6="12x36","Para postos 12x36 os feriados são considerados compensados, conforme parágrafo único, Art. 59-A da CLT","Outros") -> Outros | H36: =I36/$I$37 -> 0 | I36: 0
A37: Total de Remuneração | H37: =SUM(H29:H36) -> 1 | I37: =SUM(I29:I36) -> 2156.714
A39: II | B39: Encargos Sociais - Grupo II: Obrigações Sociais | H39: % | I39: Valor Mensal/unidade de serviço (R$)
A40: 1 | B40: INSS (art. 22, inc. I, Lei nº 8.212/91) | H40: 0.2 | I40: =$I$37*H40 -> 431.3428
A41: 2 | B41: SESI ou SESC (art. 30, Lei nº 8.036/90) | H41: 0.015 | I41: =$I$37*H41 -> 32.35071
A42: 3 | B42: SENAI ou SENAC (Decreto-Lei nº 2.318/86) | H42: 0.01 | I42: =$I$37*H42 -> 21.56714
A43: 4 | B43: INCRA (art. 15I, Lei Complementar nº 011/71) | H43: 0.002 | I43: =$I$37*H43 -> 4.313428
A44: 5 | B44: SALÁRIO EDUCAÇÃO (art. , inc. I, Decreto nº 87.043/82) | H44: 0.025 | I44: =$I$37*H44 -> 53.91785
A45: 6 | B45: FGTS (art. 15, Lei nº 8.036/90) | H45: 0.08 | I45: =$I$37*H45 -> 172.53712
A46: 7 | B46: SEG. ACIDENTE DO TRABALHO 1%, 2% e 3% (art. 22, inc. II, alíneas "b" e "c", da Lei nº 8.212/91) | H46: 0.03 | I46: =$I$37*H46 -> 64.70142
A47: 8 | B47: SEBRAE (§ 3º, art. 8º, Lei nº 8.029/90) | H47: 0.006 | I47: =$I$37*H47 -> 12.940284
A48: Total do Grupo II | H48: =SUM(H40:H47) -> 0.368 | I48: =SUM(I40:I47) -> 793.67075
A49: Os percentuais para o SAT podem variar de 0,50% a 6,00% em função do Fator de Acidente Previdenciário (FAP), Decreto nº 6.957/2009
A50: Deverá obrigatoriamente acompanhar a proposta de preços e a planilha de custos e formação de preços a prova do Fator Acidentário de Prevenção – FAP por meio de impressão de consulta ao site do Ministério da Previdência Social (que pode ser obtido no endereço eletrônico http://www2.dataprev.gov.br/fap/fap.htm), independentemente de alteração da alíquota da parcela do Seguro Acidente de Trabalho disposta no Quadro II da referida planilha.
A51: III | B51: Encargos Sociais - Grupo III: Tempo Não Trabalhado | H51: % | I51: Valor Mensal/unidade de serviço (R$)
A52: 1 | B52: FÉRIAS GOZADAS + ADICIONAL DE FÉRIAS | H52: 0.119314 | I52: =$I$37*H52 -> 257.32617
A53: 2 | B53: FALTAS ABONADAS (3) | H53: 0.020479 | I53: =$I$37*H53 -> 44.167346
A54: 3 | B54: FALTAS LEGAIS (4) | H54: 0.012123 | I54: =$I$37*H54 -> 26.145844
A55: 4 | B55: LICENÇA MATERNIDADE | H55: 0.011436 | I55: =$I$37*H55 -> 24.664181
A56: 5 | B56: LICENÇA PATERNIDADE | H56: 0.000174 | I56: =$I$37*H56 -> 0.37526824
A57: 6 | B57: ACIDENTE DE TRABALHO | H57: 0.000442 | I57: =$I$37*H57 -> 0.95326759
A58: 7 | B58: AVISO PRÉVIO TRABALHADO | H58: 0.000185 | I58: =$I$37*H58 -> 0.39899209
A59: 8 | B59: 13º SALÁRIO | H59: 0.09079 | I59: =$I$37*H59 -> 195.80806
A60: Total do Grupo III | H60: =SUM(H52:H59) -> 0.254943 | I60: =SUM(I52:I59) -> 549.83914
A61: (3) | B61: Faltas Justificadas por Auxílio Doença
A62: (4) | B62: Faltas Legais - Art. 473 CLT
A63: IV | B63: Encargos Sociais - Grupo IV: Indenizações | H63: % | I63: Valor Mensal/unidade de serviço (R$)
A64: 1 | B64: INDENIZAÇÕES | H64: 0.023627 | I64: =$I$37*H64 -> 50.956682
A65: 2 | B65: FGTS SOBRE INDENIZAÇÕES | H65: 0.001717 | I65: =$I$37*H65 -> 3.7030779
A66: 3 | B66: INDENIZAÇÃO COMPENSATÓRIA POR DEMISSÃO SEM JUSTA CAUSA | H66: 0.009451 | I66: =$I$37*H66 -> 20.383104
A67: Total do Grupo IV | H67: =SUM(H64:H66) -> 0.034795 | I67: =SUM(I64:I66) -> 75.042864
A69: V | B69: Encargos Sociais - Grupo V: Incidências | H69: % | I69: Valor Mensal/unidade de serviço (R$)
A70: 1 | B70: INCIDÊNCIA GRUPO II (Obrigações Sociais) X GRUPO III (Tempo Não Trabalhado) | H70: =(H48*H60) -> 0.093819024 | I70: =$I$37*H70 -> 202.3408
A71: Total do Grupo V | H71: =SUM(H70:H70) -> 0.093819024 | I71: =I70 -> 202.3408
A73: TOTAL DOS ENCAGOS SOCIAIS (II + III + IV + V) | H73: =H48+H60+H67+H71 -> 0.75155702 | I73: =I48+I60+I67+I71 -> 1620.8936
A75: VI | B75: Demais custos relativos à Norma Coletiva ou Disposições Legais - Grupo VI | H75: % | I75: Valor Mensal/unidade de serviço (R$)
A76: 1 | B76: Auxílio Alimentação | H76: =I76/$I$37 -> 0.23123177 | I76: =I93 -> 498.7008
A77: 2 | B77: Auxílio Lanche | H77: =I77/$I$37 -> 0 | I77: =I89 -> 0
A78: 3 | B78: Vale-Transporte⁽⁵⁾ | H78: =I78/$I$37 -> 0.072874475 | I78: =I85 -> 157.1694
A79: 4 | B79: Adicional Intervalar | H79: =I79/$I$37 -> 0 | I79: =IF(I24="Não aplicável",0,((I10/H10)*1.5*I24)) -> 0
A80: 5 | B80: Outros | H80: =I80/$I$37 -> 0.0090044392 | I80: =IF(I21="Não aplicável",0,I21) -> 19.42
A81: Total do Grupo VI | H81: =SUM(H76:H80) -> 0.31311069 | I81: =SUM(I76:I80) -> 675.2902
A82: (5) | B82: O valor do vale-transporte pode variar de acordo com o modal fornecido pelo empregador.
A83: MEMÓRIA DE CÁLCULO DO VALE TRANSPORTE
A84: Valor Unitário | C84: Dias de Trabalho | D84: Vale p/dia | E84: Custo total | F84: Base de cálculo | G84: Percentual de desconto | H84: Valor desconto | I84: Custo efetivo
A85: =I12 -> 4.8 | C85: =I13 -> 26 | D85: 2 | E85: =A85*C85*D85 -> 249.6 | F85: =I29 -> 1540.51 | G85: =I14 -> 0.06 | H85: =F85*G85 -> 92.4306 | I85: =IF((E85-H85)>0,E85-H85,0) -> 157.1694
A87: MEMÓRIA DE CÁLCULO DO VALE LANCHE
A88: Valor Unitário | C88: Dias por mês | D88: Vale p/dia | E88: Custo total | F88: Base de cálculo | G88: Percentual de desconto | H88: Valor desconto | I88: Custo efetivo
A89: =I18 -> 0 | C89: =I19 -> 0 | D89: 1 | E89: =A89*C89*D89 -> 0 | F89: =E89 -> 0 | G89: =I20 -> 0 | H89: =F89*G89 -> 0 | I89: =E89-H89 -> 0
A91: MEMÓRIA DE CÁLCULO DO VALE ALIMENTAÇÃO
A92: Valor Unitário | C92: Dias por mês | D92: Vale p/dia | E92: Custo total | F92: Base de cálculo | G92: Percentual de desconto | H92: =H84 -> Valor desconto | I92: Custo efetivo
A93: =I15 -> 23.68 | C93: =I16 -> 26 | D93: 1 | E93: =A93*C93*D93 -> 615.68 | F93: =E93 -> 615.68 | G93: =I17 -> 0.19 | H93: =F93*G93 -> 116.9792 | I93: =E93-H93 -> 498.7008
A95: TOTAL DO MONTANTE A (I + II + III+ IV + V +VI) | H95: =H37+H73+H81 -> 2.0646677 | I95: =I37+I73+I81 -> 4452.8978
A97: MONTANTE B
A98: I | B98: Despesas Diretas | H98: % | I98: Valor Mensal/unidade de serviço (R$)
A99: 1 | B99: Transporte (6) | H99: =I99/$I$110 -> 0 | I99: 0
A100: 2 | B100: Uniformes/EPI (6a) | H100: =I100/$I$110 -> 0 | I100: 0
A101: 3 | B101: Seguro de vida | H101: =I101/$I$110 -> 0 | I101: 0
A102: 4 | B102: Materiais/Equipamentos | H102: =I102/$I$110 -> 0 | I102: 0
A103: 5 | B103: Mobilização (7) | H103: =I103/$I$110 -> 0 | I103: 0
A104: 6 | B104: Outros (especificar) | H104: =I104/$I$110 -> 0 | I104: 0
A105: Total de Despesas Diretas | H105: =H99+H100+H101+H102+H103+H104 -> 0 | I105: =SUM(I99:I104) -> 0
B106: (6) Somente será preenchido quando o licitante fornecer transporte próprio (6a) EPI - Equipamento de Proteção Individual (7) Tais custos de mobilização não são renováveis, devendo ser eliminados após o primeiro ano de contrato caso haja prorrogação
A108: LIMITE QUADRO I (Despesas Diretas) sobre Montante A (exceto Vale-transporte), conforme alíneas "b.2" e "b.3", Inc. II, art. 7º, do Decreto 52.768/2015, alterado pelo Decreto 53.424/2017: 10% SEM MATERIAIS/EQUIPAMENTOS; 20% COM MATERIAIS/EQUIPAMENTOS | F108: =I25 -> 0.2 | G108: =I110*F108 -> 859.14567 | H108: Dedução Vale Transporte | I108: =I78 -> 157.1694
A109: Remuneração (Grupo I) | C109: Obrigações Sociais (Grupo II) | D109: Tempo Não Trabalhado (Grupo III) | E109: Indenizações (Grupo IV) | F109: Incidências (Grupo V) | G109: Demais Custos CCT | H109: Total Montante A | I109: Base de Cálculo
A110: =I37 -> 2156.714 | C110: =I48 -> 793.67075 | D110: =I60 -> 549.83914 | E110: =I67 -> 75.042864 | F110: =I71 -> 202.3408 | G110: =I81 -> 675.2902 | H110: =A110+C110+D110+E110+F110+G110 -> 4452.8978 | I110: =H110-I108 -> 4295.7284
A112: II | B112: Despesas Indiretas | H112: % | I112: Valor Mensal/unidade de serviço (R$)
...

Sheet Aux. Adm Seg-Sex Zona Norte 30h
A1: PLANILHA DE CUSTOS E FORMAÇÃO DE PREÇOS DE SERVIÇOS CONTINUADOS COM DEDICAÇÃO EXCLUSIVA DE MÃO DE OBRA (ANEXO III - DECRETOS 52.768 de 15.12.2015 e 54.273 de 10.10.2018)
A2: PROCESSO: | C2: 24/1300-0006476-8 | E2: REGIME DE TRIBUTAÇÃO: LUCRO REAL
A3: LICITAÇÃO/EDITAL | E3: ABERTURA:
A5: Cargo/Função: | D5: Auxiliar Administrativo seg-sex | G5: =IF(D6="12x36","Regime de trabalho:","Quantidade de HORAS/MÊS") -> Quantidade de HORAS/MÊS | I5: =IF(D6="12x36",D6,5*D6) -> 150
A6: =IF(D6="12x36","Regime de trabalho:","Regime de trabalho (horas semanais):") -> Regime de trabalho (horas semanais): | D6: 30
A7: Convenção Coletiva de Trabalho: | D7: RS004917/2023 | G7: INSALUBRIDADE (10%, 20%, 40%) | I7: Não aplicável
A8: Origem do salário: | D8: CCT
A9: Cidade: | D9: Porto Alegre Zona Norte | G9: PERICULOSIDADE (30%) | I9: Não aplicável
A10: Salário Normativo | G10: Vlr. do salário e nº de horas correspondentes | H10: 220 | I10: 2013.31
A11: ISS | G11: =D9 -> Porto Alegre Zona Norte | H11: Alíquota | I11: 0.05
A12: Tarifa Transporte | G12: CCT | H12: Vr. Unitário | I12: 4.8
H13: Dias | I13: 22
H14: Desconto | I14: 0.06
A15: Auxílio Alimentação | G15: CCT | H15: Vr. Unitário | I15: 0
H16: Dias | I16: 0
H17: Desconto | I17: 0
A18: Auxílio Lanche | G18: CCT | H18: Vr. Unitário | I18: 11.84
H19: Dias | I19: 22
H20: Desconto | I20: 0.19
A21: Outros: PLANO DE BENEFÍCIO SOCIAL FAMILIAR | G21: CCT | H21: Valor mensal | I21: 19.42
A22: Adicional de Supervisor (37%) | H22: Porcentagem | I22: Não aplicável
A23: Base de cálculo da insalubridade | H23: Valor | I23: Não aplicável
A24: Hora Intervalar | H24: Horas por mês | I24: Não aplicável
A25: Sem fornecimento de materiais ou apenas fornecimento de EPIs ou uniformes, utilizar 10%. Com fornecimento de materiais ou equipamentos, utilizar 20%. (Decreto 52.768/2015, alterado pelo Decreto 53.424/2017) | H25: Porcentagem | I25: 0.2
A27: MONTANTE A
A28: I | B28: Remuneração - Grupo I | H28: % | I28: Valor Mensal/unidade de serviço (R$)
A29: 1 | B29: Salário | H29: =I29/$I$37 -> 1 | I29: =IF(D6="12x36",I10,I10/H10*I5) -> 1372.7114
A30: =A29+1 -> 2 | B30: Adicional Periculosidade 30% (Ver súmulas 364, 132 e 191 do TST) | H30: =I30/$I$37 -> 0 | I30: =IF(I9=30%,I29*I9,0) -> 0
A31: =A30+1 -> 3 | B31: Adicional Insalubridade 10% (Ver súmula 228 e 139 TST) | H31: =I31/$I$37 -> 0 | I31: =IF(I7=10%,I23*I7,0) -> 0
A32: =A31+1 -> 4 | B32: Adicional Insalubridade 20% (Ver súmula 228 e 139 TST) | H32: =I32/$I$37 -> 0 | I32: =IF(I7=20%,I23*I7,0) -> 0
A33: =A32+1 -> 5 | B33: Adicional Insalubridade 40% (Ver súmula 228 e 139 TST) | H33: =I33/$I$37 -> 0 | I33: =IF(I7=40%,I23*I7,0) -> 0
A34: =A33+1 -> 6 | B34: Adicional de Supervisor (IN 02/2008 MPOG SLTI) | H34: =I34/$I$37 -> 0 | I34: =IF(I22="Não aplicável",0,I29*I22) -> 0
A35: =A34+1 -> 7 | B35: DSR - Descanso Semanal Remunerado | H35: =I35/$I$37 -> 0 | I35: 0
A36: =A35+1 -> 8 | B36: =IF(D6="12x36","Para postos 12x36 os feriados são considerados compensados, conforme parágrafo único, Art. 59-A da CLT","Outros") -> Outros | H36: =I36/$I$37 -> 0 | I36: 0
A37: Total de Remuneração | H37: =SUM(H29:H36) -> 1 | I37: =SUM(I29:I36) -> 1372.7114
A39: II | B39: Encargos Sociais - Grupo II: Obrigações Sociais | H39: % | I39: Valor Mensal/unidade de serviço (R$)
A40: 1 | B40: INSS (art. 22, inc. I, Lei nº 8.212/91) | H40: 0.2 | I40: =$I$37*H40 -> 274.54227
A41: 2 | B41: SESI ou SESC (art. 30, Lei nº 8.036/90) | H41: 0.015 | I41: =$I$37*H41 -> 20.59067
A42: 3 | B42: SENAI ou SENAC (Decreto-Lei nº 2.318/86) | H42: 0.01 | I42: =$I$37*H42 -> 13.727114
A43: 4 | B43: INCRA (art. 15I, Lei Complementar nº 011/71) | H43: 0.002 | I43: =$I$37*H43 -> 2.7454227
A44: 5 | B44: SALÁRIO EDUCAÇÃO (art. , inc. I, Decreto nº 87.043/82) | H44: 0.025 | I44: =$I$37*H44 -> 34.317784
A45: 6 | B45: FGTS (art. 15, Lei nº 8.036/90) | H45: 0.08 | I45: =$I$37*H45 -> 109.81691
A46: 7 | B46: SEG. ACIDENTE DO TRABALHO 1%, 2% e 3% (art. 22, inc. II, alíneas "b" e "c", da Lei nº 8.212/91) | H46: 0.03 | I46: =$I$37*H46 -> 41.181341
A47: 8 | B47: SEBRAE (§ 3º, art. 8º, Lei nº 8.029/90) | H47: 0.006 | I47: =$I$37*H47 -> 8.2362682
A48: Total do Grupo II | H48: =SUM(H40:H47) -> 0.368 | I48: =SUM(I40:I47) -> 505.15778
A49: Os percentuais para o SAT podem variar de 0,50% a 6,00% em função do Fator de Acidente Previdenciário (FAP), Decreto nº 6.957/2009
A50: Deverá obrigatoriamente acompanhar a proposta de preços e a planilha de custos e formação de preços a prova do Fator Acidentário de Prevenção – FAP por meio de impressão de consulta ao site do Ministério da Previdência Social (que pode ser obtido no endereço eletrônico http://www2.dataprev.gov.br/fap/fap.htm), independentemente de alteração da alíquota da parcela do Seguro Acidente de Trabalho disposta no Quadro II da referida planilha.
A51: III | B51: Encargos Sociais - Grupo III: Tempo Não Trabalhado | H51: % | I51: Valor Mensal/unidade de serviço (R$)
A52: 1 | B52: FÉRIAS GOZADAS + ADICIONAL DE FÉRIAS | H52: 0.119314 | I52: =$I$37*H52 -> 163.78368
A53: 2 | B53: FALTAS ABONADAS (3) | H53: 0.020479 | I53: =$I$37*H53 -> 28.111756
A54: 3 | B54: FALTAS LEGAIS (4) | H54: 0.012123 | I54: =$I$37*H54 -> 16.64138
A55: 4 | B55: LICENÇA MATERNIDADE | H55: 0.011436 | I55: =$I$37*H55 -> 15.698327
A56: 5 | B56: LICENÇA PATERNIDADE | H56: 0.000174 | I56: =$I$37*H56 -> 0.23885178
A57: 6 | B57: ACIDENTE DE TRABALHO | H57: 0.000442 | I57: =$I$37*H57 -> 0.60673842
A58: 7 | B58: AVISO PRÉVIO TRABALHADO | H58: 0.000185 | I58: =$I$37*H58 -> 0.2539516
A59: 8 | B59: 13º SALÁRIO | H59: 0.09079 | I59: =$I$37*H59 -> 124.62846
A60: Total do Grupo III | H60: =SUM(H52:H59) -> 0.254943 | I60: =SUM(I52:I59) -> 349.96315
A61: (3) | B61: Faltas Justificadas por Auxílio Doença
A62: (4) | B62: Faltas Legais - Art. 473 CLT
A63: IV | B63: Encargos Sociais - Grupo IV: Indenizações | H63: % | I63: Valor Mensal/unidade de serviço (R$)
A64: 1 | B64: INDENIZAÇÕES | H64: 0.023627 | I64: =$I$37*H64 -> 32.433051
A65: 2 | B65: FGTS SOBRE INDENIZAÇÕES | H65: 0.001717 | I65: =$I$37*H65 -> 2.3569454
A66: 3 | B66: INDENIZAÇÃO COMPENSATÓRIA POR DEMISSÃO SEM JUSTA CAUSA | H66: 0.009451 | I66: =$I$37*H66 -> 12.973495
A67: Total do Grupo IV | H67: =SUM(H64:H66) -> 0.034795 | I67: =SUM(I64:I66) -> 47.763492
A69: V | B69: Encargos Sociais - Grupo V: Incidências | H69: % | I69: Valor Mensal/unidade de serviço (R$)
A70: 1 | B70: INCIDÊNCIA GRUPO II (Obrigações Sociais) X GRUPO III (Tempo Não Trabalhado) | H70: =(H48*H60) -> 0.093819024 | I70: =$I$37*H70 -> 128.78644
A71: Total do Grupo V | H71: =SUM(H70:H70) -> 0.093819024 | I71: =I70 -> 128.78644
A73: TOTAL DOS ENCAGOS SOCIAIS (II + III + IV + V) | H73: =H48+H60+H67+H71 -> 0.75155702 | I73: =I48+I60+I67+I71 -> 1031.6709
A75: VI | B75: Demais custos relativos à Norma Coletiva ou Disposições Legais - Grupo VI | H75: % | I75: Valor Mensal/unidade de serviço (R$)
A76: 1 | B76: Auxílio Alimentação | H76: =I76/$I$37 -> 0 | I76: =I93 -> 0
A77: 2 | B77: Auxílio Lanche | H77: =I77/$I$37 -> 0.15370223 | I77: =I89 -> 210.9888
A78: 3 | B78: Vale-Transporte⁽⁵⁾ | H78: =I78/$I$37 -> 0.093856088 | I78: =I85 -> 128.83732
A79: 4 | B79: Adicional Intervalar | H79: =I79/$I$37 -> 0 | I79: =IF(I24="Não aplicável",0,((I10/H10)*1.5*I24)) -> 0
A80: 5 | B80: Outros | H80: =I80/$I$37 -> 0.014147184 | I80: =IF(I21="Não aplicável",0,I21) -> 19.42
A81: Total do Grupo VI | H81: =SUM(H76:H80) -> 0.2617055 | I81: =SUM(I76:I80) -> 359.24612
A82: (5) | B82: O valor do vale-transporte pode variar de acordo com o modal fornecido pelo empregador.
A83: MEMÓRIA DE CÁLCULO DO VALE TRANSPORTE
A84: Valor Unitário | C84: Dias de Trabalho | D84: Vale p/dia | E84: Custo total | F84: Base de cálculo | G84: Percentual de desconto | H84: Valor desconto | I84: Custo efetivo
A85: =I12 -> 4.8 | C85: =I13 -> 22 | D85: 2 | E85: =A85*C85*D85 -> 211.2 | F85: =I29 -> 1372.7114 | G85: =I14 -> 0.06 | H85: =F85*G85 -> 82.362682 | I85: =IF((E85-H85)>0,E85-H85,0) -> 128.83732
A87: MEMÓRIA DE CÁLCULO DO VALE LANCHE
A88: Valor Unitário | C88: Dias por mês | D88: Vale p/dia | E88: Custo total | F88: Base de cálculo | G88: Percentual de desconto | H88: Valor desconto | I88: Custo efetivo
A89: =I18 -> 11.84 | C89: =I19 -> 22 | D89: 1 | E89: =A89*C89*D89 -> 260.48 | F89: =E89 -> 260.48 | G89: =I20 -> 0.19 | H89: =F89*G89 -> 49.4912 | I89: =E89-H89 -> 210.9888
A91: MEMÓRIA DE CÁLCULO DO VALE ALIMENTAÇÃO
A92: Valor Unitário | C92: Dias por mês | D92: Vale p/dia | E92: Custo total | F92: Base de cálculo | G92: Percentual de desconto | H92: =H84 -> Valor desconto | I92: Custo efetivo
A93: =I15 -> 0 | C93: =I16 -> 0 | D93: 1 | E93: =A93*C93*D93 -> 0 | F93: =E93 -> 0 | G93: =I17 -> 0 | H93: =F93*G93 -> 0 | I93: =E93-H93 -> 0
A95: TOTAL DO MONTANTE A (I + II + III+ IV + V +VI) | H95: =H37+H73+H81 -> 2.0132625 | I95: =I37+I73+I81 -> 2763.6283
A97: MONTANTE B
A98: I | B98: Despesas Diretas | H98: % | I98: Valor Mensal/unidade de serviço (R$)
A99: 1 | B99: Transporte (6) | H99: =I99/$I$110 -> 0 | I99: 0
A100: 2 | B100: Uniformes/EPI (6a) | H100: =I100/$I$110 -> 0 | I100: 0
A101: 3 | B101: Seguro de vida | H101: =I101/$I$110 -> 0 | I101: 0
A102: 4 | B102: Materiais/Equipamentos | H102: =I102/$I$110 -> 0 | I102: 0
A103: 5 | B103: Mobilização (7) | H103: =I103/$I$110 -> 0 | I103: 0
A104: 6 | B104: Outros (especificar) | H104: =I104/$I$110 -> 0 | I104: 0
A105: Total de Despesas Diretas | H105: =H99+H100+H101+H102+H103+H104 -> 0 | I105: =SUM(I99:I104) -> 0
B106: (6) Somente será preenchido quando o licitante fornecer transporte próprio (6a) EPI - Equipamento de Proteção Individual (7) Tais custos de mobilização não são renováveis, devendo ser eliminados após o primeiro ano de contrato caso haja prorrogação
A108: LIMITE QUADRO I (Despesas Diretas) sobre Montante A (exceto Vale-transporte), conforme alíneas "b.2" e "b.3", Inc. II, art. 7º, do Decreto 52.768/2015, alterado pelo Decreto 53.424/2017: 10% SEM MATERIAIS/EQUIPAMENTOS; 20% COM MATERIAIS/EQUIPAMENTOS | F108: =I25 -> 0.2 | G108: =I110*F108 -> 526.95821 | H108: Dedução Vale Transporte | I108: =I78 -> 128.83732
A109: Remuneração (Grupo I) | C109: Obrigações Sociais (Grupo II) | D109: Tempo Não Trabalhado (Grupo III) | E109: Indenizações (Grupo IV) | F109: Incidências (Grupo V) | G109: Demais Custos CCT | H109: Total Montante A | I109: Base de Cálculo
A110: =I37 -> 1372.7114 | C110: =I48 -> 505.15778 | D110: =I60 -> 349.96315 | E110: =I67 -> 47.763492 | F110: =I71 -> 128.78644 | G110: =I81 -> 359.24612 | H110: =A110+C110+D110+E110+F110+G110 -> 2763.6283 | I110: =H110-I108 -> 2634.791
A112: II | B112: Despesas Indiretas | H112: % | I112: Valor Mensal/unidade de serviço (R$)
...

Sheet Aux. Adm Seg-Sáb Zona Norte 44h
A1: PLANILHA DE CUSTOS E FORMAÇÃO DE PREÇOS DE SERVIÇOS CONTINUADOS COM DEDICAÇÃO EXCLUSIVA DE MÃO DE OBRA (ANEXO III - DECRETOS 52.768 de 15.12.2015 e 54.273 de 10.10.2018)
A2: PROCESSO: | C2: 24/1300-0006476-8 | E2: REGIME DE TRIBUTAÇÃO: LUCRO REAL
A3: LICITAÇÃO/EDITAL | E3: ABERTURA:
A5: Cargo/Função: | D5: Auxiliar Administrativo - seg-sáb | G5: =IF(D6="12x36","Regime de trabalho:","Quantidade de HORAS/MÊS") -> Quantidade de HORAS/MÊS | I5: =IF(D6="12x36",D6,5*D6) -> 220
A6: =IF(D6="12x36","Regime de trabalho:","Regime de trabalho (horas semanais):") -> Regime de trabalho (horas semanais): | D6: 44
A7: Convenção Coletiva de Trabalho: | D7: RS004917/2023 | G7: INSALUBRIDADE (10%, 20%, 40%) | I7: Não aplicável
A8: Origem do salário: | D8: CCT
A9: Cidade: | D9: Porto Alegre Zona Norte | G9: PERICULOSIDADE (30%) | I9: Não aplicável
A10: Salário Normativo | G10: Vlr. do salário e nº de horas correspondentes | H10: 220 | I10: 2013.31
A11: ISS | G11: =D9 -> Porto Alegre Zona Norte | H11: Alíquota | I11: 0.05
A12: Tarifa Transporte | G12: CCT | H12: Vr. Unitário | I12: 4.8
H13: Dias | I13: 26
H14: Desconto | I14: 0.06
A15: Auxílio Alimentação | G15: CCT | H15: Vr. Unitário | I15: 23.68
H16: Dias | I16: 26
H17: Desconto | I17: 0.19
A18: Auxílio Lanche | G18: CCT | H18: Vr. Unitário | I18: 0
H19: Dias | I19: 0
H20: Desconto | I20: 0
A21: Outros: PLANO DE BENEFÍCIO SOCIAL FAMILIAR | G21: CCT | H21: Valor mensal | I21: 19.42
A22: Adicional de Supervisor (37%) | H22: Porcentagem | I22: Não aplicável
A23: Base de cálculo da insalubridade | H23: Valor | I23: Não aplicável
A24: Hora Intervalar | H24: Horas por mês | I24: Não aplicável
A25: Sem fornecimento de materiais ou apenas fornecimento de EPIs ou uniformes, utilizar 10%. Com fornecimento de materiais ou equipamentos, utilizar 20%. (Decreto 52.768/2015, alterado pelo Decreto 53.424/2017) | H25: Porcentagem | I25: 0.2
A27: MONTANTE A
A28: I | B28: Remuneração - Grupo I | H28: % | I28: Valor Mensal/unidade de serviço (R$)
A29: 1 | B29: Salário | H29: =I29/$I$37 -> 1 | I29: =IF(D6="12x36",I10,I10/H10*I5) -> 2013.31
A30: =A29+1 -> 2 | B30: Adicional Periculosidade 30% (Ver súmulas 364, 132 e 191 do TST) | H30: =I30/$I$37 -> 0 | I30: =IF(I9=30%,I29*I9,0) -> 0
A31: =A30+1 -> 3 | B31: Adicional Insalubridade 10% (Ver súmula 228 e 139 TST) | H31: =I31/$I$37 -> 0 | I31: =IF(I7=10%,I23*I7,0) -> 0
A32: =A31+1 -> 4 | B32: Adicional Insalubridade 20% (Ver súmula 228 e 139 TST) | H32: =I32/$I$37 -> 0 | I32: =IF(I7=20%,I23*I7,0) -> 0
A33: =A32+1 -> 5 | B33: Adicional Insalubridade 40% (Ver súmula 228 e 139 TST) | H33: =I33/$I$37 -> 0 | I33: =IF(I7=40%,I23*I7,0) -> 0
A34: =A33+1 -> 6 | B34: Adicional de Supervisor (IN 02/2008 MPOG SLTI) | H34: =I34/$I$37 -> 0 | I34: =IF(I22="Não aplicável",0,I29*I22) -> 0
A35: =A34+1 -> 7 | B35: DSR - Descanso Semanal Remunerado | H35: =I35/$I$37 -> 0 | I35: 0
A36: =A35+1 -> 8 | B36: =IF(D6="12x36","Para postos 12x36 os feriados são considerados compensados, conforme parágrafo único, Art. 59-A da CLT","Outros") -> Outros | H36: =I36/$I$37 -> 0 | I36: 0
A37: Total de Remuneração | H37: =SUM(H29:H36) -> 1 | I37: =SUM(I29:I36) -> 2013.31
A39: II | B39: Encargos Sociais - Grupo II: Obrigações Sociais | H39: % | I39: Valor Mensal/unidade de serviço (R$)
A40: 1 | B40: INSS (art. 22, inc. I, Lei nº 8.212/91) | H40: 0.2 | I40: =$I$37*H40 -> 402.662
A41: 2 | B41: SESI ou SESC (art. 30, Lei nº 8.036/90) | H41: 0.015 | I41: =$I$37*H41 -> 30.19965
A42: 3 | B42: SENAI ou SENAC (Decreto-Lei nº 2.318/86) | H42: 0.01 | I42: =$I$37*H42 -> 20.1331
A43: 4 | B43: INCRA (art. 15I, Lei Complementar nº 011/71) | H43: 0.002 | I43: =$I$37*H43 -> 4.02662
A44: 5 | B44: SALÁRIO EDUCAÇÃO (art. , inc. I, Decreto nº 87.043/82) | H44: 0.025 | I44: =$I$37*H44 -> 50.33275
A45: 6 | B45: FGTS (art. 15, Lei nº 8.036/90) | H45: 0.08 | I45: =$I$37*H45 -> 161.0648
A46: 7 | B46: SEG. ACIDENTE DO TRABALHO 1%, 2% e 3% (art. 22, inc. II, alíneas "b" e "c", da Lei nº 8.212/91) | H46: 0.03 | I46: =$I$37*H46 -> 60.3993
A47: 8 | B47: SEBRAE (§ 3º, art. 8º, Lei nº 8.029/90) | H47: 0.006 | I47: =$I$37*H47 -> 12.07986
A48: Total do Grupo II | H48: =SUM(H40:H47) -> 0.368 | I48: =SUM(I40:I47) -> 740.89808
A49: Os percentuais para o SAT podem variar de 0,50% a 6,00% em função do Fator de Acidente Previdenciário (FAP), Decreto nº 6.957/2009
A50: Deverá obrigatoriamente acompanhar a proposta de preços e a planilha de custos e formação de preços a prova do Fator Acidentário de Prevenção – FAP por meio de impressão de consulta ao site do Ministério da Previdência Social (que pode ser obtido no endereço eletrônico http://www2.dataprev.gov.br/fap/fap.htm), independentemente de alteração da alíquota da parcela do Seguro Acidente de Trabalho disposta no Quadro II da referida planilha.
A51: III | B51: Encargos Sociais - Grupo III: Tempo Não Trabalhado | H51: % | I51: Valor Mensal/unidade de serviço (R$)
A52: 1 | B52: FÉRIAS GOZADAS + ADICIONAL DE FÉRIAS | H52: 0.119314 | I52: =$I$37*H52 -> 240.21607
A53: 2 | B53: FALTAS ABONADAS (3) | H53: 0.020479 | I53: =$I$37*H53 -> 41.230575
A54: 3 | B54: FALTAS LEGAIS (4) | H54: 0.012123 | I54: =$I$37*H54 -> 24.407357
A55: 4 | B55: LICENÇA MATERNIDADE | H55: 0.011436 | I55: =$I$37*H55 -> 23.024213
A56: 5 | B56: LICENÇA PATERNIDADE | H56: 0.000174 | I56: =$I$37*H56 -> 0.35031594
A57: 6 | B57: ACIDENTE DE TRABALHO | H57: 0.000442 | I57: =$I$37*H57 -> 0.88988302
A58: 7 | B58: AVISO PRÉVIO TRABALHADO | H58: 0.000185 | I58: =$I$37*H58 -> 0.37246235
A59: 8 | B59: 13º SALÁRIO | H59: 0.09079 | I59: =$I$37*H59 -> 182.78841
A60: Total do Grupo III | H60: =SUM(H52:H59) -> 0.254943 | I60: =SUM(I52:I59) -> 513.27929
A61: (3) | B61: Faltas Justificadas por Auxílio Doença
A62: (4) | B62: Faltas Legais - Art. 473 CLT
A63: IV | B63: Encargos Sociais - Grupo IV: Indenizações | H63: % | I63: Valor Mensal/unidade de serviço (R$)
A64: 1 | B64: INDENIZAÇÕES | H64: 0.023627 | I64: =$I$37*H64 -> 47.568475
A65: 2 | B65: FGTS SOBRE INDENIZAÇÕES | H65: 0.001717 | I65: =$I$37*H65 -> 3.4568533
A66: 3 | B66: INDENIZAÇÃO COMPENSATÓRIA POR DEMISSÃO SEM JUSTA CAUSA | H66: 0.009451 | I66: =$I$37*H66 -> 19.027793
A67: Total do Grupo IV | H67: =SUM(H64:H66) -> 0.034795 | I67: =SUM(I64:I66) -> 70.053121
A69: V | B69: Encargos Sociais - Grupo V: Incidências | H69: % | I69: Valor Mensal/unidade de serviço (R$)
A70: 1 | B70: INCIDÊNCIA GRUPO II (Obrigações Sociais) X GRUPO III (Tempo Não Trabalhado) | H70: =(H48*H60) -> 0.093819024 | I70: =$I$37*H70 -> 188.88678
A71: Total do Grupo V | H71: =SUM(H70:H70) -> 0.093819024 | I71: =I70 -> 188.88678
A73: TOTAL DOS ENCAGOS SOCIAIS (II + III + IV + V) | H73: =H48+H60+H67+H71 -> 0.75155702 | I73: =I48+I60+I67+I71 -> 1513.1173
A75: VI | B75: Demais custos relativos à Norma Coletiva ou Disposições Legais - Grupo VI | H75: % | I75: Valor Mensal/unidade de serviço (R$)
A76: 1 | B76: Auxílio Alimentação | H76: =I76/$I$37 -> 0.24770194 | I76: =I93 -> 498.7008
A77: 2 | B77: Auxílio Lanche | H77: =I77/$I$37 -> 0 | I77: =I89 -> 0
A78: 3 | B78: Vale-Transporte⁽⁵⁾ | H78: =I78/$I$37 -> 0.063974947 | I78: =I85 -> 128.8014
A79: 4 | B79: Adicional Intervalar | H79: =I79/$I$37 -> 0 | I79: =IF(I24="Não aplicável",0,((I10/H10)*1.5*I24)) -> 0
A80: 5 | B80: Outros | H80: =I80/$I$37 -> 0.0096458072 | I80: =IF(I21="Não aplicável",0,I21) -> 19.42
A81: Total do Grupo VI | H81: =SUM(H76:H80) -> 0.3213227 | I81: =SUM(I76:I80) -> 646.9222
A82: (5) | B82: O valor do vale-transporte pode variar de acordo com o modal fornecido pelo empregador.
A83: MEMÓRIA DE CÁLCULO DO VALE TRANSPORTE
A84: Valor Unitário | C84: Dias de Trabalho | D84: Vale p/dia | E84: Custo total | F84: Base de cálculo | G84: Percentual de desconto | H84: Valor desconto | I84: Custo efetivo
A85: =I12 -> 4.8 | C85: =I13 -> 26 | D85: 2 | E85: =A85*C85*D85 -> 249.6 | F85: =I29 -> 2013.31 | G85: =I14 -> 0.06 | H85: =F85*G85 -> 120.7986 | I85: =IF((E85-H85)>0,E85-H85,0) -> 128.8014
A87: MEMÓRIA DE CÁLCULO DO VALE LANCHE
A88: Valor Unitário | C88: Dias por mês | D88: Vale p/dia | E88: Custo total | F88: Base de cálculo | G88: Percentual de desconto | H88: Valor desconto | I88: Custo efetivo
A89: =I18 -> 0 | C89: =I19 -> 0 | D89: 1 | E89: =A89*C89*D89 -> 0 | F89: =E89 -> 0 | G89: =I20 -> 0 | H89: =F89*G89 -> 0 | I89: =E89-H89 -> 0
A91: MEMÓRIA DE CÁLCULO DO VALE ALIMENTAÇÃO
A92: Valor Unitário | C92: Dias por mês | D92: Vale p/dia | E92: Custo total | F92: Base de cálculo | G92: Percentual de desconto | H92: =H84 -> Valor desconto | I92: Custo efetivo
A93: =I15 -> 23.68 | C93: =I16 -> 26 | D93: 1 | E93: =A93*C93*D93 -> 615.68 | F93: =E93 -> 615.68 | G93: =I17 -> 0.19 | H93: =F93*G93 -> 116.9792 | I93: =E93-H93 -> 498.7008
A95: TOTAL DO MONTANTE A (I + II + III+ IV + V +VI) | H95: =H37+H73+H81 -> 2.0728797 | I95: =I37+I73+I81 -> 4173.3495
A97: MONTANTE B
A98: I | B98: Despesas Diretas | H98: % | I98: Valor Mensal/unidade de serviço (R$)
A99: 1 | B99: Transporte (6) | H99: =I99/$I$110 -> 0 | I99: 0
A100: 2 | B100: Uniformes/EPI (6a) | H100: =I100/$I$110 -> 0 | I100: 0
A101: 3 | B101: Seguro de vida | H101: =I101/$I$110 -> 0 | I101: 0
A102: 4 | B102: Materiais/Equipamentos | H102: =I102/$I$110 -> 0 | I102: 0
A103: 5 | B103: Mobilização (7) | H103: =I103/$I$110 -> 0 | I103: 0
A104: 6 | B104: Outros (especificar) | H104: =I104/$I$110 -> 0 | I104: 0
A105: Total de Despesas Diretas | H105: =H99+H100+H101+H102+H103+H104 -> 0 | I105: =SUM(I99:I104) -> 0
B106: (6) Somente será preenchido quando o licitante fornecer transporte próprio (6a) EPI - Equipamento de Proteção Individual (7) Tais custos de mobilização não são renováveis, devendo ser eliminados após o primeiro ano de contrato caso haja prorrogação
A108: LIMITE QUADRO I (Despesas Diretas) sobre Montante A (exceto Vale-transporte), conforme alíneas "b.2" e "b.3", Inc. II, art. 7º, do Decreto 52.768/2015, alterado pelo Decreto 53.424/2017: 10% SEM MATERIAIS/EQUIPAMENTOS; 20% COM MATERIAIS/EQUIPAMENTOS | F108: =I25 -> 0.2 | G108: =I110*F108 -> 808.90961 | H108: Dedução Vale Transporte | I108: =I78 -> 128.8014
A109: Remuneração (Grupo I) | C109: Obrigações Sociais (Grupo II) | D109: Tempo Não Trabalhado (Grupo III) | E109: Indenizações (Grupo IV) | F109: Incidências (Grupo V) | G109: Demais Custos CCT | H109: Total Montante A | I109: Base de Cálculo
A110: =I37 -> 2013.31 | C110: =I48 -> 740.89808 | D110: =I60 -> 513.27929 | E110: =I67 -> 70.053121 | F110: =I71 -> 188.88678 | G110: =I81 -> 646.9222 | H110: =A110+C110+D110+E110+F110+G110 -> 4173.3495 | I110: =H110-I108 -> 4044.5481
A112: II | B112: Despesas Indiretas | H112: % | I112: Valor Mensal/unidade de serviço (R$)
...

Sheet Aux Sup Seg-Sáb Zona Norte 44h
A1: PLANILHA DE CUSTOS E FORMAÇÃO DE PREÇOS DE SERVIÇOS CONTINUADOS COM DEDICAÇÃO EXCLUSIVA DE MÃO DE OBRA (ANEXO III - DECRETOS 52.768 de 15.12.2015 e 54.273 de 10.10.2018)
A2: PROCESSO: | C2: 24/1300-0006476-8 | E2: REGIME DE TRIBUTAÇÃO: LUCRO REAL
A3: LICITAÇÃO/EDITAL | E3: ABERTURA:
A5: Cargo/Função: | D5: Auxiliar Administrativo Supervisor - seg-sáb | G5: =IF(D6="12x36","Regime de trabalho:","Quantidade de HORAS/MÊS") -> Quantidade de HORAS/MÊS | I5: =IF(D6="12x36",D6,5*D6) -> 220
A6: =IF(D6="12x36","Regime de trabalho:","Regime de trabalho (horas semanais):") -> Regime de trabalho (horas semanais): | D6: 44
A7: Convenção Coletiva de Trabalho: | D7: RS004917/2023 | G7: INSALUBRIDADE (10%, 20%, 40%) | I7: Não aplicável
A8: Origem do salário: | D8: CCT
A9: Cidade: | D9: Porto Alegre Zona Norte | G9: PERICULOSIDADE (30%) | I9: Não aplicável
A10: Salário Normativo | G10: Vlr. do salário e nº de horas correspondentes | H10: 220 | I10: 2013.31
A11: ISS | G11: =D9 -> Porto Alegre Zona Norte | H11: Alíquota | I11: 0.05
A12: Tarifa Transporte | G12: CCT | H12: Vr. Unitário | I12: 4.8
H13: Dias | I13: 26
H14: Desconto | I14: 0.06
A15: Auxílio Alimentação | G15: CCT | H15: Vr. Unitário | I15: 23.68
H16: Dias | I16: 26
H17: Desconto | I17: 0.19
A18: Auxílio Lanche | G18: CCT | H18: Vr. Unitário | I18: 0
H19: Dias | I19: 0
H20: Desconto | I20: 0
A21: Outros: PLANO DE BENEFÍCIO SOCIAL FAMILIAR | G21: CCT | H21: Valor mensal | I21: 19.42
A22: Adicional de Supervisor (37%) | H22: Porcentagem | I22: 0.37
A23: Base de cálculo da insalubridade | H23: Valor | I23: Não aplicável
A24: Hora Intervalar | H24: Horas por mês | I24: Não aplicável
A25: Sem fornecimento de materiais ou apenas fornecimento de EPIs ou uniformes, utilizar 10%. Com fornecimento de materiais ou equipamentos, utilizar 20%. (Decreto 52.768/2015, alterado pelo Decreto 53.424/2017) | H25: Porcentagem | I25: 0.2
A27: MONTANTE A
A28: I | B28: Remuneração - Grupo I | H28: % | I28: Valor Mensal/unidade de serviço (R$)
A29: 1 | B29: Salário | H29: =I29/$I$37 -> 0.72992701 | I29: =IF(D6="12x36",I10,I10/H10*I5) -> 2013.31
A30: =A29+1 -> 2 | B30: Adicional Periculosidade 30% (Ver súmulas 364, 132 e 191 do TST) | H30: =I30/$I$37 -> 0 | I30: =IF(I9=30%,I29*I9,0) -> 0
A31: =A30+1 -> 3 | B31: Adicional Insalubridade 10% (Ver súmula 228 e 139 TST) | H31: =I31/$I$37 -> 0 | I31: =IF(I7=10%,I23*I7,0) -> 0
A32: =A31+1 -> 4 | B32: Adicional Insalubridade 20% (Ver súmula 228 e 139 TST) | H32: =I32/$I$37 -> 0 | I32: =IF(I7=20%,I23*I7,0) -> 0
A33: =A32+1 -> 5 | B33: Adicional Insalubridade 40% (Ver súmula 228 e 139 TST) | H33: =I33/$I$37 -> 0 | I33: =IF(I7=40%,I23*I7,0) -> 0
A34: =A33+1 -> 6 | B34: Adicional de Supervisor (IN 02/2008 MPOG SLTI) | H34: =I34/$I$37 -> 0.27007299 | I34: =IF(I22="Não aplicável",0,I29*I22) -> 744.9247
A35: =A34+1 -> 7 | B35: DSR - Descanso Semanal Remunerado | H35: =I35/$I$37 -> 0 | I35: 0
A36: =A35+1 -> 8 | B36: =IF(D6="12x36","Para postos 12x36 os feriados são considerados compensados, conforme parágrafo único, Art. 59-A da CLT","Outros") -> Outros | H36: =I36/$I$37 -> 0 | I36: 0
A37: Total de Remuneração | H37: =SUM(H29:H36) -> 1 | I37: =SUM(I29:I36) -> 2758.2347
A39: II | B39: Encargos Sociais - Grupo II: Obrigações Sociais | H39: % | I39: Valor Mensal/unidade de serviço (R$)
A40: 1 | B40: INSS (art. 22, inc. I, Lei nº 8.212/91) | H40: 0.2 | I40: =$I$37*H40 -> 551.64694
A41: 2 | B41: SESI ou SESC (art. 30, Lei nº 8.036/90) | H41: 0.015 | I41: =$I$37*H41 -> 41.37352
A42: 3 | B42: SENAI ou SENAC (Decreto-Lei nº 2.318/86) | H42: 0.01 | I42: =$I$37*H42 -> 27.582347
A43: 4 | B43: INCRA (art. 15I, Lei Complementar nº 011/71) | H43: 0.002 | I43: =$I$37*H43 -> 5.5164694
A44: 5 | B44: SALÁRIO EDUCAÇÃO (art. , inc. I, Decreto nº 87.043/82) | H44: 0.025 | I44: =$I$37*H44 -> 68.955867
A45: 6 | B45: FGTS (art. 15, Lei nº 8.036/90) | H45: 0.08 | I45: =$I$37*H45 -> 220.65878
A46: 7 | B46: SEG. ACIDENTE DO TRABALHO 1%, 2% e 3% (art. 22, inc. II, alíneas "b" e "c", da Lei nº 8.212/91) | H46: 0.03 | I46: =$I$37*H46 -> 82.747041
A47: 8 | B47: SEBRAE (§ 3º, art. 8º, Lei nº 8.029/90) | H47: 0.006 | I47: =$I$37*H47 -> 16.549408
A48: Total do Grupo II | H48: =SUM(H40:H47) -> 0.368 | I48: =SUM(I40:I47) -> 1015.0304
A49: Os percentuais para o SAT podem variar de 0,50% a 6,00% em função do Fator de Acidente Previdenciário (FAP), Decreto nº 6.957/2009
A50: Deverá obrigatoriamente acompanhar a proposta de preços e a planilha de custos e formação de preços a prova do Fator Acidentário de Prevenção – FAP por meio de impressão de consulta ao site do Ministério da Previdência Social (que pode ser obtido no endereço eletrônico http://www2.dataprev.gov.br/fap/fap.htm), independentemente de alteração da alíquota da parcela do Seguro Acidente de Trabalho disposta no Quadro II da referida planilha.
A51: III | B51: Encargos Sociais - Grupo III: Tempo Não Trabalhado | H51: % | I51: Valor Mensal/unidade de serviço (R$)
A52: 1 | B52: FÉRIAS GOZADAS + ADICIONAL DE FÉRIAS | H52: 0.119314 | I52: =$I$37*H52 -> 329.09601
A53: 2 | B53: FALTAS ABONADAS (3) | H53: 0.020479 | I53: =$I$37*H53 -> 56.485888
A54: 3 | B54: FALTAS LEGAIS (4) | H54: 0.012123 | I54: =$I$37*H54 -> 33.438079
A55: 4 | B55: LICENÇA MATERNIDADE | H55: 0.011436 | I55: =$I$37*H55 -> 31.543172
A56: 5 | B56: LICENÇA PATERNIDADE | H56: 0.000174 | I56: =$I$37*H56 -> 0.47993284
A57: 6 | B57: ACIDENTE DE TRABALHO | H57: 0.000442 | I57: =$I$37*H57 -> 1.2191397
A58: 7 | B58: AVISO PRÉVIO TRABALHADO | H58: 0.000185 | I58: =$I$37*H58 -> 0.51027342
A59: 8 | B59: 13º SALÁRIO | H59: 0.09079 | I59: =$I$37*H59 -> 250.42013
A60: Total do Grupo III | H60: =SUM(H52:H59) -> 0.254943 | I60: =SUM(I52:I59) -> 703.19263
A61: (3) | B61: Faltas Justificadas por Auxílio Doença
A62: (4) | B62: Faltas Legais - Art. 473 CLT
A63: IV | B63: Encargos Sociais - Grupo IV: Indenizações | H63: % | I63: Valor Mensal/unidade de serviço (R$)
A64: 1 | B64: INDENIZAÇÕES | H64: 0.023627 | I64: =$I$37*H64 -> 65.168811
A65: 2 | B65: FGTS SOBRE INDENIZAÇÕES | H65: 0.001717 | I65: =$I$37*H65 -> 4.735889
A66: 3 | B66: INDENIZAÇÃO COMPENSATÓRIA POR DEMISSÃO SEM JUSTA CAUSA | H66: 0.009451 | I66: =$I$37*H66 -> 26.068076
A67: Total do Grupo IV | H67: =SUM(H64:H66) -> 0.034795 | I67: =SUM(I64:I66) -> 95.972776
A69: V | B69: Encargos Sociais - Grupo V: Incidências | H69: % | I69: Valor Mensal/unidade de serviço (R$)
A70: 1 | B70: INCIDÊNCIA GRUPO II (Obrigações Sociais) X GRUPO III (Tempo Não Trabalhado) | H70: =(H48*H60) -> 0.093819024 | I70: =$I$37*H70 -> 258.77489
A71: Total do Grupo V | H71: =SUM(H70:H70) -> 0.093819024 | I71: =I70 -> 258.77489
A73: TOTAL DOS ENCAGOS SOCIAIS (II + III + IV + V) | H73: =H48+H60+H67+H71 -> 0.75155702 | I73: =I48+I60+I67+I71 -> 2072.9707
A75: VI | B75: Demais custos relativos à Norma Coletiva ou Disposições Legais - Grupo VI | H75: % | I75: Valor Mensal/unidade de serviço (R$)
A76: 1 | B76: Auxílio Alimentação | H76: =I76/$I$37 -> 0.18080434 | I76: =I93 -> 498.7008
A77: 2 | B77: Auxílio Lanche | H77: =I77/$I$37 -> 0 | I77: =I89 -> 0
A78: 3 | B78: Vale-Transporte⁽⁵⁾ | H78: =I78/$I$37 -> 0.046697041 | I78: =I85 -> 128.8014
A79: 4 | B79: Adicional Intervalar | H79: =I79/$I$37 -> 0 | I79: =IF(I24="Não aplicável",0,((I10/H10)*1.5*I24)) -> 0
A80: 5 | B80: Outros | H80: =I80/$I$37 -> 0.0070407351 | I80: =IF(I21="Não aplicável",0,I21) -> 19.42
A81: Total do Grupo VI | H81: =SUM(H76:H80) -> 0.23454211 | I81: =SUM(I76:I80) -> 646.9222
A82: (5) | B82: O valor do vale-transporte pode variar de acordo com o modal fornecido pelo empregador.
A83: MEMÓRIA DE CÁLCULO DO VALE TRANSPORTE
A84: Valor Unitário | C84: Dias de Trabalho | D84: Vale p/dia | E84: Custo total | F84: Base de cálculo | G84: Percentual de desconto | H84: Valor desconto | I84: Custo efetivo
A85: =I12 -> 4.8 | C85: =I13 -> 26 | D85: 2 | E85: =A85*C85*D85 -> 249.6 | F85: =I29 -> 2013.31 | G85: =I14 -> 0.06 | H85: =F85*G85 -> 120.7986 | I85: =IF((E85-H85)>0,E85-H85,0) -> 128.8014
A87: MEMÓRIA DE CÁLCULO DO VALE LANCHE
A88: Valor Unitário | C88: Dias por mês | D88: Vale p/dia | E88: Custo total | F88: Base de cálculo | G88: Percentual de desconto | H88: Valor desconto | I88: Custo efetivo
A89: =I18 -> 0 | C89: =I19 -> 0 | D89: 1 | E89: =A89*C89*D89 -> 0 | F89: =E89 -> 0 | G89: =I20 -> 0 | H89: =F89*G89 -> 0 | I89: =E89-H89 -> 0
A91: MEMÓRIA DE CÁLCULO DO VALE ALIMENTAÇÃO
A92: Valor Unitário | C92: Dias por mês | D92: Vale p/dia | E92: Custo total | F92: Base de cálculo | G92: Percentual de desconto | H92: =H84 -> Valor desconto | I92: Custo efetivo
A93: =I15 -> 23.68 | C93: =I16 -> 26 | D93: 1 | E93: =A93*C93*D93 -> 615.68 | F93: =E93 -> 615.68 | G93: =I17 -> 0.19 | H93: =F93*G93 -> 116.9792 | I93: =E93-H93 -> 498.7008
A95: TOTAL DO MONTANTE A (I + II + III+ IV + V +VI) | H95: =H37+H73+H81 -> 1.9860991 | I95: =I37+I73+I81 -> 5478.1276
A97: MONTANTE B
A98: I | B98: Despesas Diretas | H98: % | I98: Valor Mensal/unidade de serviço (R$)
A99: 1 | B99: Transporte (6) | H99: =I99/$I$110 -> 0 | I99: 0
A100: 2 | B100: Uniformes/EPI (6a) | H100: =I100/$I$110 -> 0 | I100: 0
A101: 3 | B101: Seguro de vida | H101: =I101/$I$110 -> 0 | I101: 0
A102: 4 | B102: Materiais/Equipamentos | H102: =I102/$I$110 -> 0 | I102: 0
A103: 5 | B103: Mobilização (7) | H103: =I103/$I$110 -> 0 | I103: 0
A104: 6 | B104: Outros (especificar) | H104: =I104/$I$110 -> 0 | I104: 0
A105: Total de Despesas Diretas | H105: =H99+H100+H101+H102+H103+H104 -> 0 | I105: =SUM(I99:I104) -> 0
B106: (6) Somente será preenchido quando o licitante fornecer transporte próprio (6a) EPI - Equipamento de Proteção Individual (7) Tais custos de mobilização não são renováveis, devendo ser eliminados após o primeiro ano de contrato caso haja prorrogação
A108: LIMITE QUADRO I (Despesas Diretas) sobre Montante A (exceto Vale-transporte), conforme alíneas "b.2" e "b.3", Inc. II, art. 7º, do Decreto 52.768/2015, alterado pelo Decreto 53.424/2017: 10% SEM MATERIAIS/EQUIPAMENTOS; 20% COM MATERIAIS/EQUIPAMENTOS | F108: =I25 -> 0.2 | G108: =I110*F108 -> 1069.8652 | H108: Dedução Vale Transporte | I108: =I78 -> 128.8014
A109: Remuneração (Grupo I) | C109: Obrigações Sociais (Grupo II) | D109: Tempo Não Trabalhado (Grupo III) | E109: Indenizações (Grupo IV) | F109: Incidências (Grupo V) | G109: Demais Custos CCT | H109: Total Montante A | I109: Base de Cálculo
A110: =I37 -> 2758.2347 | C110: =I48 -> 1015.0304 | D110: =I60 -> 703.19263 | E110: =I67 -> 95.972776 | F110: =I71 -> 258.77489 | G110: =I81 -> 646.9222 | H110: =A110+C110+D110+E110+F110+G110 -> 5478.1276 | I110: =H110-I108 -> 5349.3262
A112: II | B112: Despesas Indiretas | H112: % | I112: Valor Mensal/unidade de serviço (R$)
...

Sheet Limpeza Seg-Sáb Zona Norte
A1: PLANILHA DE CUSTOS E FORMAÇÃO DE PREÇOS DE SERVIÇOS CONTINUADOS COM DEDICAÇÃO EXCLUSIVA DE MÃO DE OBRA (ANEXO III - DECRETOS 52.768 de 15.12.2015 e 54.273 de 10.10.2018)
A2: PROCESSO: | C2: 24/1300-0006476-8 | E2: REGIME DE TRIBUTAÇÃO: LUCRO REAL
A3: LICITAÇÃO/EDITAL | E3: ABERTURA:
A5: Cargo/Função: | D5: Servente de Limpeza - seg-sáb | G5: =IF(D6="12x36","Regime de trabalho:","Quantidade de HORAS/MÊS") -> Quantidade de HORAS/MÊS | I5: =IF(D6="12x36",D6,5*D6) -> 220
A6: =IF(D6="12x36","Regime de trabalho:","Regime de trabalho (horas semanais):") -> Regime de trabalho (horas semanais): | D6: 44
A7: Convenção Coletiva de Trabalho: | D7: RS004917/2023 | G7: INSALUBRIDADE (10%, 20%, 40%) | I7: 0.2
A8: Origem do salário: | D8: CCT
A9: Cidade: | D9: Porto Alegre Zona Norte | G9: PERICULOSIDADE (30%) | I9: Não aplicável
A10: Salário Normativo | G10: Vlr. do salário e nº de horas correspondentes | H10: 220 | I10: 1540.51
A11: ISS | G11: =D9 -> Porto Alegre Zona Norte | H11: Alíquota | I11: 0.05
A12: Tarifa Transporte | G12: CCT | H12: Vr. Unitário | I12: 4.8
H13: Dias | I13: 26
H14: Desconto | I14: 0.06
A15: Auxílio Alimentação | G15: CCT | H15: Vr. Unitário | I15: 23.68
H16: Dias | I16: 26
H17: Desconto | I17: 0.19
A18: Auxílio Lanche | G18: CCT | H18: Vr. Unitário | I18: 0
H19: Dias | I19: 0
H20: Desconto | I20: 0
A21: Outros: PLANO DE BENEFÍCIO SOCIAL FAMILIAR | G21: CCT | H21: Valor mensal | I21: 19.42
A22: Adicional de Supervisor (37%) | H22: Porcentagem | I22: Não aplicável
A23: Base de cálculo da insalubridade (ver observação 2 do Anexo I - Folha de Dados - CGL 12.1.2) | H23: Valor | I23: =I29 -> 1540.51
A24: Hora Intervalar | H24: Horas por mês | I24: Não aplicável
A25: Sem fornecimento de materiais ou apenas fornecimento de EPIs ou uniformes, utilizar 10%. Com fornecimento de materiais ou equipamentos, utilizar 20%. (Decreto 52.768/2015, alterado pelo Decreto 53.424/2017) | H25: Porcentagem | I25: 0.2
A27: MONTANTE A
A28: I | B28: Remuneração - Grupo I | H28: % | I28: Valor Mensal/unidade de serviço (R$)
A29: 1 | B29: Salário | H29: =I29/$I$37 -> 0.83333333 | I29: =IF(D6="12x36",I10,I10/H10*I5) -> 1540.51
A30: =A29+1 -> 2 | B30: Adicional Periculosidade 30% (Ver súmulas 364, 132 e 191 do TST) | H30: =I30/$I$37 -> 0 | I30: =IF(I9=30%,I29*I9,0) -> 0
A31: =A30+1 -> 3 | B31: Adicional Insalubridade 10% (Ver súmula 228 e 139 TST) | H31: =I31/$I$37 -> 0 | I31: =IF(I7=10%,I23*I7,0) -> 0
A32: =A31+1 -> 4 | B32: Adicional Insalubridade 20% (Ver súmula 228 e 139 TST) | H32: =I32/$I$37 -> 0.16666667 | I32: =IF(I7=20%,I23*I7,0) -> 308.102
A33: =A32+1 -> 5 | B33: Adicional Insalubridade 40% (Ver súmula 228 e 139 TST) | H33: =I33/$I$37 -> 0 | I33: =IF(I7=40%,I23*I7,0) -> 0
A34: =A33+1 -> 6 | B34: Adicional de Supervisor (IN 02/2008 MPOG SLTI) | H34: =I34/$I$37 -> 0 | I34: =IF(I22="Não aplicável",0,I29*I22) -> 0
A35: =A34+1 -> 7 | B35: DSR - Descanso Semanal Remunerado | H35: =I35/$I$37 -> 0 | I35: 0
A36: =A35+1 -> 8 | B36: =IF(D6="12x36","Para postos 12x36 os feriados são considerados compensados, conforme parágrafo único, Art. 59-A da CLT","Outros") -> Outros | H36: =I36/$I$37 -> 0 | I36: 0
A37: Total de Remuneração | H37: =SUM(H29:H36) -> 1 | I37: =SUM(I29:I36) -> 1848.612
A39: II | B39: Encargos Sociais - Grupo II: Obrigações Sociais | H39: % | I39: Valor Mensal/unidade de serviço (R$)
A40: 1 | B40: INSS (art. 22, inc. I, Lei nº 8.212/91) | H40: 0.2 | I40: =$I$37*H40 -> 369.7224
A41: 2 | B41: SESI ou SESC (art. 30, Lei nº 8.036/90) | H41: 0.015 | I41: =$I$37*H41 -> 27.72918
A42: 3 | B42: SENAI ou SENAC (Decreto-Lei nº 2.318/86) | H42: 0.01 | I42: =$I$37*H42 -> 18.48612
A43: 4 | B43: INCRA (art. 15I, Lei Complementar nº 011/71) | H43: 0.002 | I43: =$I$37*H43 -> 3.697224
A44: 5 | B44: SALÁRIO EDUCAÇÃO (art. , inc. I, Decreto nº 87.043/82) | H44: 0.025 | I44: =$I$37*H44 -> 46.2153
A45: 6 | B45: FGTS (art. 15, Lei nº 8.036/90) | H45: 0.08 | I45: =$I$37*H45 -> 147.88896
A46: 7 | B46: SEG. ACIDENTE DO TRABALHO 1%, 2% e 3% (art. 22, inc. II, alíneas "b" e "c", da Lei nº 8.212/91) | H46: 0.03 | I46: =$I$37*H46 -> 55.45836
A47: 8 | B47: SEBRAE (§ 3º, art. 8º, Lei nº 8.029/90) | H47: 0.006 | I47: =$I$37*H47 -> 11.091672
A48: Total do Grupo II | H48: =SUM(H40:H47) -> 0.368 | I48: =SUM(I40:I47) -> 680.28922
A49: Os percentuais para o SAT podem variar de 0,50% a 6,00% em função do Fator de Acidente Previdenciário (FAP), Decreto nº 6.957/2009
A50: Deverá obrigatoriamente acompanhar a proposta de preços e a planilha de custos e formação de preços a prova do Fator Acidentário de Prevenção – FAP por meio de impressão de consulta ao site do Ministério da Previdência Social (que pode ser obtido no endereço eletrônico http://www2.dataprev.gov.br/fap/fap.htm), independentemente de alteração da alíquota da parcela do Seguro Acidente de Trabalho disposta no Quadro II da referida planilha.
A51: III | B51: Encargos Sociais - Grupo III: Tempo Não Trabalhado | H51: % | I51: Valor Mensal/unidade de serviço (R$)
A52: 1 | B52: FÉRIAS GOZADAS + ADICIONAL DE FÉRIAS | H52: 0.119314 | I52: =$I$37*H52 -> 220.56529
A53: 2 | B53: FALTAS ABONADAS (3) | H53: 0.020479 | I53: =$I$37*H53 -> 37.857725
A54: 3 | B54: FALTAS LEGAIS (4) | H54: 0.012123 | I54: =$I$37*H54 -> 22.410723
A55: 4 | B55: LICENÇA MATERNIDADE | H55: 0.011436 | I55: =$I$37*H55 -> 21.140727
A56: 5 | B56: LICENÇA PATERNIDADE | H56: 0.000174 | I56: =$I$37*H56 -> 0.32165849
A57: 6 | B57: ACIDENTE DE TRABALHO | H57: 0.000442 | I57: =$I$37*H57 -> 0.8170865
A58: 7 | B58: AVISO PRÉVIO TRABALHADO | H58: 0.000185 | I58: =$I$37*H58 -> 0.34199322
A59: 8 | B59: 13º SALÁRIO | H59: 0.09079 | I59: =$I$37*H59 -> 167.83548
A60: Total do Grupo III | H60: =SUM(H52:H59) -> 0.254943 | I60: =SUM(I52:I59) -> 471.29069
A61: (3) | B61: Faltas Justificadas por Auxílio Doença
A62: (4) | B62: Faltas Legais - Art. 473 CLT
A63: IV | B63: Encargos Sociais - Grupo IV: Indenizações | H63: % | I63: Valor Mensal/unidade de serviço (R$)
A64: 1 | B64: INDENIZAÇÕES | H64: 0.023627 | I64: =$I$37*H64 -> 43.677156
A65: 2 | B65: FGTS SOBRE INDENIZAÇÕES | H65: 0.001717 | I65: =$I$37*H65 -> 3.1740668
A66: 3 | B66: INDENIZAÇÃO COMPENSATÓRIA POR DEMISSÃO SEM JUSTA CAUSA | H66: 0.009451 | I66: =$I$37*H66 -> 17.471232
A67: Total do Grupo IV | H67: =SUM(H64:H66) -> 0.034795 | I67: =SUM(I64:I66) -> 64.322455
A69: V | B69: Encargos Sociais - Grupo V: Incidências | H69: % | I69: Valor Mensal/unidade de serviço (R$)
A70: 1 | B70: INCIDÊNCIA GRUPO II (Obrigações Sociais) X GRUPO III (Tempo Não Trabalhado) | H70: =(H48*H60) -> 0.093819024 | I70: =$I$37*H70 -> 173.43497
A71: Total do Grupo V | H71: =SUM(H70:H70) -> 0.093819024 | I71: =I70 -> 173.43497
A73: TOTAL DOS ENCAGOS SOCIAIS (II + III + IV + V) | H73: =H48+H60+H67+H71 -> 0.75155702 | I73: =I48+I60+I67+I71 -> 1389.3373
A75: VI | B75: Demais custos relativos à Norma Coletiva ou Disposições Legais - Grupo VI | H75: % | I75: Valor Mensal/unidade de serviço (R$)
A76: 1 | B76: Auxílio Alimentação | H76: =I76/$I$37 -> 0.2697704 | I76: =I93 -> 498.7008
A77: 2 | B77: Auxílio Lanche | H77: =I77/$I$37 -> 0 | I77: =I89 -> 0
A78: 3 | B78: Vale-Transporte⁽⁵⁾ | H78: =I78/$I$37 -> 0.085020221 | I78: =I85 -> 157.1694
A79: 4 | B79: Adicional Intervalar | H79: =I79/$I$37 -> 0 | I79: =IF(I24="Não aplicável",0,((I10/H10)*1.5*I24)) -> 0
A80: 5 | B80: Outros | H80: =I80/$I$37 -> 0.010505179 | I80: =IF(I21="Não aplicável",0,I21) -> 19.42
A81: Total do Grupo VI | H81: =SUM(H76:H80) -> 0.3652958 | I81: =SUM(I76:I80) -> 675.2902
A82: (5) | B82: O valor do vale-transporte pode variar de acordo com o modal fornecido pelo empregador.
A83: MEMÓRIA DE CÁLCULO DO VALE TRANSPORTE
A84: Valor Unitário | C84: Dias de Trabalho | D84: Vale p/dia | E84: Custo total | F84: Base de cálculo | G84: Percentual de desconto | H84: Valor desconto | I84: Custo efetivo
A85: =I12 -> 4.8 | C85: =I13 -> 26 | D85: 2 | E85: =A85*C85*D85 -> 249.6 | F85: =I29 -> 1540.51 | G85: =I14 -> 0.06 | H85: =F85*G85 -> 92.4306 | I85: =IF((E85-H85)>0,E85-H85,0) -> 157.1694
A87: MEMÓRIA DE CÁLCULO DO VALE LANCHE
A88: Valor Unitário | C88: Dias por mês | D88: Vale p/dia | E88: Custo total | F88: Base de cálculo | G88: Percentual de desconto | H88: Valor desconto | I88: Custo efetivo
A89: =I18 -> 0 | C89: =I19 -> 0 | D89: 1 | E89: =A89*C89*D89 -> 0 | F89: =E89 -> 0 | G89: =I20 -> 0 | H89: =F89*G89 -> 0 | I89: =E89-H89 -> 0
A91: MEMÓRIA DE CÁLCULO DO VALE ALIMENTAÇÃO
A92: Valor Unitário | C92: Dias por mês | D92: Vale p/dia | E92: Custo total | F92: Base de cálculo | G92: Percentual de desconto | H92: =H84 -> Valor desconto | I92: Custo efetivo
A93: =I15 -> 23.68 | C93: =I16 -> 26 | D93: 1 | E93: =A93*C93*D93 -> 615.68 | F93: =E93 -> 615.68 | G93: =I17 -> 0.19 | H93: =F93*G93 -> 116.9792 | I93: =E93-H93 -> 498.7008
A95: TOTAL DO MONTANTE A (I + II + III+ IV + V +VI) | H95: =H37+H73+H81 -> 2.1168528 | I95: =I37+I73+I81 -> 3913.2395
A97: MONTANTE B
A98: I | B98: Despesas Diretas | H98: % | I98: Valor Mensal/unidade de serviço (R$)
A99: 1 | B99: Transporte (6) | H99: =I99/$I$110 -> 0 | I99: 0
A100: 2 | B100: Uniformes/EPI (6a) | H100: =I100/$I$110 -> 0 | I100: 0
A101: 3 | B101: Seguro de vida | H101: =I101/$I$110 -> 0 | I101: 0
A102: 4 | B102: Materiais/Equipamentos | H102: =I102/$I$110 -> 0 | I102: 0
A103: 5 | B103: Mobilização (7) | H103: =I103/$I$110 -> 0 | I103: 0
A104: 6 | B104: Outros (especificar) | H104: =I104/$I$110 -> 0 | I104: 0
A105: Total de Despesas Diretas | H105: =H99+H100+H101+H102+H103+H104 -> 0 | I105: =SUM(I99:I104) -> 0
B106: (6) Somente será preenchido quando o licitante fornecer transporte próprio (6a) EPI - Equipamento de Proteção Individual (7) Tais custos de mobilização não são renováveis, devendo ser eliminados após o primeiro ano de contrato caso haja prorrogação
A108: LIMITE QUADRO I (Despesas Diretas) sobre Montante A (exceto Vale-transporte), conforme alíneas "b.2" e "b.3", Inc. II, art. 7º, do Decreto 52.768/2015, alterado pelo Decreto 53.424/2017: 10% SEM MATERIAIS/EQUIPAMENTOS; 20% COM MATERIAIS/EQUIPAMENTOS | F108: =I25 -> 0.2 | G108: =I110*F108 -> 751.21403 | H108: Dedução Vale Transporte | I108: =I78 -> 157.1694
A109: Remuneração (Grupo I) | C109: Obrigações Sociais (Grupo II) | D109: Tempo Não Trabalhado (Grupo III) | E109: Indenizações (Grupo IV) | F109: Incidências (Grupo V) | G109: Demais Custos CCT | H109: Total Montante A | I109: Base de Cálculo
A110: =I37 -> 1848.612 | C110: =I48 -> 680.28922 | D110: =I60 -> 471.29069 | E110: =I67 -> 64.322455 | F110: =I71 -> 173.43497 | G110: =I81 -> 675.2902 | H110: =A110+C110+D110+E110+F110+G110 -> 3913.2395 | I110: =H110-I108 -> 3756.0701
A112: II | B112: Despesas Indiretas | H112: % | I112: Valor Mensal/unidade de serviço (R$)
...

Sheet Aux. Adm. Seg-Sex Zona Sul 30h
A1: PLANILHA DE CUSTOS E FORMAÇÃO DE PREÇOS DE SERVIÇOS CONTINUADOS COM DEDICAÇÃO EXCLUSIVA DE MÃO DE OBRA (ANEXO III - DECRETOS 52.768 de 15.12.2015 e 54.273 de 10.10.2018)
A2: PROCESSO: | C2: 24/1300-0006476-8 | E2: REGIME DE TRIBUTAÇÃO: LUCRO REAL
A3: LICITAÇÃO/EDITAL | E3: ABERTURA:
A5: Cargo/Função: | D5: Auxiliar Administrativo seg-sex | G5: =IF(D6="12x36","Regime de trabalho:","Quantidade de HORAS/MÊS") -> Quantidade de HORAS/MÊS | I5: =IF(D6="12x36",D6,5*D6) -> 150
A6: =IF(D6="12x36","Regime de trabalho:","Regime de trabalho (horas semanais):") -> Regime de trabalho (horas semanais): | D6: 30
A7: Convenção Coletiva de Trabalho: | D7: RS004917/2023 | G7: INSALUBRIDADE (10%, 20%, 40%) | I7: Não aplicável
A8: Origem do salário: | D8: CCT
A9: Cidade: | D9: Porto Alegre Zona Sul | G9: PERICULOSIDADE (30%) | I9: Não aplicável
A10: Salário Normativo | G10: Vlr. do salário e nº de horas correspondentes | H10: 220 | I10: 2013.31
A11: ISS | G11: =D9 -> Porto Alegre Zona Sul | H11: Alíquota | I11: 0.05
A12: Tarifa Transporte | G12: CCT | H12: Vr. Unitário | I12: 4.8
H13: Dias | I13: 22
H14: Desconto | I14: 0.06
A15: Auxílio Alimentação | G15: CCT | H15: Vr. Unitário | I15: 0
H16: Dias | I16: 0
H17: Desconto | I17: 0
A18: Auxílio Lanche | G18: CCT | H18: Vr. Unitário | I18: 11.84
H19: Dias | I19: 22
H20: Desconto | I20: 0.19
A21: Outros: PLANO DE BENEFÍCIO SOCIAL FAMILIAR | G21: CCT | H21: Valor mensal | I21: 19.42
A22: Adicional de Supervisor (37%) | H22: Porcentagem | I22: Não aplicável
A23: Base de cálculo da insalubridade | H23: Valor | I23: Não aplicável
A24: Hora Intervalar | H24: Horas por mês | I24: Não aplicável
A25: Sem fornecimento de materiais ou apenas fornecimento de EPIs ou uniformes, utilizar 10%. Com fornecimento de materiais ou equipamentos, utilizar 20%. (Decreto 52.768/2015, alterado pelo Decreto 53.424/2017) | H25: Porcentagem | I25: 0.2
A27: MONTANTE A
A28: I | B28: Remuneração - Grupo I | H28: % | I28: Valor Mensal/unidade de serviço (R$)
A29: 1 | B29: Salário | H29: =I29/$I$37 -> 1 | I29: =IF(D6="12x36",I10,I10/H10*I5) -> 1372.7114
A30: =A29+1 -> 2 | B30: Adicional Periculosidade 30% (Ver súmulas 364, 132 e 191 do TST) | H30: =I30/$I$37 -> 0 | I30: =IF(I9=30%,I29*I9,0) -> 0
A31: =A30+1 -> 3 | B31: Adicional Insalubridade 10% (Ver súmula 228 e 139 TST) | H31: =I31/$I$37 -> 0 | I31: =IF(I7=10%,I23*I7,0) -> 0
A32: =A31+1 -> 4 | B32: Adicional Insalubridade 20% (Ver súmula 228 e 139 TST) | H32: =I32/$I$37 -> 0 | I32: =IF(I7=20%,I23*I7,0) -> 0
A33: =A32+1 -> 5 | B33: Adicional Insalubridade 40% (Ver súmula 228 e 139 TST) | H33: =I33/$I$37 -> 0 | I33: =IF(I7=40%,I23*I7,0) -> 0
A34: =A33+1 -> 6 | B34: Adicional de Supervisor (IN 02/2008 MPOG SLTI) | H34: =I34/$I$37 -> 0 | I34: =IF(I22="Não aplicável",0,I29*I22) -> 0
A35: =A34+1 -> 7 | B35: DSR - Descanso Semanal Remunerado | H35: =I35/$I$37 -> 0 | I35: 0
A36: =A35+1 -> 8 | B36: =IF(D6="12x36","Para postos 12x36 os feriados são considerados compensados, conforme parágrafo único, Art. 59-A da CLT","Outros") -> Outros | H36: =I36/$I$37 -> 0 | I36: 0
A37: Total de Remuneração | H37: =SUM(H29:H36) -> 1 | I37: =SUM(I29:I36) -> 1372.7114
A39: II | B39: Encargos Sociais - Grupo II: Obrigações Sociais | H39: % | I39: Valor Mensal/unidade de serviço (R$)
A40: 1 | B40: INSS (art. 22, inc. I, Lei nº 8.212/91) | H40: 0.2 | I40: =$I$37*H40 -> 274.54227
A41: 2 | B41: SESI ou SESC (art. 30, Lei nº 8.036/90) | H41: 0.015 | I41: =$I$37*H41 -> 20.59067
A42: 3 | B42: SENAI ou SENAC (Decreto-Lei nº 2.318/86) | H42: 0.01 | I42: =$I$37*H42 -> 13.727114
A43: 4 | B43: INCRA (art. 15I, Lei Complementar nº 011/71) | H43: 0.002 | I43: =$I$37*H43 -> 2.7454227
A44: 5 | B44: SALÁRIO EDUCAÇÃO (art. , inc. I, Decreto nº 87.043/82) | H44: 0.025 | I44: =$I$37*H44 -> 34.317784
A45: 6 | B45: FGTS (art. 15, Lei nº 8.036/90) | H45: 0.08 | I45: =$I$37*H45 -> 109.81691
A46: 7 | B46: SEG. ACIDENTE DO TRABALHO 1%, 2% e 3% (art. 22, inc. II, alíneas "b" e "c", da Lei nº 8.212/91) | H46: 0.03 | I46: =$I$37*H46 -> 41.181341
A47: 8 | B47: SEBRAE (§ 3º, art. 8º, Lei nº 8.029/90) | H47: 0.006 | I47: =$I$37*H47 -> 8.2362682
A48: Total do Grupo II | H48: =SUM(H40:H47) -> 0.368 | I48: =SUM(I40:I47) -> 505.15778
A49: Os percentuais para o SAT podem variar de 0,50% a 6,00% em função do Fator de Acidente Previdenciário (FAP), Decreto nº 6.957/2009
A50: Deverá obrigatoriamente acompanhar a proposta de preços e a planilha de custos e formação de preços a prova do Fator Acidentário de Prevenção – FAP por meio de impressão de consulta ao site do Ministério da Previdência Social (que pode ser obtido no endereço eletrônico http://www2.dataprev.gov.br/fap/fap.htm), independentemente de alteração da alíquota da parcela do Seguro Acidente de Trabalho disposta no Quadro II da referida planilha.
A51: III | B51: Encargos Sociais - Grupo III: Tempo Não Trabalhado | H51: % | I51: Valor Mensal/unidade de serviço (R$)
A52: 1 | B52: FÉRIAS GOZADAS + ADICIONAL DE FÉRIAS | H52: 0.119314 | I52: =$I$37*H52 -> 163.78368
A53: 2 | B53: FALTAS ABONADAS (3) | H53: 0.020479 | I53: =$I$37*H53 -> 28.111756
A54: 3 | B54: FALTAS LEGAIS (4) | H54: 0.012123 | I54: =$I$37*H54 -> 16.64138
A55: 4 | B55: LICENÇA MATERNIDADE | H55: 0.011436 | I55: =$I$37*H55 -> 15.698327
A56: 5 | B56: LICENÇA PATERNIDADE | H56: 0.000174 | I56: =$I$37*H56 -> 0.23885178
A57: 6 | B57: ACIDENTE DE TRABALHO | H57: 0.000442 | I57: =$I$37*H57 -> 0.60673842
A58: 7 | B58: AVISO PRÉVIO TRABALHADO | H58: 0.000185 | I58: =$I$37*H58 -> 0.2539516
A59: 8 | B59: 13º SALÁRIO | H59: 0.09079 | I59: =$I$37*H59 -> 124.62846
A60: Total do Grupo III | H60: =SUM(H52:H59) -> 0.254943 | I60: =SUM(I52:I59) -> 349.96315
A61: (3) | B61: Faltas Justificadas por Auxílio Doença
A62: (4) | B62: Faltas Legais - Art. 473 CLT
A63: IV | B63: Encargos Sociais - Grupo IV: Indenizações | H63: % | I63: Valor Mensal/unidade de serviço (R$)
A64: 1 | B64: INDENIZAÇÕES | H64: 0.023627 | I64: =$I$37*H64 -> 32.433051
A65: 2 | B65: FGTS SOBRE INDENIZAÇÕES | H65: 0.001717 | I65: =$I$37*H65 -> 2.3569454
A66: 3 | B66: INDENIZAÇÃO COMPENSATÓRIA POR DEMISSÃO SEM JUSTA CAUSA | H66: 0.009451 | I66: =$I$37*H66 -> 12.973495
A67: Total do Grupo IV | H67: =SUM(H64:H66) -> 0.034795 | I67: =SUM(I64:I66) -> 47.763492
A69: V | B69: Encargos Sociais - Grupo V: Incidências | H69: % | I69: Valor Mensal/unidade de serviço (R$)
A70: 1 | B70: INCIDÊNCIA GRUPO II (Obrigações Sociais) X GRUPO III (Tempo Não Trabalhado) | H70: =(H48*H60) -> 0.093819024 | I70: =$I$37*H70 -> 128.78644
A71: Total do Grupo V | H71: =SUM(H70:H70) -> 0.093819024 | I71: =I70 -> 128.78644
A73: TOTAL DOS ENCAGOS SOCIAIS (II + III + IV + V) | H73: =H48+H60+H67+H71 -> 0.75155702 | I73: =I48+I60+I67+I71 -> 1031.6709
A75: VI | B75: Demais custos relativos à Norma Coletiva ou Disposições Legais - Grupo VI | H75: % | I75: Valor Mensal/unidade de serviço (R$)
A76: 1 | B76: Auxílio Alimentação | H76: =I76/$I$37 -> 0 | I76: =I93 -> 0
A77: 2 | B77: Auxílio Lanche | H77: =I77/$I$37 -> 0.15370223 | I77: =I89 -> 210.9888
A78: 3 | B78: Vale-Transporte⁽⁵⁾ | H78: =I78/$I$37 -> 0.093856088 | I78: =I85 -> 128.83732
A79: 4 | B79: Adicional Intervalar | H79: =I79/$I$37 -> 0 | I79: =IF(I24="Não aplicável",0,((I10/H10)*1.5*I24)) -> 0
A80: 5 | B80: Outros | H80: =I80/$I$37 -> 0.014147184 | I80: =IF(I21="Não aplicável",0,I21) -> 19.42
A81: Total do Grupo VI | H81: =SUM(H76:H80) -> 0.2617055 | I81: =SUM(I76:I80) -> 359.24612
A82: (5) | B82: O valor do vale-transporte pode variar de acordo com o modal fornecido pelo empregador.
A83: MEMÓRIA DE CÁLCULO DO VALE TRANSPORTE
A84: Valor Unitário | C84: Dias de Trabalho | D84: Vale p/dia | E84: Custo total | F84: Base de cálculo | G84: Percentual de desconto | H84: Valor desconto | I84: Custo efetivo
A85: =I12 -> 4.8 | C85: =I13 -> 22 | D85: 2 | E85: =A85*C85*D85 -> 211.2 | F85: =I29 -> 1372.7114 | G85: =I14 -> 0.06 | H85: =F85*G85 -> 82.362682 | I85: =IF((E85-H85)>0,E85-H85,0) -> 128.83732
A87: MEMÓRIA DE CÁLCULO DO VALE LANCHE
A88: Valor Unitário | C88: Dias por mês | D88: Vale p/dia | E88: Custo total | F88: Base de cálculo | G88: Percentual de desconto | H88: Valor desconto | I88: Custo efetivo
A89: =I18 -> 11.84 | C89: =I19 -> 22 | D89: 1 | E89: =A89*C89*D89 -> 260.48 | F89: =E89 -> 260.48 | G89: =I20 -> 0.19 | H89: =F89*G89 -> 49.4912 | I89: =E89-H89 -> 210.9888
A91: MEMÓRIA DE CÁLCULO DO VALE ALIMENTAÇÃO
A92: Valor Unitário | C92: Dias por mês | D92: Vale p/dia | E92: Custo total | F92: Base de cálculo | G92: Percentual de desconto | H92: =H84 -> Valor desconto | I92: Custo efetivo
A93: =I15 -> 0 | C93: =I16 -> 0 | D93: 1 | E93: =A93*C93*D93 -> 0 | F93: =E93 -> 0 | G93: =I17 -> 0 | H93: =F93*G93 -> 0 | I93: =E93-H93 -> 0
A95: TOTAL DO MONTANTE A (I + II + III+ IV + V +VI) | H95: =H37+H73+H81 -> 2.0132625 | I95: =I37+I73+I81 -> 2763.6283
A97: MONTANTE B
A98: I | B98: Despesas Diretas | H98: % | I98: Valor Mensal/unidade de serviço (R$)
A99: 1 | B99: Transporte (6) | H99: =I99/$I$110 -> 0 | I99: 0
A100: 2 | B100: Uniformes/EPI (6a) | H100: =I100/$I$110 -> 0 | I100: 0
A101: 3 | B101: Seguro de vida | H101: =I101/$I$110 -> 0 | I101: 0
A102: 4 | B102: Materiais/Equipamentos | H102: =I102/$I$110 -> 0 | I102: 0
A103: 5 | B103: Mobilização (7) | H103: =I103/$I$110 -> 0 | I103: 0
A104: 6 | B104: Outros (especificar) | H104: =I104/$I$110 -> 0 | I104: 0
A105: Total de Despesas Diretas | H105: =H99+H100+H101+H102+H103+H104 -> 0 | I105: =SUM(I99:I104) -> 0
B106: (6) Somente será preenchido quando o licitante fornecer transporte próprio (6a) EPI - Equipamento de Proteção Individual (7) Tais custos de mobilização não são renováveis, devendo ser eliminados após o primeiro ano de contrato caso haja prorrogação
A108: LIMITE QUADRO I (Despesas Diretas) sobre Montante A (exceto Vale-transporte), conforme alíneas "b.2" e "b.3", Inc. II, art. 7º, do Decreto 52.768/2015, alterado pelo Decreto 53.424/2017: 10% SEM MATERIAIS/EQUIPAMENTOS; 20% COM MATERIAIS/EQUIPAMENTOS | F108: =I25 -> 0.2 | G108: =I110*F108 -> 526.95821 | H108: Dedução Vale Transporte | I108: =I78 -> 128.83732
A109: Remuneração (Grupo I) | C109: Obrigações Sociais (Grupo II) | D109: Tempo Não Trabalhado (Grupo III) | E109: Indenizações (Grupo IV) | F109: Incidências (Grupo V) | G109: Demais Custos CCT | H109: Total Montante A | I109: Base de Cálculo
A110: =I37 -> 1372.7114 | C110: =I48 -> 505.15778 | D110: =I60 -> 349.96315 | E110: =I67 -> 47.763492 | F110: =I71 -> 128.78644 | G110: =I81 -> 359.24612 | H110: =A110+C110+D110+E110+F110+G110 -> 2763.6283 | I110: =H110-I108 -> 2634.791
A112: II | B112: Despesas Indiretas | H112: % | I112: Valor Mensal/unidade de serviço (R$)
...

Sheet Aux. Adm. Seg-Sex Zona Sul 40h
A1: PLANILHA DE CUSTOS E FORMAÇÃO DE PREÇOS DE SERVIÇOS CONTINUADOS COM DEDICAÇÃO EXCLUSIVA DE MÃO DE OBRA (ANEXO III - DECRETOS 52.768 de 15.12.2015 e 54.273 de 10.10.2018)
A2: PROCESSO: | C2: 24/1300-0006476-8 | E2: REGIME DE TRIBUTAÇÃO: LUCRO REAL
A3: LICITAÇÃO/EDITAL | E3: ABERTURA:
A5: Cargo/Função: | D5: Auxiliar Administrativo - seg-sex | G5: =IF(D6="12x36","Regime de trabalho:","Quantidade de HORAS/MÊS") -> Quantidade de HORAS/MÊS | I5: =IF(D6="12x36",D6,5*D6) -> 200
A6: =IF(D6="12x36","Regime de trabalho:","Regime de trabalho (horas semanais):") -> Regime de trabalho (horas semanais): | D6: 40
A7: Convenção Coletiva de Trabalho: | D7: RS004917/2023 | G7: INSALUBRIDADE (10%, 20%, 40%) | I7: Não aplicável
A8: Origem do salário: | D8: CCT
A9: Cidade: | D9: Porto Alegre Zona Sul | G9: PERICULOSIDADE (30%) | I9: Não aplicável
A10: Salário Normativo | G10: Vlr. do salário e nº de horas correspondentes | H10: 220 | I10: 2013.31
A11: ISS | G11: =D9 -> Porto Alegre Zona Sul | H11: Alíquota | I11: 0.05
A12: Tarifa Transporte | G12: CCT | H12: Vr. Unitário | I12: 4.8
H13: Dias | I13: 22
H14: Desconto | I14: 0.06
A15: Auxílio Alimentação | G15: CCT | H15: Vr. Unitário | I15: 23.68
H16: Dias | I16: 22
H17: Desconto | I17: 0.19
A18: Auxílio Lanche | G18: CCT | H18: Vr. Unitário | I18: 0
H19: Dias | I19: 0
H20: Desconto | I20: 0
A21: Outros: PLANO DE BENEFÍCIO SOCIAL FAMILIAR | G21: CCT | H21: Valor mensal | I21: 19.42
A22: Adicional de Supervisor (37%) | H22: Porcentagem | I22: Não aplicável
A23: Base de cálculo da insalubridade | H23: Valor | I23: Não aplicável
A24: Hora Intervalar | H24: Horas por mês | I24: Não aplicável
A25: Sem fornecimento de materiais ou apenas fornecimento de EPIs ou uniformes, utilizar 10%. Com fornecimento de materiais ou equipamentos, utilizar 20%. (Decreto 52.768/2015, alterado pelo Decreto 53.424/2017) | H25: Porcentagem | I25: 0.2
A27: MONTANTE A
A28: I | B28: Remuneração - Grupo I | H28: % | I28: Valor Mensal/unidade de serviço (R$)
A29: 1 | B29: Salário | H29: =I29/$I$37 -> 1 | I29: =IF(D6="12x36",I10,I10/H10*I5) -> 1830.2818
A30: =A29+1 -> 2 | B30: Adicional Periculosidade 30% (Ver súmulas 364, 132 e 191 do TST) | H30: =I30/$I$37 -> 0 | I30: =IF(I9=30%,I29*I9,0) -> 0
A31: =A30+1 -> 3 | B31: Adicional Insalubridade 10% (Ver súmula 228 e 139 TST) | H31: =I31/$I$37 -> 0 | I31: =IF(I7=10%,I23*I7,0) -> 0
A32: =A31+1 -> 4 | B32: Adicional Insalubridade 20% (Ver súmula 228 e 139 TST) | H32: =I32/$I$37 -> 0 | I32: =IF(I7=20%,I23*I7,0) -> 0
A33: =A32+1 -> 5 | B33: Adicional Insalubridade 40% (Ver súmula 228 e 139 TST) | H33: =I33/$I$37 -> 0 | I33: =IF(I7=40%,I23*I7,0) -> 0
A34: =A33+1 -> 6 | B34: Adicional de Supervisor (IN 02/2008 MPOG SLTI) | H34: =I34/$I$37 -> 0 | I34: =IF(I22="Não aplicável",0,I29*I22) -> 0
A35: =A34+1 -> 7 | B35: DSR - Descanso Semanal Remunerado | H35: =I35/$I$37 -> 0 | I35: 0
A36: =A35+1 -> 8 | B36: =IF(D6="12x36","Para postos 12x36 os feriados são considerados compensados, conforme parágrafo único, Art. 59-A da CLT","Outros") -> Outros | H36: =I36/$I$37 -> 0 | I36: 0
A37: Total de Remuneração | H37: =SUM(H29:H36) -> 1 | I37: =SUM(I29:I36) -> 1830.2818
A39: II | B39: Encargos Sociais - Grupo II: Obrigações Sociais | H39: % | I39: Valor Mensal/unidade de serviço (R$)
A40: 1 | B40: INSS (art. 22, inc. I, Lei nº 8.212/91) | H40: 0.2 | I40: =$I$37*H40 -> 366.05636
A41: 2 | B41: SESI ou SESC (art. 30, Lei nº 8.036/90) | H41: 0.015 | I41: =$I$37*H41 -> 27.454227
A42: 3 | B42: SENAI ou SENAC (Decreto-Lei nº 2.318/86) | H42: 0.01 | I42: =$I$37*H42 -> 18.302818
A43: 4 | B43: INCRA (art. 15I, Lei Complementar nº 011/71) | H43: 0.002 | I43: =$I$37*H43 -> 3.6605636
A44: 5 | B44: SALÁRIO EDUCAÇÃO (art. , inc. I, Decreto nº 87.043/82) | H44: 0.025 | I44: =$I$37*H44 -> 45.757045
A45: 6 | B45: FGTS (art. 15, Lei nº 8.036/90) | H45: 0.08 | I45: =$I$37*H45 -> 146.42255
A46: 7 | B46: SEG. ACIDENTE DO TRABALHO 1%, 2% e 3% (art. 22, inc. II, alíneas "b" e "c", da Lei nº 8.212/91) | H46: 0.03 | I46: =$I$37*H46 -> 54.908455
A47: 8 | B47: SEBRAE (§ 3º, art. 8º, Lei nº 8.029/90) | H47: 0.006 | I47: =$I$37*H47 -> 10.981691
A48: Total do Grupo II | H48: =SUM(H40:H47) -> 0.368 | I48: =SUM(I40:I47) -> 673.54371
A49: Os percentuais para o SAT podem variar de 0,50% a 6,00% em função do Fator de Acidente Previdenciário (FAP), Decreto nº 6.957/2009
A50: Deverá obrigatoriamente acompanhar a proposta de preços e a planilha de custos e formação de preços a prova do Fator Acidentário de Prevenção – FAP por meio de impressão de consulta ao site do Ministério da Previdência Social (que pode ser obtido no endereço eletrônico http://www2.dataprev.gov.br/fap/fap.htm), independentemente de alteração da alíquota da parcela do Seguro Acidente de Trabalho disposta no Quadro II da referida planilha.
A51: III | B51: Encargos Sociais - Grupo III: Tempo Não Trabalhado | H51: % | I51: Valor Mensal/unidade de serviço (R$)
A52: 1 | B52: FÉRIAS GOZADAS + ADICIONAL DE FÉRIAS | H52: 0.119314 | I52: =$I$37*H52 -> 218.37824
A53: 2 | B53: FALTAS ABONADAS (3) | H53: 0.020479 | I53: =$I$37*H53 -> 37.482341
A54: 3 | B54: FALTAS LEGAIS (4) | H54: 0.012123 | I54: =$I$37*H54 -> 22.188506
A55: 4 | B55: LICENÇA MATERNIDADE | H55: 0.011436 | I55: =$I$37*H55 -> 20.931103
A56: 5 | B56: LICENÇA PATERNIDADE | H56: 0.000174 | I56: =$I$37*H56 -> 0.31846904
A57: 6 | B57: ACIDENTE DE TRABALHO | H57: 0.000442 | I57: =$I$37*H57 -> 0.80898456
A58: 7 | B58: AVISO PRÉVIO TRABALHADO | H58: 0.000185 | I58: =$I$37*H58 -> 0.33860214
A59: 8 | B59: 13º SALÁRIO | H59: 0.09079 | I59: =$I$37*H59 -> 166.17129
A60: Total do Grupo III | H60: =SUM(H52:H59) -> 0.254943 | I60: =SUM(I52:I59) -> 466.61754
A61: (3) | B61: Faltas Justificadas por Auxílio Doença
A62: (4) | B62: Faltas Legais - Art. 473 CLT
A63: IV | B63: Encargos Sociais - Grupo IV: Indenizações | H63: % | I63: Valor Mensal/unidade de serviço (R$)
A64: 1 | B64: INDENIZAÇÕES | H64: 0.023627 | I64: =$I$37*H64 -> 43.244069
A65: 2 | B65: FGTS SOBRE INDENIZAÇÕES | H65: 0.001717 | I65: =$I$37*H65 -> 3.1425939
A66: 3 | B66: INDENIZAÇÃO COMPENSATÓRIA POR DEMISSÃO SEM JUSTA CAUSA | H66: 0.009451 | I66: =$I$37*H66 -> 17.297993
A67: Total do Grupo IV | H67: =SUM(H64:H66) -> 0.034795 | I67: =SUM(I64:I66) -> 63.684656
A69: V | B69: Encargos Sociais - Grupo V: Incidências | H69: % | I69: Valor Mensal/unidade de serviço (R$)
A70: 1 | B70: INCIDÊNCIA GRUPO II (Obrigações Sociais) X GRUPO III (Tempo Não Trabalhado) | H70: =(H48*H60) -> 0.093819024 | I70: =$I$37*H70 -> 171.71525
A71: Total do Grupo V | H71: =SUM(H70:H70) -> 0.093819024 | I71: =I70 -> 171.71525
A73: TOTAL DOS ENCAGOS SOCIAIS (II + III + IV + V) | H73: =H48+H60+H67+H71 -> 0.75155702 | I73: =I48+I60+I67+I71 -> 1375.5612
A75: VI | B75: Demais custos relativos à Norma Coletiva ou Disposições Legais - Grupo VI | H75: % | I75: Valor Mensal/unidade de serviço (R$)
A76: 1 | B76: Auxílio Alimentação | H76: =I76/$I$37 -> 0.23055335 | I76: =I93 -> 421.9776
A77: 2 | B77: Auxílio Lanche | H77: =I77/$I$37 -> 0 | I77: =I89 -> 0
A78: 3 | B78: Vale-Transporte⁽⁵⁾ | H78: =I78/$I$37 -> 0.055392066 | I78: =I85 -> 101.38309
A79: 4 | B79: Adicional Intervalar | H79: =I79/$I$37 -> 0 | I79: =IF(I24="Não aplicável",0,((I10/H10)*1.5*I24)) -> 0
A80: 5 | B80: Outros | H80: =I80/$I$37 -> 0.010610388 | I80: =IF(I21="Não aplicável",0,I21) -> 19.42
A81: Total do Grupo VI | H81: =SUM(H76:H80) -> 0.2965558 | I81: =SUM(I76:I80) -> 542.78069
A82: (5) | B82: O valor do vale-transporte pode variar de acordo com o modal fornecido pelo empregador.
A83: MEMÓRIA DE CÁLCULO DO VALE TRANSPORTE
A84: Valor Unitário | C84: Dias de Trabalho | D84: Vale p/dia | E84: Custo total | F84: Base de cálculo | G84: Percentual de desconto | H84: Valor desconto | I84: Custo efetivo
A85: =I12 -> 4.8 | C85: =I13 -> 22 | D85: 2 | E85: =A85*C85*D85 -> 211.2 | F85: =I29 -> 1830.2818 | G85: =I14 -> 0.06 | H85: =F85*G85 -> 109.81691 | I85: =IF((E85-H85)>0,E85-H85,0) -> 101.38309
A87: MEMÓRIA DE CÁLCULO DO VALE LANCHE
A88: Valor Unitário | C88: Dias por mês | D88: Vale p/dia | E88: Custo total | F88: Base de cálculo | G88: Percentual de desconto | H88: Valor desconto | I88: Custo efetivo
A89: =I18 -> 0 | C89: =I19 -> 0 | D89: 1 | E89: =A89*C89*D89 -> 0 | F89: =E89 -> 0 | G89: =I20 -> 0 | H89: =F89*G89 -> 0 | I89: =E89-H89 -> 0
A91: MEMÓRIA DE CÁLCULO DO VALE ALIMENTAÇÃO
A92: Valor Unitário | C92: Dias por mês | D92: Vale p/dia | E92: Custo total | F92: Base de cálculo | G92: Percentual de desconto | H92: =H84 -> Valor desconto | I92: Custo efetivo
A93: =I15 -> 23.68 | C93: =I16 -> 22 | D93: 1 | E93: =A93*C93*D93 -> 520.96 | F93: =E93 -> 520.96 | G93: =I17 -> 0.19 | H93: =F93*G93 -> 98.9824 | I93: =E93-H93 -> 421.9776
A95: TOTAL DO MONTANTE A (I + II + III+ IV + V +VI) | H95: =H37+H73+H81 -> 2.0481128 | I95: =I37+I73+I81 -> 3748.6237
A97: MONTANTE B
A98: I | B98: Despesas Diretas | H98: % | I98: Valor Mensal/unidade de serviço (R$)
A99: 1 | B99: Transporte (6) | H99: =I99/$I$110 -> 0 | I99: 0
A100: 2 | B100: Uniformes/EPI (6a) | H100: =I100/$I$110 -> 0 | I100: 0
A101: 3 | B101: Seguro de vida | H101: =I101/$I$110 -> 0 | I101: 0
A102: 4 | B102: Materiais/Equipamentos | H102: =I102/$I$110 -> 0 | I102: 0
A103: 5 | B103: Mobilização (7) | H103: =I103/$I$110 -> 0 | I103: 0
A104: 6 | B104: Outros (especificar) | H104: =I104/$I$110 -> 0 | I104: 0
A105: Total de Despesas Diretas | H105: =H99+H100+H101+H102+H103+H104 -> 0 | I105: =SUM(I99:I104) -> 0
B106: (6) Somente será preenchido quando o licitante fornecer transporte próprio (6a) EPI - Equipamento de Proteção Individual (7) Tais custos de mobilização não são renováveis, devendo ser eliminados após o primeiro ano de contrato caso haja prorrogação
A108: LIMITE QUADRO I (Despesas Diretas) sobre Montante A (exceto Vale-transporte), conforme alíneas "b.2" e "b.3", Inc. II, art. 7º, do Decreto 52.768/2015, alterado pelo Decreto 53.424/2017: 10% SEM MATERIAIS/EQUIPAMENTOS; 20% COM MATERIAIS/EQUIPAMENTOS | F108: =I25 -> 0.2 | G108: =I110*F108 -> 729.44811 | H108: Dedução Vale Transporte | I108: =I78 -> 101.38309
A109: Remuneração (Grupo I) | C109: Obrigações Sociais (Grupo II) | D109: Tempo Não Trabalhado (Grupo III) | E109: Indenizações (Grupo IV) | F109: Incidências (Grupo V) | G109: Demais Custos CCT | H109: Total Montante A | I109: Base de Cálculo
A110: =I37 -> 1830.2818 | C110: =I48 -> 673.54371 | D110: =I60 -> 466.61754 | E110: =I67 -> 63.684656 | F110: =I71 -> 171.71525 | G110: =I81 -> 542.78069 | H110: =A110+C110+D110+E110+F110+G110 -> 3748.6237 | I110: =H110-I108 -> 3647.2406
A112: II | B112: Despesas Indiretas | H112: % | I112: Valor Mensal/unidade de serviço (R$)
...

Sheet Aux. Superv Seg-Sexta Zona Sul 
A1: PLANILHA DE CUSTOS E FORMAÇÃO DE PREÇOS DE SERVIÇOS CONTINUADOS COM DEDICAÇÃO EXCLUSIVA DE MÃO DE OBRA (ANEXO III - DECRETOS 52.768 de 15.12.2015 e 54.273 de 10.10.2018)
A2: PROCESSO: | C2: 24/1300-0006476-8 | E2: REGIME DE TRIBUTAÇÃO: LUCRO REAL
A3: LICITAÇÃO/EDITAL | E3: ABERTURA:
A5: Cargo/Função: | D5: Auxiliar Administrativo Supervisor - seg-sáb | G5: =IF(D6="12x36","Regime de trabalho:","Quantidade de HORAS/MÊS") -> Quantidade de HORAS/MÊS | I5: =IF(D6="12x36",D6,5*D6) -> 200
A6: =IF(D6="12x36","Regime de trabalho:","Regime de trabalho (horas semanais):") -> Regime de trabalho (horas semanais): | D6: 40
A7: Convenção Coletiva de Trabalho: | D7: RS004917/2023 | G7: INSALUBRIDADE (10%, 20%, 40%) | I7: Não aplicável
A8: Origem do salário: | D8: CCT
A9: Cidade: | D9: Porto Alegre Zona Sul | G9: PERICULOSIDADE (30%) | I9: Não aplicável
A10: Salário Normativo | G10: Vlr. do salário e nº de horas correspondentes | H10: 220 | I10: 2013.31
A11: ISS | G11: =D9 -> Porto Alegre Zona Sul | H11: Alíquota | I11: 0.05
A12: Tarifa Transporte | G12: CCT | H12: Vr. Unitário | I12: 4.8
H13: Dias | I13: 26
H14: Desconto | I14: 0.06
A15: Auxílio Alimentação | G15: CCT | H15: Vr. Unitário | I15: 23.68
H16: Dias | I16: 22
H17: Desconto | I17: 0.19
A18: Auxílio Lanche | G18: CCT | H18: Vr. Unitário | I18: 0
H19: Dias | I19: 0
H20: Desconto | I20: 0
A21: Outros: PLANO DE BENEFÍCIO SOCIAL FAMILIAR | G21: CCT | H21: Valor mensal | I21: 19.42
A22: Adicional de Supervisor (37%) | H22: Porcentagem | I22: 0.37
A23: Base de cálculo da insalubridade | H23: Valor | I23: Não aplicável
A24: Hora Intervalar | H24: Horas por mês | I24: Não aplicável
A25: Sem fornecimento de materiais ou apenas fornecimento de EPIs ou uniformes, utilizar 10%. Com fornecimento de materiais ou equipamentos, utilizar 20%. (Decreto 52.768/2015, alterado pelo Decreto 53.424/2017) | H25: Porcentagem | I25: 0.2
A27: MONTANTE A
A28: I | B28: Remuneração - Grupo I | H28: % | I28: Valor Mensal/unidade de serviço (R$)
A29: 1 | B29: Salário | H29: =I29/$I$37 -> 0.72992701 | I29: =IF(D6="12x36",I10,I10/H10*I5) -> 1830.2818
A30: =A29+1 -> 2 | B30: Adicional Periculosidade 30% (Ver súmulas 364, 132 e 191 do TST) | H30: =I30/$I$37 -> 0 | I30: =IF(I9=30%,I29*I9,0) -> 0
A31: =A30+1 -> 3 | B31: Adicional Insalubridade 10% (Ver súmula 228 e 139 TST) | H31: =I31/$I$37 -> 0 | I31: =IF(I7=10%,I23*I7,0) -> 0
A32: =A31+1 -> 4 | B32: Adicional Insalubridade 20% (Ver súmula 228 e 139 TST) | H32: =I32/$I$37 -> 0 | I32: =IF(I7=20%,I23*I7,0) -> 0
A33: =A32+1 -> 5 | B33: Adicional Insalubridade 40% (Ver súmula 228 e 139 TST) | H33: =I33/$I$37 -> 0 | I33: =IF(I7=40%,I23*I7,0) -> 0
A34: =A33+1 -> 6 | B34: Adicional de Supervisor (IN 02/2008 MPOG SLTI) | H34: =I34/$I$37 -> 0.27007299 | I34: =IF(I22="Não aplicável",0,I29*I22) -> 677.20427
A35: =A34+1 -> 7 | B35: DSR - Descanso Semanal Remunerado | H35: =I35/$I$37 -> 0 | I35: 0
A36: =A35+1 -> 8 | B36: =IF(D6="12x36","Para postos 12x36 os feriados são considerados compensados, conforme parágrafo único, Art. 59-A da CLT","Outros") -> Outros | H36: =I36/$I$37 -> 0 | I36: 0
A37: Total de Remuneração | H37: =SUM(H29:H36) -> 1 | I37: =SUM(I29:I36) -> 2507.4861
A39: II | B39: Encargos Sociais - Grupo II: Obrigações Sociais | H39: % | I39: Valor Mensal/unidade de serviço (R$)
A40: 1 | B40: INSS (art. 22, inc. I, Lei nº 8.212/91) | H40: 0.2 | I40: =$I$37*H40 -> 501.49722
A41: 2 | B41: SESI ou SESC (art. 30, Lei nº 8.036/90) | H41: 0.015 | I41: =$I$37*H41 -> 37.612291
A42: 3 | B42: SENAI ou SENAC (Decreto-Lei nº 2.318/86) | H42: 0.01 | I42: =$I$37*H42 -> 25.074861
A43: 4 | B43: INCRA (art. 15I, Lei Complementar nº 011/71) | H43: 0.002 | I43: =$I$37*H43 -> 5.0149722
A44: 5 | B44: SALÁRIO EDUCAÇÃO (art. , inc. I, Decreto nº 87.043/82) | H44: 0.025 | I44: =$I$37*H44 -> 62.687152
A45: 6 | B45: FGTS (art. 15, Lei nº 8.036/90) | H45: 0.08 | I45: =$I$37*H45 -> 200.59889
A46: 7 | B46: SEG. ACIDENTE DO TRABALHO 1%, 2% e 3% (art. 22, inc. II, alíneas "b" e "c", da Lei nº 8.212/91) | H46: 0.03 | I46: =$I$37*H46 -> 75.224583
A47: 8 | B47: SEBRAE (§ 3º, art. 8º, Lei nº 8.029/90) | H47: 0.006 | I47: =$I$37*H47 -> 15.044917
A48: Total do Grupo II | H48: =SUM(H40:H47) -> 0.368 | I48: =SUM(I40:I47) -> 922.75488
A49: Os percentuais para o SAT podem variar de 0,50% a 6,00% em função do Fator de Acidente Previdenciário (FAP), Decreto nº 6.957/2009
A50: Deverá obrigatoriamente acompanhar a proposta de preços e a planilha de custos e formação de preços a prova do Fator Acidentário de Prevenção – FAP por meio de impressão de consulta ao site do Ministério da Previdência Social (que pode ser obtido no endereço eletrônico http://www2.dataprev.gov.br/fap/fap.htm), independentemente de alteração da alíquota da parcela do Seguro Acidente de Trabalho disposta no Quadro II da referida planilha.
A51: III | B51: Encargos Sociais - Grupo III: Tempo Não Trabalhado | H51: % | I51: Valor Mensal/unidade de serviço (R$)
A52: 1 | B52: FÉRIAS GOZADAS + ADICIONAL DE FÉRIAS | H52: 0.119314 | I52: =$I$37*H52 -> 299.1782
A53: 2 | B53: FALTAS ABONADAS (3) | H53: 0.020479 | I53: =$I$37*H53 -> 51.350808
A54: 3 | B54: FALTAS LEGAIS (4) | H54: 0.012123 | I54: =$I$37*H54 -> 30.398254
A55: 4 | B55: LICENÇA MATERNIDADE | H55: 0.011436 | I55: =$I$37*H55 -> 28.675611
A56: 5 | B56: LICENÇA PATERNIDADE | H56: 0.000174 | I56: =$I$37*H56 -> 0.43630258
A57: 6 | B57: ACIDENTE DE TRABALHO | H57: 0.000442 | I57: =$I$37*H57 -> 1.1083089
A58: 7 | B58: AVISO PRÉVIO TRABALHADO | H58: 0.000185 | I58: =$I$37*H58 -> 0.46388493
A59: 8 | B59: 13º SALÁRIO | H59: 0.09079 | I59: =$I$37*H59 -> 227.65466
A60: Total do Grupo III | H60: =SUM(H52:H59) -> 0.254943 | I60: =SUM(I52:I59) -> 639.26603
A61: (3) | B61: Faltas Justificadas por Auxílio Doença
A62: (4) | B62: Faltas Legais - Art. 473 CLT
A63: IV | B63: Encargos Sociais - Grupo IV: Indenizações | H63: % | I63: Valor Mensal/unidade de serviço (R$)
A64: 1 | B64: INDENIZAÇÕES | H64: 0.023627 | I64: =$I$37*H64 -> 59.244374
A65: 2 | B65: FGTS SOBRE INDENIZAÇÕES | H65: 0.001717 | I65: =$I$37*H65 -> 4.3053536
A66: 3 | B66: INDENIZAÇÃO COMPENSATÓRIA POR DEMISSÃO SEM JUSTA CAUSA | H66: 0.009451 | I66: =$I$37*H66 -> 23.698251
A67: Total do Grupo IV | H67: =SUM(H64:H66) -> 0.034795 | I67: =SUM(I64:I66) -> 87.247979
A69: V | B69: Encargos Sociais - Grupo V: Incidências | H69: % | I69: Valor Mensal/unidade de serviço (R$)
A70: 1 | B70: INCIDÊNCIA GRUPO II (Obrigações Sociais) X GRUPO III (Tempo Não Trabalhado) | H70: =(H48*H60) -> 0.093819024 | I70: =$I$37*H70 -> 235.2499
A71: Total do Grupo V | H71: =SUM(H70:H70) -> 0.093819024 | I71: =I70 -> 235.2499
A73: TOTAL DOS ENCAGOS SOCIAIS (II + III + IV + V) | H73: =H48+H60+H67+H71 -> 0.75155702 | I73: =I48+I60+I67+I71 -> 1884.5188
A75: VI | B75: Demais custos relativos à Norma Coletiva ou Disposições Legais - Grupo VI | H75: % | I75: Valor Mensal/unidade de serviço (R$)
A76: 1 | B76: Auxílio Alimentação | H76: =I76/$I$37 -> 0.16828711 | I76: =I93 -> 421.9776
A77: 2 | B77: Auxílio Lanche | H77: =I77/$I$37 -> 0 | I77: =I89 -> 0
A78: 3 | B78: Vale-Transporte⁽⁵⁾ | H78: =I78/$I$37 -> 0.055746308 | I78: =I85 -> 139.78309
A79: 4 | B79: Adicional Intervalar | H79: =I79/$I$37 -> 0 | I79: =IF(I24="Não aplicável",0,((I10/H10)*1.5*I24)) -> 0
A80: 5 | B80: Outros | H80: =I80/$I$37 -> 0.0077448087 | I80: =IF(I21="Não aplicável",0,I21) -> 19.42
A81: Total do Grupo VI | H81: =SUM(H76:H80) -> 0.23177823 | I81: =SUM(I76:I80) -> 581.18069
A82: (5) | B82: O valor do vale-transporte pode variar de acordo com o modal fornecido pelo empregador.
A83: MEMÓRIA DE CÁLCULO DO VALE TRANSPORTE
A84: Valor Unitário | C84: Dias de Trabalho | D84: Vale p/dia | E84: Custo total | F84: Base de cálculo | G84: Percentual de desconto | H84: Valor desconto | I84: Custo efetivo
A85: =I12 -> 4.8 | C85: =I13 -> 26 | D85: 2 | E85: =A85*C85*D85 -> 249.6 | F85: =I29 -> 1830.2818 | G85: =I14 -> 0.06 | H85: =F85*G85 -> 109.81691 | I85: =IF((E85-H85)>0,E85-H85,0) -> 139.78309
A87: MEMÓRIA DE CÁLCULO DO VALE LANCHE
A88: Valor Unitário | C88: Dias por mês | D88: Vale p/dia | E88: Custo total | F88: Base de cálculo | G88: Percentual de desconto | H88: Valor desconto | I88: Custo efetivo
A89: =I18 -> 0 | C89: =I19 -> 0 | D89: 1 | E89: =A89*C89*D89 -> 0 | F89: =E89 -> 0 | G89: =I20 -> 0 | H89: =F89*G89 -> 0 | I89: =E89-H89 -> 0
A91: MEMÓRIA DE CÁLCULO DO VALE ALIMENTAÇÃO
A92: Valor Unitário | C92: Dias por mês | D92: Vale p/dia | E92: Custo total | F92: Base de cálculo | G92: Percentual de desconto | H92: =H84 -> Valor desconto | I92: Custo efetivo
A93: =I15 -> 23.68 | C93: =I16 -> 22 | D93: 1 | E93: =A93*C93*D93 -> 520.96 | F93: =E93 -> 520.96 | G93: =I17 -> 0.19 | H93: =F93*G93 -> 98.9824 | I93: =E93-H93 -> 421.9776
A95: TOTAL DO MONTANTE A (I + II + III+ IV + V +VI) | H95: =H37+H73+H81 -> 1.9833353 | I95: =I37+I73+I81 -> 4973.1856
A97: MONTANTE B
A98: I | B98: Despesas Diretas | H98: % | I98: Valor Mensal/unidade de serviço (R$)
A99: 1 | B99: Transporte (6) | H99: =I99/$I$110 -> 0 | I99: 0
A100: 2 | B100: Uniformes/EPI (6a) | H100: =I100/$I$110 -> 0 | I100: 0
A101: 3 | B101: Seguro de vida | H101: =I101/$I$110 -> 0 | I101: 0
A102: 4 | B102: Materiais/Equipamentos | H102: =I102/$I$110 -> 0 | I102: 0
A103: 5 | B103: Mobilização (7) | H103: =I103/$I$110 -> 0 | I103: 0
A104: 6 | B104: Outros (especificar) | H104: =I104/$I$110 -> 0 | I104: 0
A105: Total de Despesas Diretas | H105: =H99+H100+H101+H102+H103+H104 -> 0 | I105: =SUM(I99:I104) -> 0
B106: (6) Somente será preenchido quando o licitante fornecer transporte próprio (6a) EPI - Equipamento de Proteção Individual (7) Tais custos de mobilização não são renováveis, devendo ser eliminados após o primeiro ano de contrato caso haja prorrogação
A108: LIMITE QUADRO I (Despesas Diretas) sobre Montante A (exceto Vale-transporte), conforme alíneas "b.2" e "b.3", Inc. II, art. 7º, do Decreto 52.768/2015, alterado pelo Decreto 53.424/2017: 10% SEM MATERIAIS/EQUIPAMENTOS; 20% COM MATERIAIS/EQUIPAMENTOS | F108: =I25 -> 0.2 | G108: =I110*F108 -> 966.6805 | H108: Dedução Vale Transporte | I108: =I78 -> 139.78309
A109: Remuneração (Grupo I) | C109: Obrigações Sociais (Grupo II) | D109: Tempo Não Trabalhado (Grupo III) | E109: Indenizações (Grupo IV) | F109: Incidências (Grupo V) | G109: Demais Custos CCT | H109: Total Montante A | I109: Base de Cálculo
A110: =I37 -> 2507.4861 | C110: =I48 -> 922.75488 | D110: =I60 -> 639.26603 | E110: =I67 -> 87.247979 | F110: =I71 -> 235.2499 | G110: =I81 -> 581.18069 | H110: =A110+C110+D110+E110+F110+G110 -> 4973.1856 | I110: =H110-I108 -> 4833.4025
A112: II | B112: Despesas Indiretas | H112: % | I112: Valor Mensal/unidade de serviço (R$)
...

Sheet Limpeza Seg-Sex Zona Sul 40h
A1: PLANILHA DE CUSTOS E FORMAÇÃO DE PREÇOS DE SERVIÇOS CONTINUADOS COM DEDICAÇÃO EXCLUSIVA DE MÃO DE OBRA (ANEXO III - DECRETOS 52.768 de 15.12.2015 e 54.273 de 10.10.2018)
A2: PROCESSO: | C2: 24/1300-0006476-8 | E2: REGIME DE TRIBUTAÇÃO: LUCRO REAL
A3: LICITAÇÃO/EDITAL | E3: ABERTURA:
A5: Cargo/Função: | D5: Servente de Limpeza - seg-sex | G5: =IF(D6="12x36","Regime de trabalho:","Quantidade de HORAS/MÊS") -> Quantidade de HORAS/MÊS | I5: =IF(D6="12x36",D6,5*D6) -> 200
A6: =IF(D6="12x36","Regime de trabalho:","Regime de trabalho (horas semanais):") -> Regime de trabalho (horas semanais): | D6: 40
A7: Convenção Coletiva de Trabalho: | D7: RS004917/2023 | G7: INSALUBRIDADE (10%, 20%, 40%) | I7: 0.4
A8: Origem do salário: | D8: CCT
A9: Cidade: | D9: Porto Alegre Zona Sul | G9: PERICULOSIDADE (30%) | I9: Não aplicável
A10: Salário Normativo | G10: Vlr. do salário e nº de horas correspondentes | H10: 220 | I10: 1540.51
A11: ISS | G11: =D9 -> Porto Alegre Zona Sul | H11: Alíquota | I11: 0.05
A12: Tarifa Transporte | G12: CCT | H12: Vr. Unitário | I12: 4.8
H13: Dias | I13: 22
H14: Desconto | I14: 0.06
A15: Auxílio Alimentação | G15: CCT | H15: Vr. Unitário | I15: 23.68
H16: Dias | I16: 22
H17: Desconto | I17: 0.19
A18: Auxílio Lanche | G18: CCT | H18: Vr. Unitário | I18: 0
H19: Dias | I19: 0
H20: Desconto | I20: 0
A21: Outros: PLANO DE BENEFÍCIO SOCIAL FAMILIAR | G21: CCT | H21: Valor mensal | I21: 19.42
A22: Adicional de Supervisor (37%) | H22: Porcentagem | I22: Não aplicável
A23: Base de cálculo da insalubridade (ver observação 2 do Anexo I - Folha de Dados - CGL 12.1.2) | H23: Valor | I23: =I29 -> 1400.4636
A24: Hora Intervalar | H24: Horas por mês | I24: Não aplicável
A25: Sem fornecimento de materiais ou apenas fornecimento de EPIs ou uniformes, utilizar 10%. Com fornecimento de materiais ou equipamentos, utilizar 20%. (Decreto 52.768/2015, alterado pelo Decreto 53.424/2017) | H25: Porcentagem | I25: 0.2
A27: MONTANTE A
A28: I | B28: Remuneração - Grupo I | H28: % | I28: Valor Mensal/unidade de serviço (R$)
A29: 1 | B29: Salário | H29: =I29/$I$37 -> 0.71428571 | I29: =IF(D6="12x36",I10,I10/H10*I5) -> 1400.4636
A30: =A29+1 -> 2 | B30: Adicional Periculosidade 30% (Ver súmulas 364, 132 e 191 do TST) | H30: =I30/$I$37 -> 0 | I30: =IF(I9=30%,I29*I9,0) -> 0
A31: =A30+1 -> 3 | B31: Adicional Insalubridade 10% (Ver súmula 228 e 139 TST) | H31: =I31/$I$37 -> 0 | I31: =IF(I7=10%,I23*I7,0) -> 0
A32: =A31+1 -> 4 | B32: Adicional Insalubridade 20% (Ver súmula 228 e 139 TST) | H32: =I32/$I$37 -> 0 | I32: =IF(I7=20%,I23*I7,0) -> 0
A33: =A32+1 -> 5 | B33: Adicional Insalubridade 40% (Ver súmula 228 e 139 TST) | H33: =I33/$I$37 -> 0.28571429 | I33: =IF(I7=40%,I23*I7,0) -> 560.18545
A34: =A33+1 -> 6 | B34: Adicional de Supervisor (IN 02/2008 MPOG SLTI) | H34: =I34/$I$37 -> 0 | I34: =IF(I22="Não aplicável",0,I29*I22) -> 0
A35: =A34+1 -> 7 | B35: DSR - Descanso Semanal Remunerado | H35: =I35/$I$37 -> 0 | I35: 0
A36: =A35+1 -> 8 | B36: =IF(D6="12x36","Para postos 12x36 os feriados são considerados compensados, conforme parágrafo único, Art. 59-A da CLT","Outros") -> Outros | H36: =I36/$I$37 -> 0 | I36: 0
A37: Total de Remuneração | H37: =SUM(H29:H36) -> 1 | I37: =SUM(I29:I36) -> 1960.6491
A39: II | B39: Encargos Sociais - Grupo II: Obrigações Sociais | H39: % | I39: Valor Mensal/unidade de serviço (R$)
A40: 1 | B40: INSS (art. 22, inc. I, Lei nº 8.212/91) | H40: 0.2 | I40: =$I$37*H40 -> 392.12982
A41: 2 | B41: SESI ou SESC (art. 30, Lei nº 8.036/90) | H41: 0.015 | I41: =$I$37*H41 -> 29.409736
A42: 3 | B42: SENAI ou SENAC (Decreto-Lei nº 2.318/86) | H42: 0.01 | I42: =$I$37*H42 -> 19.606491
A43: 4 | B43: INCRA (art. 15I, Lei Complementar nº 011/71) | H43: 0.002 | I43: =$I$37*H43 -> 3.9212982
A44: 5 | B44: SALÁRIO EDUCAÇÃO (art. , inc. I, Decreto nº 87.043/82) | H44: 0.025 | I44: =$I$37*H44 -> 49.016227
A45: 6 | B45: FGTS (art. 15, Lei nº 8.036/90) | H45: 0.08 | I45: =$I$37*H45 -> 156.85193
A46: 7 | B46: SEG. ACIDENTE DO TRABALHO 1%, 2% e 3% (art. 22, inc. II, alíneas "b" e "c", da Lei nº 8.212/91) | H46: 0.03 | I46: =$I$37*H46 -> 58.819473
A47: 8 | B47: SEBRAE (§ 3º, art. 8º, Lei nº 8.029/90) | H47: 0.006 | I47: =$I$37*H47 -> 11.763895
A48: Total do Grupo II | H48: =SUM(H40:H47) -> 0.368 | I48: =SUM(I40:I47) -> 721.51887
A49: Os percentuais para o SAT podem variar de 0,50% a 6,00% em função do Fator de Acidente Previdenciário (FAP), Decreto nº 6.957/2009
A50: Deverá obrigatoriamente acompanhar a proposta de preços e a planilha de custos e formação de preços a prova do Fator Acidentário de Prevenção – FAP por meio de impressão de consulta ao site do Ministério da Previdência Social (que pode ser obtido no endereço eletrônico http://www2.dataprev.gov.br/fap/fap.htm), independentemente de alteração da alíquota da parcela do Seguro Acidente de Trabalho disposta no Quadro II da referida planilha.
A51: III | B51: Encargos Sociais - Grupo III: Tempo Não Trabalhado | H51: % | I51: Valor Mensal/unidade de serviço (R$)
A52: 1 | B52: FÉRIAS GOZADAS + ADICIONAL DE FÉRIAS | H52: 0.119314 | I52: =$I$37*H52 -> 233.93289
A53: 2 | B53: FALTAS ABONADAS (3) | H53: 0.020479 | I53: =$I$37*H53 -> 40.152133
A54: 3 | B54: FALTAS LEGAIS (4) | H54: 0.012123 | I54: =$I$37*H54 -> 23.768949
A55: 4 | B55: LICENÇA MATERNIDADE | H55: 0.011436 | I55: =$I$37*H55 -> 22.421983
A56: 5 | B56: LICENÇA PATERNIDADE | H56: 0.000174 | I56: =$I$37*H56 -> 0.34115294
A57: 6 | B57: ACIDENTE DE TRABALHO | H57: 0.000442 | I57: =$I$37*H57 -> 0.8666069
A58: 7 | B58: AVISO PRÉVIO TRABALHADO | H58: 0.000185 | I58: =$I$37*H58 -> 0.36272008
A59: 8 | B59: 13º SALÁRIO | H59: 0.09079 | I59: =$I$37*H59 -> 178.00733
A60: Total do Grupo III | H60: =SUM(H52:H59) -> 0.254943 | I60: =SUM(I52:I59) -> 499.85376
A61: (3) | B61: Faltas Justificadas por Auxílio Doença
A62: (4) | B62: Faltas Legais - Art. 473 CLT
A63: IV | B63: Encargos Sociais - Grupo IV: Indenizações | H63: % | I63: Valor Mensal/unidade de serviço (R$)
A64: 1 | B64: INDENIZAÇÕES | H64: 0.023627 | I64: =$I$37*H64 -> 46.324256
A65: 2 | B65: FGTS SOBRE INDENIZAÇÕES | H65: 0.001717 | I65: =$I$37*H65 -> 3.3664345
A66: 3 | B66: INDENIZAÇÃO COMPENSATÓRIA POR DEMISSÃO SEM JUSTA CAUSA | H66: 0.009451 | I66: =$I$37*H66 -> 18.530095
A67: Total do Grupo IV | H67: =SUM(H64:H66) -> 0.034795 | I67: =SUM(I64:I66) -> 68.220785
A69: V | B69: Encargos Sociais - Grupo V: Incidências | H69: % | I69: Valor Mensal/unidade de serviço (R$)
A70: 1 | B70: INCIDÊNCIA GRUPO II (Obrigações Sociais) X GRUPO III (Tempo Não Trabalhado) | H70: =(H48*H60) -> 0.093819024 | I70: =$I$37*H70 -> 183.94618
A71: Total do Grupo V | H71: =SUM(H70:H70) -> 0.093819024 | I71: =I70 -> 183.94618
A73: TOTAL DOS ENCAGOS SOCIAIS (II + III + IV + V) | H73: =H48+H60+H67+H71 -> 0.75155702 | I73: =I48+I60+I67+I71 -> 1473.5396
A75: VI | B75: Demais custos relativos à Norma Coletiva ou Disposições Legais - Grupo VI | H75: % | I75: Valor Mensal/unidade de serviço (R$)
A76: 1 | B76: Auxílio Alimentação | H76: =I76/$I$37 -> 0.21522342 | I76: =I93 -> 421.9776
A77: 2 | B77: Auxílio Lanche | H77: =I77/$I$37 -> 0 | I77: =I89 -> 0
A78: 3 | B78: Vale-Transporte⁽⁵⁾ | H78: =I78/$I$37 -> 0.064862286 | I78: =I85 -> 127.17218
A79: 4 | B79: Adicional Intervalar | H79: =I79/$I$37 -> 0 | I79: =IF(I24="Não aplicável",0,((I10/H10)*1.5*I24)) -> 0
A80: 5 | B80: Outros | H80: =I80/$I$37 -> 0.0099048831 | I80: =IF(I21="Não aplicável",0,I21) -> 19.42
A81: Total do Grupo VI | H81: =SUM(H76:H80) -> 0.28999059 | I81: =SUM(I76:I80) -> 568.56978
A82: (5) | B82: O valor do vale-transporte pode variar de acordo com o modal fornecido pelo empregador.
A83: MEMÓRIA DE CÁLCULO DO VALE TRANSPORTE
A84: Valor Unitário | C84: Dias de Trabalho | D84: Vale p/dia | E84: Custo total | F84: Base de cálculo | G84: Percentual de desconto | H84: Valor desconto | I84: Custo efetivo
A85: =I12 -> 4.8 | C85: =I13 -> 22 | D85: 2 | E85: =A85*C85*D85 -> 211.2 | F85: =I29 -> 1400.4636 | G85: =I14 -> 0.06 | H85: =F85*G85 -> 84.027818 | I85: =IF((E85-H85)>0,E85-H85,0) -> 127.17218
A87: MEMÓRIA DE CÁLCULO DO VALE LANCHE
A88: Valor Unitário | C88: Dias por mês | D88: Vale p/dia | E88: Custo total | F88: Base de cálculo | G88: Percentual de desconto | H88: Valor desconto | I88: Custo efetivo
A89: =I18 -> 0 | C89: =I19 -> 0 | D89: 1 | E89: =A89*C89*D89 -> 0 | F89: =E89 -> 0 | G89: =I20 -> 0 | H89: =F89*G89 -> 0 | I89: =E89-H89 -> 0
A91: MEMÓRIA DE CÁLCULO DO VALE ALIMENTAÇÃO
A92: Valor Unitário | C92: Dias por mês | D92: Vale p/dia | E92: Custo total | F92: Base de cálculo | G92: Percentual de desconto | H92: =H84 -> Valor desconto | I92: Custo efetivo
A93: =I15 -> 23.68 | C93: =I16 -> 22 | D93: 1 | E93: =A93*C93*D93 -> 520.96 | F93: =E93 -> 520.96 | G93: =I17 -> 0.19 | H93: =F93*G93 -> 98.9824 | I93: =E93-H93 -> 421.9776
A95: TOTAL DO MONTANTE A (I + II + III+ IV + V +VI) | H95: =H37+H73+H81 -> 2.0415476 | I95: =I37+I73+I81 -> 4002.7585
A97: MONTANTE B
A98: I | B98: Despesas Diretas | H98: % | I98: Valor Mensal/unidade de serviço (R$)
A99: 1 | B99: Transporte (6) | H99: =I99/$I$110 -> 0 | I99: 0
A100: 2 | B100: Uniformes/EPI (6a) | H100: =I100/$I$110 -> 0 | I100: 0
A101: 3 | B101: Seguro de vida | H101: =I101/$I$110 -> 0 | I101: 0
A102: 4 | B102: Materiais/Equipamentos | H102: =I102/$I$110 -> 0 | I102: 0
A103: 5 | B103: Mobilização (7) | H103: =I103/$I$110 -> 0 | I103: 0
A104: 6 | B104: Outros (especificar) | H104: =I104/$I$110 -> 0 | I104: 0
A105: Total de Despesas Diretas | H105: =H99+H100+H101+H102+H103+H104 -> 0 | I105: =SUM(I99:I104) -> 0
B106: (6) Somente será preenchido quando o licitante fornecer transporte próprio (6a) EPI - Equipamento de Proteção Individual (7) Tais custos de mobilização não são renováveis, devendo ser eliminados após o primeiro ano de contrato caso haja prorrogação
A108: LIMITE QUADRO I (Despesas Diretas) sobre Montante A (exceto Vale-transporte), conforme alíneas "b.2" e "b.3", Inc. II, art. 7º, do Decreto 52.768/2015, alterado pelo Decreto 53.424/2017: 10% SEM MATERIAIS/EQUIPAMENTOS; 20% COM MATERIAIS/EQUIPAMENTOS | F108: =I25 -> 0.2 | G108: =I110*F108 -> 775.11726 | H108: Dedução Vale Transporte | I108: =I78 -> 127.17218
A109: Remuneração (Grupo I) | C109: Obrigações Sociais (Grupo II) | D109: Tempo Não Trabalhado (Grupo III) | E109: Indenizações (Grupo IV) | F109: Incidências (Grupo V) | G109: Demais Custos CCT | H109: Total Montante A | I109: Base de Cálculo
A110: =I37 -> 1960.6491 | C110: =I48 -> 721.51887 | D110: =I60 -> 499.85376 | E110: =I67 -> 68.220785 | F110: =I71 -> 183.94618 | G110: =I81 -> 568.56978 | H110: =A110+C110+D110+E110+F110+G110 -> 4002.7585 | I110: =H110-I108 -> 3875.5863
A112: II | B112: Despesas Indiretas | H112: % | I112: Valor Mensal/unidade de serviço (R$)
...

Sheet Resumo
A2: Quadro Resumo Mensal
A3: Posto de Trabalho | B3: Carga Horária do Posto | C3: Valor Unitário | D3: Nº de Postos | E3: Valor Total Mensal
A4: Auxiliar Administrativo - GRAVATAÍ | B4: Seg-Sex: 30h | C4: ='Aux. Adm. Seg-Sex GRAVATAÍ'!I168 -> 3116.6327 | D4: 1 | E4: =D4*C4 -> 3116.6327 | F4: ='Aux. Adm. Seg-Sáb GRAVATAÍ'!I100+'Aux. Adm. Seg-Sex GRAVATAÍ'!I100 -> 0 | G4: =F4*D4 -> 0
A5: Auxiliar Administrativo - GRAVATAÍ | B5: Seg-Sáb: 44h | C5: ='Aux. Adm. Seg-Sáb GRAVATAÍ'!I168 -> 4711.3308 | D5: 36 | E5: =D5*C5 -> 169607.91
A6: Auxiliar Administrativo - Supervisor- GRAVATAÍ | B6: Seg-Sáb: 44h | C6: ='Aux Adm. SUP Seg-Sáb -Gravataí'!$I$168 -> 6189.8329 | D6: 9 | E6: =D6*C6 -> 55708.496 | F6: ='Aux. Superv. Seg-Sex Poa Centro'!I100+'Aux Adm. SUP Seg-Sáb -Gravataí'!I100 -> 0 | G6: =F6*D6 -> 0
A7: Servente de Limpeza | B7: Seg-Sáb: 44h | C7: ='Limpeza Seg-Sáb'!I168 -> 5028.0994 | D7: 2 | E7: =D7*C7 -> 10056.199 | F7: ='Limpeza Seg-Sáb'!I102+'Limpeza Seg-Sáb Poa - Centro'!I102 -> 0 | G7: =F7*D7 -> 0
A8: Auxiliar Administrativo - Porto Alegre - CENTRO | B8: Seg-Sex: 30h | C8: ='Aux. Adm. Seg-Sex Poa Centro'!I168 -> 3222.8902 | D8: 5 | E8: =D8*C8 -> 16114.451 | F8: =#REF!+#REF! -> #REF! | G8: =F8*D8 -> #REF!
A9: Auxiliar Administrativo - Porto Alegre - CENTRO | B9: Seg-Sáb: 44h | C9: ='Aux. Adm. Seg-Sáb Poa Centro'!I168 -> 4866.8799 | D9: 47 | E9: =D9*C9 -> 228743.35
A10: Auxiliar Administrativo- Supervisor - Porto Alegre - CENTRO | B10: Seg-Sex: 30h | C10: ='Aux. Superv. Seg-Sex Poa Centro'!I168 -> 4260.3496 | D10: 1 | E10: =D10*C10 -> 4260.3496
A11: Auxiliar Administrativo- Supervisor - Porto Alegre - CENTRO | B11: =B6 -> Seg-Sáb: 44h | C11: ='Aux. Superv Seg-Sáb Poa Centro '!I168 -> 6388.487 | D11: 11 | E11: =D11*C11 -> 70273.356
A12: Servete de Limpeza - CENTRO | B12: =B7 -> Seg-Sáb: 44h | C12: ='Limpeza Seg-Sáb Poa - Centro'!$I$168 -> 5192.8837 | D12: 3 | E12: =D12*C12 -> 15578.651
A13: Auxiliar Administrativo - Porto Alegre - Zona Norte | B13: =B8 -> Seg-Sex: 30h | C13: ='Aux. Adm. Seg-Sex Poa Centro'!$I$168 -> 3222.8902 | D13: 1 | E13: =D13*C13 -> 3222.8902
A14: Auxiliar Administrativo - Porto Alegre - Zona Norte | B14: =B9 -> Seg-Sáb: 44h | C14: ='Aux. Adm Seg-Sáb Zona Norte 44h'!I168 -> 4866.8799 | D14: 36 | E14: =D14*C14 -> 175207.67
A15: Auxiliar Administrativo - Supervisor- Porto Alegre - Zona Norte | B15: =$B$11 -> Seg-Sáb: 44h | C15: ='Aux Sup Seg-Sáb Zona Norte 44h'!$I$168 -> 6388.487 | D15: 8 | E15: =D15*C15 -> 51107.896
A16: Servente de Limpeza | B16: =$B$11 -> Seg-Sáb: 44h | C16: ='Limpeza Seg-Sáb Zona Norte'!$I$168 -> 4563.5446 | D16: 2 | E16: =D16*C16 -> 9127.0893
A17: Auxiliar Administrativo - Porto Alegre - Zona Sul | B17: =$B$13 -> Seg-Sex: 30h | C17: ='Aux. Adm. Seg-Sex Zona Sul 30h'!$I$168 -> 3222.8902 | D17: 4 | E17: =D17*C17 -> 12891.561
A18: Auxiliar Administrativo - Porto Alegre - Zona Sul | B18: Seg-Sext: 40h | C18: ='Aux. Adm. Seg-Sex Zona Sul 40h'!$I$168 -> 4371.5728 | D18: 22 | E18: =D18*C18 -> 96174.601
A19: Auxiliar Administrativo - Supervisor- Porto Alegre - Zona Sul | B19: Seg-Sext: 40h | C19: ='Aux. Superv Seg-Sexta Zona Sul '!I168 -> 5799.6333 | D19: 7 | E19: =D19*C19 -> 40597.433
A20: Servente de Limpeza - Zona Sul | B20: Seg-Sext: 40h | C20: ='Limpeza Seg-Sex Zona Sul 40h'!$I$168 -> 4667.9399 | D20: 2 | E20: =D20*C20 -> 9335.8798
D21: TOTAL MENSAL | E21: =SUM(E4:E20) -> 971124.42
